Workbook
Name _1: '0100'!$A$11
Name _1: '0571'!$A$11
Name _1: '1461'!$A$11
Name _1: '1571'!$A$11
Name _1: '2521'!$A$11
Name _1: '2531'!$A$11
Name _1: '2791'!$A$11
Name _1: '2801'!$A$11
Name _1: '2911'!$A$11
Name _1: '2941'!$A$11
Name _1: '3083'!$A$11
Name _1: '3345'!$A$11
Name _1: '3362'!$A$11
Name _1: '3381'!$A$11
Name _1: '3382'!$A$11
Name _1: '3391'!$A$11
Name _1: '3394'!$A$11
Name _1: '3395'!$A$11
Name _1: '3396'!$A$11
Name _1: '3398'!$A$11
Name _1: '3400'!$A$11
Name _1: '3401'!$A$11
Name _1: '3413'!$A$11
Name _1: '3421'!$A$11
Name _1: '3431'!$A$11
Name _1: '3441'!$A$11
Name _1: '3924'!$A$11
Name _1: '3941'!$A$11
Name _1: '3961'!$A$11
Name _1: '3971'!$A$11
Name _1: '4001'!$A$11
Name _1: '4002'!$A$11
Name _1: '4012'!$A$11
Name _1: '4013'!$A$11
Name _1: '4020'!$A$11
Name _1: '4030'!$A$11
Name _1: '4031'!$A$11
Name _1: '4041'!$A$11
Name _1: '4050'!$A$11
Name _1: '4051'!$A$11
Name _1: '4061'!$A$11
Name _1: '4080'!$A$11
Name _1: '4081'!$A$11
Name _1: '4090'!$A$11
Name _1: '4091'!$A$11
Name _1: '4100'!$A$11
Name _1: '4102'!$A$11
Name _1: '4103'!$A$11
Name _1: '4111'!$A$11
Name _1: '4131'!$A$11
Name _1: '0040'!$A$11
Name _1.__2009_10_FEFP_State_and_Local_Funding: '0100'!$A$5
Name _1.__2009_10_FEFP_State_and_Local_Funding: '0571'!$A$5
Name _1.__2009_10_FEFP_State_and_Local_Funding: '1461'!$A$5
Name _1.__2009_10_FEFP_State_and_Local_Funding: '1571'!$A$5
Name _1.__2009_10_FEFP_State_and_Local_Funding: '2521'!$A$5
Name _1.__2009_10_FEFP_State_and_Local_Funding: '2531'!$A$5
Name _1.__2009_10_FEFP_State_and_Local_Funding: '2791'!$A$5
Name _1.__2009_10_FEFP_State_and_Local_Funding: '2801'!$A$5
Name _1.__2009_10_FEFP_State_and_Local_Funding: '2911'!$A$5

Sheet Net Payment
B1: January 2026 - FY 2025 Charter School FTE Payment
B2: =Based_on_the_Second_Calculation_of_the_FEFP_2010_11 -> Based on the 2025-26 Second Calculation Worksheet
B4: School # | C4: School Name | D4: Description | E4: FTE | F4: Adjustments | G4: Net | I4: NOTES TO ALL CHARTER SCHOOLS
A5: 1 | B5: 0040 | C5: Palm Beach Preparatory Middle School | D5: FTE January 2026 | E5: ='0040'!$J$124 -> 24538.63 | G5: =SUBTOTAL(109,E5:F7) -> 24538.63
D6: PY Final FEFP
I7: Please go to the bottom of the page.
A8: 2 | B8: 0571 | C8: Palmetto Park | D8: =D5 -> FTE January 2026 | E8: ='0571'!$J$124 -> 43342.64 | G8: =SUBTOTAL(109,E8:F8) -> 43342.64
A10: 3 | B10: 0100 | C10: The Learning Center High School | D10: =D5 -> FTE January 2026 | E10: ='0100'!$J$124 -> 28707.39 | G10: =SUBTOTAL(109,E10:F12) -> 28707.39
D11: PY Final FEFP
A14: 4 | B14: 1461 | C14: Inlet Grove Community High School | D14: FTE January 2026 | E14: ='1461'!$J$124 -> 659372.2 | G14: =SUBTOTAL(109,E14:F52) -> 581081.73
D15: PY Final FEFP | I15: Please go to the bottom of the page.
D16: Sep Teacher Supplies Retract
D17: PY Digital C/R
D18: PY Dig C/R A/R
D19: PY Class Size Cat.
D20: Class Size Cat.
D21: Transportation | F21: -59325.28
D22: School Police | F22: -14222.22
D23: AT&T | F23: -264.72
D24: Avaya Maintenance | F24: -94.48
D25: LAN & Internet | F25: -90
C26: Ends June 2022 | D26: SWA Fees
D27: FY21 TSIA
D30: WPB-248085
D31: WPB-248086
D32: WPB-248087
D33: WPB-249234
D36: WPB-297918
D37: WPB-303998
D39: WPB-303276 | F39: -450
D40: WPB-310033 | F40: -0.02
D41: WPB-310034 | F41: -281.25
D42: WPB-310035 | F42: -37.5
D43: WPB-310036 | F43: -281.25
D44: WPB-310037 | F44: -300
D45: WPB-310038 | F45: -187.5
D46: WPB-310039 | F46: -618.75
D47: WPB-310040 | F47: -300
D48: WPB-310041 | F48: -600
D49: WPB-310042 | F49: -37.5
D50: WPB-310490 | F50: -412.5
... D52: WPB-310492 | F52: -375
A53: =1+A14 -> 5 | B53: 1571 | C53: South Tech Charter Academy | D53: =$D$14 -> FTE January 2026 | E53: ='1571'!$J$124 -> 860836.4 | G53: =SUBTOTAL(109,E53:F68) -> 846147.62
D54: PY Final FEFP
D55: Sep Teacher Supplies Retract
D56: FY21 CSTAG Training
D57: PY Digital C/R | L57: 44630
D58: PY Dig C/R A/R | L58: =L57-60 -> 44570
D59: PY Class Size Cat.
D60: Class Size Cat.
D61: School Police | F61: -14222.22
D62: AT&T | F62: -282.08
D63: Avaya Maintenance | F63: -94.48
D64: LAN & Internet | F64: -90
D65: FEFP Adj
D66: WPB-
D67: WPB-
D68: WPB-271562
A69: =1+A53 -> 6 | B69: 2521 | C69: Ed Venture | D69: =$D$14 -> FTE January 2026 | E69: ='2521'!$J$124 -> 109705.05 | G69: =SUBTOTAL(109,E69:F75) -> 109705.05
D70: PY Final FEFP
D71: PY Digital C/R
D72: PY Dig C/R A/R
D73: PY Class Size Cat.
D74: Class Size Cat.
D75: WPB-
A76: =1+A69 -> 7 | B76: 2531 | C76: Bodwell Academy | D76: =$D$14 -> FTE January 2026 | E76: ='2531'!$J$124 -> 136859.32 | G76: =SUBTOTAL(109,E76:F87) -> 136859.32
D77: PY Final FEFP
D78: PY Final FEFP
D79: Unused FY21 TSIA Funds
D80: FY21 CSTAG Training
D81: PY Digital C/R
D82: PY Dig C/R A/R
D83: PY Class Size Cat.
D84: Class Size Cat.
D85: FL AG - FY18
D86: FY21 TSIA
D87: WPB-
A88: =1+A76 -> 8 | B88: 2791 | C88: The Learning Center at The Els Center of Excellence | D88: =$D$14 -> FTE January 2026 | E88: ='2791'!$J$124 -> 455853.95 | G88: =SUBTOTAL(109,E88:F95) -> 455853.95
D89: PY Final FEFP
D90: Sep Teacher Supplies Retract
D91: PY Digital C/R
D92: PY Dig C/R A/R
D94: Class Size Cat.
D95: WPB-
A96: =A88+1 -> 9 | B96: 2801 | C96: Palm Beach Maritime Academy Elementary | D96: =$D$14 -> FTE January 2026 | E96: ='2801'!$J$124 -> 441316.79 | G96: =SUBTOTAL(109,E96:F105) -> 441316.79
D97: PY Final FEFP
D98: Sep Teacher Supplies Retract
D99: PY Digital C/R
D100: PY Safe Schl Alloc
D101: PY Class Size Cat.
D102: Class Size Cat.
D103: MS Course Recovery
D104: FL AG - FY18
D105: WPB-255421
A106: =A96+1 -> 10 | B106: 2911 | C106: Western Academy Charter School | D106: =$D$14 -> FTE January 2026 | E106: ='2911'!$J$124 -> 511868.9 | G106: =SUBTOTAL(109,E106:F116) -> 511868.9
D107: PY Final FEFP
D108: FY21 CSTAG Training
D109: PY Digital C/R
D110: PY Dig C/R A/R
D111: PY Class Size Cat.
...

Sheet Annual Rev & Fees
E4: 0.75 | F4: Admin | G4: Fee % | I4: Annual | M4: Current | Q4: Sec 1 Rev/Fee per FTE | U4: Net Rev Per Sec 1 FTE
D5: H/P | E5: ESE | F5: Fee % | G5: W/O TSIA | I5: Revenue | J5: Rev - TSIA | K5: Admin Fee | L5: Net Revenue | M5: Mth's Pmt | O5: Sec 1 FTE | Q5: Rev | R5: Fee | S5: Net Rev | U5: H/P | V5: 75% ESE | W5: Other
A6: 1 | B6: 0040 | C6: Palm Beach Preparatory Middle School | D6: 0 | F6: =-K6/I6 -> 0.04761597 | G6: =-K6/J6 -> 0.05000001 | I6: ='0040'!$J$107 -> 309791.44 | J6: ='0040'!$J$109 -> 295020.34 | K6: ='0040'!$J$114 -> -14751.02 | L6: ='0040'!$J$116 -> 295040.42 | M6: ='0040'!$J$124 -> 24538.63 | O6: {='0040'!E28:F28} -> 35.4 | P6: 0 | Q6: =I6/O6 -> 8751.1706 | R6: =K6/O6 -> -416.69548 | S6: =L6/O6 -> 8334.4751 | U6: =IF(D6="H",S6,0) -> 0 | V6: =ROUND(IF(E6=1,S6,0),2) -> 0 | W6: =IF(AND(U6=0,V6=0),S6,) -> 8334.4751 | Y6: 24304.65 | Z6: =Y6-M6 -> -233.98
A7: 2 | B7: 0571 | C7: Palmetto Park | F7: =-K7/I7 -> 0.047517962 | G7: =-K7/J7 -> 0.050000008 | I7: ='0571'!$J$107 -> 409544.5 | J7: ='0571'!$J$109 -> 389214.34 | K7: ='0571'!$J$114 -> -19460.72 | L7: ='0571'!$J$116 -> 390083.78 | M7: ='0571'!$J$124 -> 43342.64 | O7: {='0571'!E28:F28} -> 52 | P7: 0 | Q7: =I7/O7 -> 7875.8558 | R7: =K7/O7 -> -374.24462 | S7: =L7/O7 -> 7501.6112 | U7: =IF(D7="H",S7,0) -> 0 | V7: =ROUND(IF(E7=1,S7,0),2) -> 0 | W7: =IF(AND(U7=0,V7=0),S7,) -> 7501.6112 | Y7: 43342.64 | Z7: =Y7-M7 -> 0
A8: 3 | B8: 0100 | C8: The Learning Center Highschool | D8: 0 | E8: 1 | F8: =-K8/I8 -> 0.012176839 | G8: =-K8/J8 -> 0.012720495 | I8: ='0100'!$J$107 -> 323090.41 | J8: ='0100'!$J$109 -> 309282 | K8: ='0100'!$J$114 -> -3934.22 | L8: ='0100'!$J$116 -> 319156.19 | M8: ='0100'!$J$124 -> 28707.39 | O8: {='0100'!E28:F28} -> 11.46 | P8: 0 | Q8: =I8/O8 -> 28192.88 | R8: =K8/O8 -> -343.30017 | S8: =L8/O8 -> 27849.58 | U8: =IF(D8="H",S8,0) -> 0 | V8: =ROUND(IF(E8=1,S8,0),2) -> 27849.58 | W8: =IF(AND(U8=0,V8=0),S8,) -> 0 | Y8: 26847.15 | Z8: =Y8-M8 -> -1860.24
A9: 4 | B9: 1461 | C9: Inlet Grove Community High School | D9: H | F9: =-K9/I9 -> 0.0055905695 | G9: =-K9/J9 -> 0.0058034939 | I9: ='1461'!$J$107 -> 7633887.7 | J9: ='1461'!$J$109 -> 7353808 | K9: ='1461'!$J$114 -> -42677.78 | L9: ='1461'!$J$116 -> 7591209.9 | M9: ='1461'!$J$124 -> 659372.2 | O9: {='1461'!E28:F28} -> 861.55 | P9: 0 | Q9: =I9/O9 -> 8860.6438 | R9: =K9/O9 -> -49.536045 | S9: =L9/O9 -> 8811.1078 | U9: =IF(D9="H",S9,0) -> 8811.1078 | V9: =ROUND(IF(E9=1,S9,0),2) -> 0 | W9: =IF(AND(U9=0,V9=0),S9,) -> 0 | Y9: 529634.37 | Z9: =Y9-M9 -> -129737.83
A10: 5 | B10: 1571 | C10: South Tech Charter Academy | D10: H | F10: =-K10/I10 -> 0.0043592807 | G10: =-K10/J10 -> 0.0045569295 | I10: ='1571'!$J$107 -> 10272240 | J10: ='1571'!$J$109 -> 9826700.1 | K10: ='1571'!$J$114 -> -44779.58 | L10: ='1571'!$J$116 -> 10227461 | M10: ='1571'!$J$124 -> 860836.4 | O10: {='1571'!E28:F28} -> 1097.23 | P10: 0 | Q10: =I10/O10 -> 9361.9756 | R10: =K10/O10 -> -40.81148 | S10: =L10/O10 -> 9321.1641 | U10: =IF(D10="H",S10,0) -> 9321.1641 | V10: =ROUND(IF(E10=1,S10,0),2) -> 0 | W10: =IF(AND(U10=0,V10=0),S10,) -> 0 | Y10: 860856.7 | Z10: =Y10-M10 -> 20.3
A11: 6 | B11: 2521 | C11: Ed Venture | D11: 0 | E11: 1 | F11: =-K11/I11 -> 0.020656297 | G11: =-K11/J11 -> 0.021465409 | I11: ='2521'!$J$107 -> 1352435.5 | J11: ='2521'!$J$109 -> 1301457.2 | K11: ='2521'!$J$114 -> -27936.31 | L11: ='2521'!$J$116 -> 1324499.2 | M11: ='2521'!$J$124 -> 109705.05 | O11: {='2521'!E28:F28} -> 72.7 | P11: 0 | Q11: =I11/O11 -> 18602.964 | R11: =K11/O11 -> -384.26836 | S11: =L11/O11 -> 18218.696 | U11: =IF(D11="H",S11,0) -> 0 | V11: =ROUND(IF(E11=1,S11,0),2) -> 18218.7 | W11: =IF(AND(U11=0,V11=0),S11,) -> 0 | Y11: 109895.2 | Z11: =Y11-M11 -> 190.15
A12: 7 | B12: 2531 | C12: Bodwell Academy | D12: 0 | E12: 1 | F12: =-K12/I12 -> 0.010666195 | G12: =-K12/J12 -> 0.011179931 | I12: ='2531'!$J$107 -> 1642055 | J12: ='2531'!$J$109 -> 1566599.9 | K12: ='2531'!$J$114 -> -17514.48 | L12: ='2531'!$J$116 -> 1624540.6 | M12: ='2531'!$J$124 -> 136859.32 | O12: {='2531'!E28:F28} -> 50.91 | P12: 0 | Q12: =I12/O12 -> 32254.077 | R12: =K12/O12 -> -344.02829 | S12: =L12/O12 -> 31910.049 | U12: =IF(D12="H",S12,0) -> 0 | V12: =ROUND(IF(E12=1,S12,0),2) -> 31910.05 | W12: =IF(AND(U12=0,V12=0),S12,) -> 0 | Y12: 136643.49 | Z12: =Y12-M12 -> -215.83
A13: 8 | B13: 2791 | C13: The Learning Center @ The Els Center of Excl | D13: 0 | E13: 1 | F13: =-K13/I13 -> 0.0096116056 | G13: =-K13/J13 -> 0.010124226 | I13: ='2791'!$J$107 -> 5484663.3 | J13: ='2791'!$J$109 -> 5206958.3 | K13: ='2791'!$J$114 -> -52716.42 | L13: ='2791'!$J$116 -> 5431946.8 | M13: ='2791'!$J$124 -> 455853.95 | O13: {='2791'!E28:F28} -> 164.59 | P13: 0 | Q13: =I13/O13 -> 33323.186 | R13: =K13/O13 -> -320.28932 | S13: =L13/O13 -> 33002.897 | U13: =IF(D13="H",S13,0) -> 0 | V13: =ROUND(IF(E13=1,S13,0),2) -> 33002.9 | W13: =IF(AND(U13=0,V13=0),S13,) -> 0 | Y13: 454340.22 | Z13: =Y13-M13 -> -1513.73
A14: 9 | B14: 2801 | C14: Palm Beach Maritime Academy Elementary | D14: 0 | F14: =-K14/I14 -> 0.020465192 | G14: =-K14/J14 -> 0.021478402 | I14: ='2801'!$J$107 -> 5392643.7 | J14: ='2801'!$J$109 -> 5138254.2 | K14: ='2801'!$J$114 -> -110361.49 | L14: ='2801'!$J$116 -> 5282282.2 | M14: ='2801'!$J$124 -> 441316.79 | O14: {='2801'!E28:F28} -> 581.98 | P14: 0 | Q14: =I14/O14 -> 9266.0293 | R14: =K14/O14 -> -189.63107 | S14: =L14/O14 -> 9076.3982 | U14: =IF(D14="H",S14,0) -> 0 | V14: =ROUND(IF(E14=1,S14,0),2) -> 0 | W14: =IF(AND(U14=0,V14=0),S14,) -> 9076.3982 | Y14: 441316.79 | Z14: =Y14-M14 -> 0
A15: 10 | B15: 2911 | C15: Western Academy Charter School | D15: H | F15: =-K15/I15 -> 0.0067351885 | G15: =-K15/J15 -> 0.007076139 | I15: ='2911'!$J$107 -> 6180564.9 | J15: ='2911'!$J$109 -> 5882766 | K15: ='2911'!$J$114 -> -41627.27 | L15: ='2911'!$J$116 -> 6138937.7 | M15: ='2911'!$J$124 -> 511868.9 | O15: {='2911'!E28:F28} -> 706.6 | P15: 0 | Q15: =I15/O15 -> 8746.9076 | R15: =K15/O15 -> -58.912072 | S15: =L15/O15 -> 8687.9956 | U15: =IF(D15="H",S15,0) -> 8687.9956 | V15: =ROUND(IF(E15=1,S15,0),2) -> 0 | W15: =IF(AND(U15=0,V15=0),S15,) -> 0 | Y15: 511868.89 | Z15: =Y15-M15 -> -0.01
A16: 11 | B16: 2941 | C16: Palm Beach School for Autism | D16: 0 | E16: 1 | F16: =-K16/I16 -> 0.007884612 | G16: =-K16/J16 -> 0.0082717555 | I16: ='2941'!$J$107 -> 10711142 | J16: ='2941'!$J$109 -> 10209828 | K16: ='2941'!$J$114 -> -84453.2 | L16: ='2941'!$J$116 -> 10626689 | M16: ='2941'!$J$124 -> 892467.27 | O16: {='2941'!E28:F28} -> 376.88 | P16: 0 | Q16: =I16/O16 -> 28420.564 | R16: =K16/O16 -> -224.08512 | S16: =L16/O16 -> 28196.479 | U16: =IF(D16="H",S16,0) -> 0 | V16: =ROUND(IF(E16=1,S16,0),2) -> 28196.48 | W16: =IF(AND(U16=0,V16=0),S16,) -> 0 | Y16: 890760.92 | Z16: =Y16-M16 -> -1706.35
A17: 12 | B17: 3083 | C17: The Learning Academy @ The Els Center of Excl | D17: 0 | E17: 1 | F17: =-K17/I17 -> 0.0083213262 | G17: =-K17/J17 -> 0.0087641392 | I17: ='3083'!$J$107 -> 6081104 | J17: ='3083'!$J$109 -> 5773852.8 | K17: ='3083'!$J$114 -> -50602.85 | L17: ='3083'!$J$116 -> 6030501.1 | M17: ='3083'!$J$124 -> 505938.1 | O17: {='3083'!E28:F28} -> 163.28 | P17: 0 | Q17: =I17/O17 -> 37243.41 | R17: =K17/O17 -> -309.91456 | S17: =L17/O17 -> 36933.495 | U17: =IF(D17="H",S17,0) -> 0 | V17: =ROUND(IF(E17=1,S17,0),2) -> 36933.5 | W17: =IF(AND(U17=0,V17=0),S17,) -> 0 | Y17: 504744.96 | Z17: =Y17-M17 -> -1193.14
A18: 13 | B18: 3345 | C18: Career Academy of the Palm Beaches | D18: 0 | E18: 1 | F18: =-K18/I18 -> 0.028053142 | G18: =-K18/J18 -> 0.028861653 | I18: ='3345'!$J$107 -> 1147188.5 | J18: ='3345'!$J$109 -> 1115051.9 | K18: ='3345'!$J$114 -> -32182.24 | L18: ='3345'!$J$116 -> 1115006.2 | M18: ='3345'!$J$124 -> 93541.68 | O18: {='3345'!E28:F28} -> 78.47 | P18: 0 | Q18: =I18/O18 -> 14619.453 | R18: =K18/O18 -> -410.12158 | S18: =L18/O18 -> 14209.331 | U18: =IF(D18="H",S18,0) -> 0 | V18: =ROUND(IF(E18=1,S18,0),2) -> 14209.33 | W18: =IF(AND(U18=0,V18=0),S18,) -> 0 | Y18: 93532.75 | Z18: =Y18-M18 -> -8.93
A19: 14 | B19: 3362 | C19: Somerset Avenir | F19: =-K19/I19 -> 0.049522167 | G19: =-K19/J19 -> 0.050000003 | I19: ='3362'!$J$107 -> 1444891.1 | J19: ='3362'!$J$109 -> 1431082.7 | K19: ='3362'!$J$114 -> -71554.14 | L19: ='3362'!$J$116 -> 1373337 | M19: ='3362'!$J$124 -> 152593 | O19: {='3362'!E28:F28} -> 165 | P19: 0 | Q19: =I19/O19 -> 8756.9159 | R19: =K19/O19 -> -433.66145 | S19: =L19/O19 -> 8323.2545 | U19: =IF(D19="H",S19,0) -> 0 | V19: =ROUND(IF(E19=1,S19,0),2) -> 0 | W19: =IF(AND(U19=0,V19=0),S19,) -> 8323.2545 | Y19: 152593 | Z19: =Y19-M19 -> 0
A20: 15 | B20: 3381 | C20: Imagine Schools - Chancellor Campus | D20: H | F20: =-K20/I20 -> 0.0045369923 | G20: =-K20/J20 -> 0.004765627 | I20: ='3381'!$J$107 -> 9211450.5 | J20: ='3381'!$J$109 -> 8769523.9 | K20: ='3381'!$J$114 -> -41792.28 | L20: ='3381'!$J$116 -> 9169658.2 | M20: ='3381'!$J$124 -> 765891.07 | O20: {='3381'!E28:F28} -> 1049.18 | P20: 0 | Q20: =I20/O20 -> 8779.6665 | R20: =K20/O20 -> -39.833279 | S20: =L20/O20 -> 8739.8332 | U20: =IF(D20="H",S20,0) -> 8739.8332 | V20: =ROUND(IF(E20=1,S20,0),2) -> 0 | W20: =IF(AND(U20=0,V20=0),S20,) -> 0 | Y20: 765891.06 | Z20: =Y20-M20 -> -0.0099999999
A21: 16 | B21: 3382 | C21: Glades Academy | D21: 0 | F21: =-K21/I21 -> 0.044631321 | G21: =-K21/J21 -> 0.046769185 | I21: ='3382'!$J$107 -> 2507032.9 | J21: ='3382'!$J$109 -> 2392434 | K21: ='3382'!$J$114 -> -111892.19 | L21: ='3382'!$J$116 -> 2395140.7 | M21: ='3382'!$J$124 -> 198960.42 | O21: {='3382'!E28:F28} -> 267.27 | P21: 0 | Q21: =I21/O21 -> 9380.1508 | R21: =K21/O21 -> -418.64852 | S21: =L21/O21 -> 8961.5023 | U21: =IF(D21="H",S21,0) -> 0 | V21: =ROUND(IF(E21=1,S21,0),2) -> 0 | W21: =IF(AND(U21=0,V21=0),S21,) -> 8961.5023 | Y21: 198960.42 | Z21: =Y21-M21 -> 0
A22: 17 | B22: 3391 | C22: Seagull Academy for Independent Living | D22: 0 | Z22: =Y22-M22 -> 0
A23: 18 | B23: 3394 | C23: Montessori Academy of Early Enrichment | D23: 0 | F23: =-K23/I23 -> 0.047532241 | G23: =-K23/J23 -> 0.049999998 | I23: ='3394'!$J$107 -> 1723775.7 | J23: ='3394'!$J$109 -> 1638698.5 | K23: ='3394'!$J$114 -> -81934.92 | L23: ='3394'!$J$116 -> 1641840.7 | M23: ='3394'!$J$124 -> 136608.8 | O23: {='3394'!E28:F28} -> 190.99 | P23: 0 | Q23: =I23/O23 -> 9025.476 | R23: =K23/O23 -> -429.0011 | S23: =L23/O23 -> 8596.4749 | U23: =IF(D23="H",S23,0) -> 0 | V23: =ROUND(IF(E23=1,S23,0),2) -> 0 | W23: =IF(AND(U23=0,V23=0),S23,) -> 8596.4749 | Y23: 136608.8 | Z23: =Y23-M23 -> 0
A24: 19 | B24: 3395 | C24: Somerset Academy Charter School | D24: 0 | F24: =-K24/I24 -> 0.023175347 | G24: =-K24/J24 -> 0.024371222 | I24: ='3395'!$J$107 -> 4505788.9 | J24: ='3395'!$J$109 -> 4284693.7 | K24: ='3395'!$J$114 -> -104423.22 | L24: ='3395'!$J$116 -> 4401365.7 | M24: ='3395'!$J$124 -> 366702.22 | O24: {='3395'!E28:F28} -> 512.9 | P24: 0 | Q24: =I24/O24 -> 8784.9266 | R24: =K24/O24 -> -203.59372 | S24: =L24/O24 -> 8581.3329 | U24: =IF(D24="H",S24,0) -> 0 | V24: =ROUND(IF(E24=1,S24,0),2) -> 0 | W24: =IF(AND(U24=0,V24=0),S24,) -> 8581.3329 | Y24: 366702.21 | Z24: =Y24-M24 -> -0.01
A25: 20 | B25: 3396 | C25: G-Star School of the Arts | D25: H | F25: =-K25/I25 -> 0.0068510949 | G25: =-K25/J25 -> 0.0071729839 | I25: ='3396'!$J$107 -> 6268716.2 | J25: ='3396'!$J$109 -> 5987406.5 | K25: ='3396'!$J$114 -> -42947.57 | L25: ='3396'!$J$116 -> 6225768.7 | M25: ='3396'!$J$124 -> 524600.61 | O25: {='3396'!E28:F28} -> 697.06 | P25: 0 | Q25: =I25/O25 -> 8993.0798 | R25: =K25/O25 -> -61.612444 | S25: =L25/O25 -> 8931.4674 | U25: =IF(D25="H",S25,0) -> 8931.4674 | V25: =ROUND(IF(E25=1,S25,0),2) -> 0 | W25: =IF(AND(U25=0,V25=0),S25,) -> 0 | Y25: 524600.61 | Z25: =Y25-M25 -> 0
A26: 21 | B26: 3398 | C26: Everglades Preparatory Academy | D26: 0 | F26: =-K26/I26 -> 0.047725557 | G26: =-K26/J26 -> 0.050000004 | I26: ='3398'!$J$107 -> 979196.12 | J26: ='3398'!$J$109 -> 934653.52 | K26: ='3398'!$J$114 -> -46732.68 | L26: ='3398'!$J$116 -> 932463.44 | M26: ='3398'!$J$124 -> 78174.02 | O26: {='3398'!E28:F28} -> 114.65 | P26: 0 | Q26: =I26/O26 -> 8540.7424 | R26: =K26/O26 -> -407.61169 | S26: =L26/O26 -> 8133.1307 | U26: =IF(D26="H",S26,0) -> 0 | V26: =ROUND(IF(E26=1,S26,0),2) -> 0 | W26: =IF(AND(U26=0,V26=0),S26,) -> 8133.1307 | Y26: 78174.02 | Z26: =Y26-M26 -> 0
A27: 22 | B27: 3400 | C27: Believers Academy | D27: 0 | E27: 1 | F27: =-K27/I27 -> 0.03255963 | G27: =-K27/J27 -> 0.033587842 | I27: ='3400'!$J$107 -> 1222713.8 | J27: ='3400'!$J$109 -> 1185283.3 | K27: ='3400'!$J$114 -> -39811.11 | L27: ='3400'!$J$116 -> 1182902.7 | M27: ='3400'!$J$124 -> 100047.91 | O27: {='3400'!E28:F28} -> 100.2 | P27: 0 | Q27: =I27/O27 -> 12202.733 | R27: =K27/O27 -> -397.31647 | S27: =L27/O27 -> 11805.416 | U27: =IF(D27="H",S27,0) -> 0 | V27: =ROUND(IF(E27=1,S27,0),2) -> 11805.42 | W27: =IF(AND(U27=0,V27=0),S27,) -> 0 | Y27: 100055.2 | Z27: =Y27-M27 -> 7.29
A28: 23 | B28: 3401 | C28: Quantum High School | D28: 0 | E28: 0 | F28: =-K28/I28 -> 0.02736568 | G28: =-K28/J28 -> 0.028645416 | I28: ='3401'!$J$107 -> 3757815.6 | J28: ='3401'!$J$109 -> 3589935 | K28: ='3401'!$J$114 -> -102835.18 | L28: ='3401'!$J$116 -> 3654980.4 | M28: ='3401'!$J$124 -> 307696.18 | O28: {='3401'!E28:F28} -> 436.37 | P28: 0 | Q28: =I28/O28 -> 8611.5352 | R28: =K28/O28 -> -235.66052 | S28: =L28/O28 -> 8375.8747 | U28: =IF(D28="H",S28,0) -> 0 | V28: =ROUND(IF(E28=1,S28,0),2) -> 0 | W28: =IF(AND(U28=0,V28=0),S28,) -> 8375.8747 | Y28: 307696.18 | Z28: =Y28-M28 -> 0
A29: 24 | B29: 3413 | C29: Somerset Academy Boca | D29: H | F29: =-K29/I29 -> 0.0121997 | G29: =-K29/J29 -> 0.012820184 | I29: ='3413'!$J$107 -> 3482978.1 | J29: ='3413'!$J$109 -> 3314405.7 | K29: ='3413'!$J$114 -> -42491.29 | L29: ='3413'!$J$116 -> 3440486.9 | M29: ='3413'!$J$124 -> 287180.12 | O29: {='3413'!E28:F28} -> 390.01 | P29: 0 | Q29: =I29/O29 -> 8930.4842 | R29: =K29/O29 -> -108.94923 | S29: =L29/O29 -> 8821.535 | U29: =IF(D29="H",S29,0) -> 8821.535 | V29: =ROUND(IF(E29=1,S29,0),2) -> 0 | W29: =IF(AND(U29=0,V29=0),S29,) -> 0 | Y29: 287180.12 | Z29: =Y29-M29 -> 0
A30: 25 | B30: 3421 | C30: Worthington High School | D30: 0 | F30: =-K30/I30 -> 0.022767187 | G30: =-K30/J30 -> 0.023794114 | I30: ='3421'!$J$107 -> 4350611.8 | J30: ='3421'!$J$109 -> 4162844.2 | K30: ='3421'!$J$114 -> -99051.19 | L30: ='3421'!$J$116 -> 4251560.6 | M30: ='3421'!$J$124 -> 365620.49 | O30: {='3421'!E28:F28} -> 525.34 | P30: 0 | Q30: =I30/O30 -> 8281.5163 | R30: =K30/O30 -> -188.54683 | S30: =L30/O30 -> 8092.9695 | U30: =IF(D30="H",S30,0) -> 0 | V30: =ROUND(IF(E30=1,S30,0),2) -> 0 | W30: =IF(AND(U30=0,V30=0),S30,) -> 8092.9695 | Y30: 365620.49 | Z30: =Y30-M30 -> 0
A31: 26 | B31: 3431 | C31: Renaissance Charter School at WPB | D31: H | F31: =-K31/I31 -> 0.0047489121 | G31: =-K31/J31 -> 0.0049941071 | I31: ='3431'!$J$107 -> 8774279 | J31: ='3431'!$J$109 -> 8343489.4 | K31: ='3431'!$J$114 -> -41668.28 | L31: ='3431'!$J$116 -> 8732610.7 | M31: ='3431'!$J$124 -> 725549.97 | O31: {='3431'!E28:F28} -> 1001.18 | P31: 0 | Q31: =I31/O31 -> 8763.9376 | R31: =K31/O31 -> -41.619169 | S31: =L31/O31 -> 8722.3184 | U31: =IF(D31="H",S31,0) -> 8722.3184 | V31: =ROUND(IF(E31=1,S31,0),2) -> 0 | W31: =IF(AND(U31=0,V31=0),S31,) -> 0 | Y31: 725549.97 | Z31: =Y31-M31 -> 0
A32: 27 | B32: 3441 | C32: South Tech Preparatory Academy (MS) | D32: H | F32: =-K32/I32 -> 0.009050964 | G32: =-K32/J32 -> 0.0094847869 | I32: ='3441'!$J$107 -> 4650627.3 | J32: ='3441'!$J$109 -> 4437913.1 | K32: ='3441'!$J$114 -> -42092.66 | L32: ='3441'!$J$116 -> 4608534.6 | M32: ='3441'!$J$124 -> 387823.98 | O32: {='3441'!E28:F28} -> 527.16 | P32: 0 | Q32: =I32/O32 -> 8822.0413 | R32: =K32/O32 -> -79.847978 | S32: =L32/O32 -> 8742.1933 | U32: =IF(D32="H",S32,0) -> 8742.1933 | V32: =ROUND(IF(E32=1,S32,0),2) -> 0 | W32: =IF(AND(U32=0,V32=0),S32,) -> 0 | Y32: 387823.98 | Z32: =Y32-M32 -> 0
A33: 28 | B33: 3924 | C33: Palm Beach Maritime Academy Secondary | D33: 0 | F33: =-K33/I33 -> 0.027426497 | G33: =-K33/J33 -> 0.028774659 | I33: ='3924'!$J$107 -> 3785270.9 | J33: ='3924'!$J$109 -> 3607921.8 | K33: ='3924'!$J$114 -> -103816.72 | L33: ='3924'!$J$116 -> 3681454.1 | M33: ='3924'!$J$124 -> 306743.77 | O33: {='3924'!E28:F28} -> 434.41 | P33: 0 | Q33: =I33/O33 -> 8713.5905 | R33: =K33/O33 -> -238.98326 | S33: =L33/O33 -> 8474.6073 | U33: =IF(D33="H",S33,0) -> 0 | V33: =ROUND(IF(E33=1,S33,0),2) -> 0 | W33: =IF(AND(U33=0,V33=0),S33,) -> 8474.6073 | Y33: 306743.77 | Z33: =Y33-M33 -> 0
A34: 29 | B34: 3941 | C34: Ben Gamla Charter School | D34: H | F34: =-K34/I34 -> 0.019034573 | G34: =-K34/J34 -> 0.020000003 | I34: ='3941'!$J$107 -> 2062736.6 | J34: ='3941'!$J$109 -> 1963165.3 | K34: ='3941'!$J$114 -> -39263.31 | L34: ='3941'!$J$116 -> 2023473.3 | M34: ='3941'!$J$124 -> 168880.64 | O34: {='3941'!E28:F28} -> 229.15 | P34: 0 | Q34: =I34/O34 -> 9001.687 | R34: =K34/O34 -> -171.34327 | S34: =L34/O34 -> 8830.3437 | U34: =IF(D34="H",S34,0) -> 8830.3437 | V34: =ROUND(IF(E34=1,S34,0),2) -> 0 | W34: =IF(AND(U34=0,V34=0),S34,) -> 0 | Y34: 168880.64 | Z34: =Y34-M34 -> 0
A35: 30 | B35: 3961 | C35: Gardens School of Technology Arts | D35: 0 | Z35: =Y35-M35 -> 0
A36: 31 | B36: 3971 | C36: Palm Beach Preparatory Charter Academy | D36: 0 | F36: =-K36/I36 -> 0.017562878 | G36: =-K36/J36 -> 0.018390197 | I36: ='3971'!$J$107 -> 5581873.8 | J36: ='3971'!$J$109 -> 5330762.5 | K36: ='3971'!$J$114 -> -98033.77 | L36: ='3971'!$J$116 -> 5483840.1 | M36: ='3971'!$J$124 -> 468192.65 | O36: {='3971'!E28:F28} -> 679.71 | P36: 0 | Q36: =I36/O36 -> 8212.1402 | R36: =K36/O36 -> -144.22882 | S36: =L36/O36 -> 8067.9114 | U36: =IF(D36="H",S36,0) -> 0 | V36: =ROUND(IF(E36=1,S36,0),2) -> 0 | W36: =IF(AND(U36=0,V36=0),S36,) -> 8067.9114 | Y36: 468192.65 | Z36: =Y36-M36 -> 0
A37: 32 | B37: 4001 | C37: Renaissance Charter School at Wellington | D37: 0 | F37: =-K37/I37 -> 0.017480009 | G37: =-K37/J37 -> 0.018366957 | I37: ='4001'!$J$107 -> 6014491.7 | J37: ='4001'!$J$109 -> 5724049.3 | K37: ='4001'!$J$114 -> -105133.37 | L37: ='4001'!$J$116 -> 5909358.3 | M37: ='4001'!$J$124 -> 492923.41 | O37: {='4001'!E28:F28} -> 680.57 | P37: 0 | Q37: =I37/O37 -> 8837.4328 | R37: =K37/O37 -> -154.47841 | S37: =L37/O37 -> 8682.9544 | U37: =IF(D37="H",S37,0) -> 0 | V37: =ROUND(IF(E37=1,S37,0),2) -> 0 | W37: =IF(AND(U37=0,V37=0),S37,) -> 8682.9544 | Y37: 492923.41 | Z37: =Y37-M37 -> 0
A38: 33 | B38: 4002 | C38: Renaissance Charter School at Summit | D38: 0 | F38: =-K38/I38 -> 0.012149422 | G38: =-K38/J38 -> 0.012779488 | I38: ='4002'!$J$107 -> 8623130.4 | J38: ='4002'!$J$109 -> 8197985.2 | K38: ='4002'!$J$114 -> -104766.05 | L38: ='4002'!$J$116 -> 8518364.3 | M38: ='4002'!$J$124 -> 708965.29 | O38: {='4002'!E28:F28} -> 978.13 | P38: 0 | Q38: =I38/O38 -> 8815.9349 | R38: =K38/O38 -> -107.10851 | S38: =L38/O38 -> 8708.8264 | U38: =IF(D38="H",S38,0) -> 0 | V38: =ROUND(IF(E38=1,S38,0),2) -> 0 | W38: =IF(AND(U38=0,V38=0),S38,) -> 8708.8264 | Y38: 708965.29 | Z38: =Y38-M38 -> 0
A39: 34 | B39: 4012 | C39: Somerset Academy Canyons Middle School | D39: H | F39: =-K39/I39 -> 0.0079986037 | G39: =-K39/J39 -> 0.0084002557 | I39: ='4012'!$J$107 -> 5016465.6 | J39: ='4012'!$J$109 -> 4776607 | K39: ='4012'!$J$114 -> -40124.72 | L39: ='4012'!$J$116 -> 4976340.8 | M39: ='4012'!$J$124 -> 416469.55 | O39: {='4012'!E28:F28} -> 595.22 | P39: 0 | Q39: =I39/O39 -> 8427.9183 | R39: =K39/O39 -> -67.411579 | S39: =L39/O39 -> 8360.5068 | U39: =IF(D39="H",S39,0) -> 8360.5068 | V39: =ROUND(IF(E39=1,S39,0),2) -> 0 | W39: =IF(AND(U39=0,V39=0),S39,) -> 0 | Y39: 416469.55 | Z39: =Y39-M39 -> 0
A40: 35 | B40: 4013 | C40: Somerset Academy Canyons High School | D40: H | F40: =-K40/I40 -> 0.0047270072 | G40: =-K40/J40 -> 0.0049408582 | I40: ='4013'!$J$107 -> 9263540 | J40: ='4013'!$J$109 -> 8862593.9 | K40: ='4013'!$J$114 -> -43788.82 | L40: ='4013'!$J$116 -> 9219751.2 | M40: ='4013'!$J$124 -> 786596.81 | O40: {='4013'!E28:F28} -> 1011.97 | P40: 0 | Q40: =I40/O40 -> 9153.967 | R40: =K40/O40 -> -43.270868 | S40: =L40/O40 -> 9110.6962 | U40: =IF(D40="H",S40,0) -> 9110.6962 | V40: =ROUND(IF(E40=1,S40,0),2) -> 0 | W40: =IF(AND(U40=0,V40=0),S40,) -> 0 | Y40: 786596.81 | Z40: =Y40-M40 -> 0
A41: 36 | B41: 4020 | C41: Franklin Academy - Boynton Beach | D41: 0 | F41: =-K41/I41 -> 0.0096160608 | G41: =-K41/J41 -> 0.010104194 | I41: ='4020'!$J$107 -> 10909116 | J41: ='4020'!$J$109 -> 10382096 | K41: ='4020'!$J$114 -> -104902.72 | L41: ='4020'!$J$116 -> 10804213 | M41: ='4020'!$J$124 -> 899763.33 | O41: {='4020'!E28:F28} -> 1237.11 | P41: 0 | Q41: =I41/O41 -> 8818.2262 | R41: =K41/O41 -> -84.796599 | S41: =L41/O41 -> 8733.4296 | U41: =IF(D41="H",S41,0) -> 0 | V41: =ROUND(IF(E41=1,S41,0),2) -> 0 | W41: =IF(AND(U41=0,V41=0),S41,) -> 8733.4296 | Y41: 899763.33 | Z41: =Y41-M41 -> 0
A42: 37 | B42: 4030 | C42: Olympus International Academy | D42: 0 | F42: =-K42/I42 -> 0.03908382 | G42: =-K42/J42 -> 0.041129244 | I42: ='4030'!$J$107 -> 2717266.1 | J42: ='4030'!$J$109 -> 2582132.1 | K42: ='4030'!$J$114 -> -106201.14 | L42: ='4030'!$J$116 -> 2611065 | M42: ='4030'!$J$124 -> 217485.59 | O42: {='4030'!E28:F28} -> 303.92 | P42: 0 | Q42: =I42/O42 -> 8940.7283 | R42: =K42/O42 -> -349.43781 | S42: =L42/O42 -> 8591.2905 | U42: =IF(D42="H",S42,0) -> 0 | V42: =ROUND(IF(E42=1,S42,0),2) -> 0 | W42: =IF(AND(U42=0,V42=0),S42,) -> 8591.2905 | Y42: 217485.59 | Z42: =Y42-M42 -> 0
A43: 38 | B43: 4031 | C43: Somerset Academy Wellington | D43: 0 | F43: =-K43/I43 -> 0.026289051 | G43: =-K43/J43 -> 0.027657315 | I43: ='4031'!$J$107 -> 3959687.6 | J43: ='4031'!$J$109 -> 3763793.8 | K43: ='4031'!$J$114 -> -104096.43 | L43: ='4031'!$J$116 -> 3855591.1 | M43: ='4031'!$J$124 -> 319995.16 | O43: {='4031'!E28:F28} -> 451.96 | P43: 0 | Q43: =I43/O43 -> 8761.146 | R43: =K43/O43 -> -230.32222 | S43: =L43/O43 -> 8530.8238 | U43: =IF(D43="H",S43,0) -> 0 | V43: =ROUND(IF(E43=1,S43,0),2) -> 0 | W43: =IF(AND(U43=0,V43=0),S43,) -> 8530.8238 | Y43: 319995.16 | Z43: =Y43-M43 -> 0
A44: 39 | B44: 4041 | C44: Somerset Academy Boca Middle School | D44: H | F44: =-K44/I44 -> 0.019034468 | G44: =-K44/J44 -> 0.019999997 | I44: ='4041'!$J$107 -> 789578.16 | J44: ='4041'!$J$109 -> 751460.11 | K44: ='4041'!$J$114 -> -15029.2 | L44: ='4041'!$J$116 -> 774548.96 | M44: ='4041'!$J$124 -> 64613.31 | O44: {='4041'!E28:F28} -> 94.46 | P44: 0 | Q44: =I44/O44 -> 8358.8626 | R44: =K44/O44 -> -159.1065 | S44: =L44/O44 -> 8199.7561 | U44: =IF(D44="H",S44,0) -> 8199.7561 | V44: =ROUND(IF(E44=1,S44,0),2) -> 0 | W44: =IF(AND(U44=0,V44=0),S44,) -> 0 | Y44: 64613.31 | Z44: =Y44-M44 -> 0
A45: 40 | B45: 4050 | C45: Renaissance Charter School at Cypress | D45: 0 | F45: =-K45/I45 -> 0.016529705 | G45: =-K45/J45 -> 0.017391062 | I45: ='4050'!$J$107 -> 6256152.9 | J45: ='4050'!$J$109 -> 5946293.6 | K45: ='4050'!$J$114 -> -103412.36 | L45: ='4050'!$J$116 -> 6152740.5 | M45: ='4050'!$J$124 -> 511250.04 | O45: {='4050'!E28:F28} -> 718.76 | P45: 0 | Q45: =I45/O45 -> 8704.0916 | R45: =K45/O45 -> -143.87606 | S45: =L45/O45 -> 8560.2155 | U45: =IF(D45="H",S45,0) -> 0 | V45: =ROUND(IF(E45=1,S45,0),2) -> 0 | W45: =IF(AND(U45=0,V45=0),S45,) -> 8560.2155 | Y45: 511250.04 | Z45: =Y45-M45 -> 0
A46: 41 | B46: 4051 | C46: Renaissance Charter School at Central Palm | D46: 0 | F46: =-K46/I46 -> 0.015851173 | G46: =-K46/J46 -> 0.016683573 | I46: ='4051'!$J$107 -> 6546077.5 | J46: ='4051'!$J$109 -> 6219471.7 | K46: ='4051'!$J$114 -> -103763.01 | L46: ='4051'!$J$116 -> 6442314.5 | M46: ='4051'!$J$124 -> 533809.2 | O46: {='4051'!E28:F28} -> 749.24 | P46: 0 | Q46: =I46/O46 -> 8736.9568 | R46: =K46/O46 -> -138.49102 | S46: =L46/O46 -> 8598.4658 | U46: =IF(D46="H",S46,0) -> 0 | V46: =ROUND(IF(E46=1,S46,0),2) -> 0 | W46: =IF(AND(U46=0,V46=0),S46,) -> 8598.4658 | Y46: 533809.2 | Z46: =Y46-M46 -> 0
A47: 42 | B47: 4061 | C47: Franklin Academy - Palm Beach Gardens | D47: 0 | F47: =-K47/I47 -> 0.012361787 | G47: =-K47/J47 -> 0.012985259 | I47: ='4061'!$J$107 -> 8465831.1 | J47: ='4061'!$J$109 -> 8059354.1 | K47: ='4061'!$J$114 -> -104652.8 | L47: ='4061'!$J$116 -> 8361178.3 | M47: ='4061'!$J$124 -> 697798.89 | O47: {='4061'!E28:F28} -> 962.63 | P47: 0 | Q47: =I47/O47 -> 8794.4808 | R47: =K47/O47 -> -108.7155 | S47: =L47/O47 -> 8685.7653 | U47: =IF(D47="H",S47,0) -> 0 | V47: =ROUND(IF(E47=1,S47,0),2) -> 0 | W47: =IF(AND(U47=0,V47=0),S47,) -> 8685.7653 | Y47: 697798.89 | Z47: =Y47-M47 -> 0
A48: 43 | B48: 4080 | C48: University Preparatory Academy | D48: 0 | Z48: =Y48-M48 -> 0
A49: 44 | B49: 4081 | C49: Florida Futures Academy - North Campus | D49: 0 | F49: =-K49/I49 -> 0.047654816 | G49: =-K49/J49 -> 0.050000003 | I49: ='4081'!$J$107 -> 1079590.6 | J49: ='4081'!$J$109 -> 1028953.7 | K49: ='4081'!$J$114 -> -51447.69 | L49: ='4081'!$J$116 -> 1028142.9 | M49: ='4081'!$J$124 -> 86139.09 | O49: {='4081'!E28:F28} -> 129.96 | P49: 0 | Q49: =I49/O49 -> 8307.0988 | R49: =K49/O49 -> -395.87327 | S49: =L49/O49 -> 7911.2255 | U49: =IF(D49="H",S49,0) -> 0 | V49: =ROUND(IF(E49=1,S49,0),2) -> 0 | W49: =IF(AND(U49=0,V49=0),S49,) -> 7911.2255 | Y49: 86139.09 | Z49: =Y49-M49 -> 0
A50: 45 | B50: 4090 | C50: Sports Leadership Academy (SLAM) | D50: 0 | F50: =-K50/I50 -> 0.039194941 | G50: =-K50/J50 -> 0.041025304 | I50: ='4090'!$J$107 -> 2539803 | J50: ='4090'!$J$109 -> 2426488.5 | K50: ='4090'!$J$114 -> -99547.43 | L50: ='4090'!$J$116 -> 2440255.6 | M50: ='4090'!$J$124 -> 209719.73 | O50: {='4090'!E28:F28} -> 304.69 | P50: 0 | Q50: =I50/O50 -> 8335.6953 | R50: =K50/O50 -> -326.71709 | S50: =L50/O50 -> 8008.9782 | U50: =IF(D50="H",S50,0) -> 0 | V50: =ROUND(IF(E50=1,S50,0),2) -> 0 | W50: =IF(AND(U50=0,V50=0),S50,) -> 8008.9782 | Y50: 209719.73 | Z50: =Y50-M50 -> 0
A51: 46 | B51: 4091 | C51: Somerset Academy Lakes | D51: 0 | F51: =-K51/I51 -> 0.030142213 | G51: =-K51/J51 -> 0.031717032 | I51: ='4091'!$J$107 -> 3525786.6 | J51: ='4091'!$J$109 -> 3350723.6 | K51: ='4091'!$J$114 -> -106275.01 | L51: ='4091'!$J$116 -> 3419511.6 | M51: ='4091'!$J$124 -> 283969.88 | O51: {='4091'!E28:F28} -> 394.11 | P51: 0 | Q51: =I51/O51 -> 8946.1994 | R51: =K51/O51 -> -269.65824 | S51: =L51/O51 -> 8676.5411 | U51: =IF(D51="H",S51,0) -> 0 | V51: =ROUND(IF(E51=1,S51,0),2) -> 0 | W51: =IF(AND(U51=0,V51=0),S51,) -> 8676.5411 | Y51: 283969.88 | Z51: =Y51-M51 -> 0
A52: 47 | B52: 4100 | C52: Connections Education Center of the PBs | D52: 0 | E52: 1 | F52: =-K52/I52 -> 0.0079752559 | G52: =-K52/J52 -> 0.0084041645 | I52: ='4100'!$J$107 -> 3884034.6 | J52: ='4100'!$J$109 -> 3685812 | K52: ='4100'!$J$114 -> -30976.17 | L52: ='4100'!$J$116 -> 3853058.5 | M52: ='4100'!$J$124 -> 322228.79 | O52: {='4100'!E28:F28} -> 101 | P52: 0 | Q52: =I52/O52 -> 38455.788 | R52: =K52/O52 -> -306.69475 | S52: =L52/O52 -> 38149.094 | U52: =IF(D52="H",S52,0) -> 0 | V52: =ROUND(IF(E52=1,S52,0),2) -> 38149.09 | W52: =IF(AND(U52=0,V52=0),S52,) -> 0 | Y52: 275467.04 | Z52: =Y52-M52 -> -46761.75
A53: 48 | B53: 4102 | C53: BridgePrep Academy of Palm Beach | D53: 0 | F53: =-K53/I53 -> 0.048054643 | G53: =-K53/J53 -> 0.05 | I53: ='4102'!$J$107 -> 1566972.6 | J53: ='4102'!$J$109 -> 1506006.2 | K53: ='4102'!$J$114 -> -75300.31 | L53: ='4102'!$J$116 -> 1491672.3 | M53: ='4102'!$J$124 -> 129838.42 | O53: {='4102'!E28:F28} -> 181 | P53: 0 | Q53: 0 | R53: 0 | S53: 0 | U53: =IF(D53="H",S53,0) -> 0 | V53: =ROUND(IF(E53=1,S53,0),2) -> 0 | W53: =IF(AND(U53=0,V53=0),S53,) -> 0 | Y53: 129838.42 | Z53: =Y53-M53 -> 0
A54: 49 | B54: 4103 | C54: SLAM Boca | D54: 0 | F54: =IF(I54=0,0,-K54/I54) -> 0.012269444 | G54: =-K54/J54 -> 0.012876509 | I54: ='4103'!$J$107 -> 8425905.9 | J54: ='4103'!$J$109 -> 8028665.4 | K54: ='4103'!$J$114 -> -103381.18 | L54: ='4103'!$J$116 -> 8322524.7 | M54: ='4103'!$J$124 -> 698845.87 | O54: {='4103'!E28:F28} -> 970.76 | P54: 0 | Q54: =IF(O54=0,0,I54/O54) -> 8679.7003 | R54: =IF(O54=0,0,K54/O54) -> -106.4951 | S54: =IF(O54=0,0,L54/O54) -> 8573.2052 | U54: =IF(D54="H",S54,0) -> 0 | V54: =ROUND(IF(E54=1,S54,0),2) -> 0 | W54: =IF(AND(U54=0,V54=0),S54,) -> 8573.2052 | Y54: 698845.87 | Z54: =Y54-M54 -> 0
A55: 50 | B55: 4111 | C55: SLAM HS Palm Beach | D55: 0 | F55: =IF(I55=0,0,-K55/I55) -> 0.038722361 | G55: =-K55/J55 -> 0.040699377 | I55: ='4111'!$J$107 -> 2555735.2 | J55: ='4111'!$J$109 -> 2431587.6 | K55: ='4111'!$J$114 -> -98964.1 | L55: ='4111'!$J$116 -> 2456771.1 | M55: ='4111'!$J$124 -> 205425.31 | O55: {='4111'!E28:F28} -> 307.13 | P55: 0 | Q55: =IF(O55=0,0,I55/O55) -> 8321.3465 | R55: =IF(O55=0,0,K55/O55) -> -322.22219 | S55: =IF(O55=0,0,L55/O55) -> 7999.1243 | U55: =IF(D55="H",S55,0) -> 0 | V55: =ROUND(IF(E55=1,S55,0),2) -> 0 | W55: =IF(AND(U55=0,V55=0),S55,) -> 7999.1243 | Y55: 205425.31 | Z55: =Y55-M55 -> 0
A56: 51 | B56: 4131 | C56: Somerset Academy Wellington HS | D56: 0 | F56: =IF(I56=0,0,-K56/I56) -> 0.047586386 | G56: =-K56/J56 -> 0.050000004 | I56: ='4131'!$J$107 -> 851901.42 | J56: ='4131'!$J$109 -> 810778.13 | K56: ='4131'!$J$114 -> -40538.91 | L56: ='4131'!$J$116 -> 811362.51 | M56: ='4131'!$J$124 -> 67799.25 | O56: {='4131'!E28:F28} -> 102.78 | P56: 0 | Q56: =IF(O56=0,0,I56/O56) -> 8288.5914 | R56: =IF(O56=0,0,K56/O56) -> -394.42411 | S56: =IF(O56=0,0,L56/O56) -> 7894.1673 | U56: =IF(D56="H",S56,0) -> 0 | V56: =ROUND(IF(E56=1,S56,0),2) -> 0 | W56: =IF(AND(U56=0,V56=0),S56,) -> 7894.1673 | Y56: 67799.25 | Z56: =Y56-M56 -> 0
D58: =COUNTIF(D6:D57,"H") -> 12 | E58: =SUM(E6:E57) -> 9 | F58: =-K58/I58 -> 0.014916085 | G58: =-K58/J58 -> 0.015643592 | I58: =SUM(I6:I57) -> 2.1424118e+08 | J58: =SUM(J6:J57) -> 2.0427786e+08 | K58: =SUM(K6:K57) -> -3195639.5 | L58: =SUM(L6:L57) -> 2.1104554e+08 | M58: =SUM(M6:M57) -> 17759251 | O58: =SUM(O6:O57) -> 21849.03 | Q58: =SUM(Q6:Q57) -> 575003.91 | R58: =K58/O58 -> -146.26002 | S58: =L58/O58 -> 9659.2634 | U58: =AVERAGEIF(U9:U55,"<>0") -> 8773.2431 | V58: =AVERAGEIF(V9:V55,"<>0") -> 26553.184 | W58: =AVERAGEIF(W6:W56,"<>0") -> 8410.5598
C60: Consolidated tab totals | I60: =Consolidated!I142 -> 2.1424118e+08 | J60: =Consolidated!I144 -> 2.0427786e+08 | K60: =Consolidated!I155 -> -3195639.5 | L60: =I60+K60 -> 2.1104554e+08 | M60: =Consolidated!I159 -> 17759251
C62: Difference | I62: =I60-I58 -> 0 | J62: =J60-J58 -> 0 | K62: =K60-K58 -> 0 | L62: =L60-L58 -> 0 | M62: =M60-M58 -> 0

Sheet Charter Schools
B1: Palm Beach County Charter Schools
B3: Sorted by School Number | E3: Sorted by School Name
B4: Dept # | C4: Charter School Name | E4: Dept # | F4: Charter School Name
A5: 1 | B5: 0040 | C5: PALM BEACH PREPARATORY ACADEMY MS | E5: 3400 | F5: Believers Academy
A6: 2 | B6: 0571 | C6: PALMETTO PARK | E6: 3941 | F6: Ben Gamla Charter School | I6: 3391 Seagull Academy for Independent Living and 2531 Potentials Charter School merged in FY 25 and changed their name to Bodwell Academy
A7: 3 | B7: 0100 | C7: THE LEARNING CENTER HS | E7: 4102 | F7: BridgePrep Academy of PB
A8: 4 | B8: 1461 | C8: Inlet Grove Community High School | E8: 4100 | F8: Connections Education Center of the Palm Beaches
A9: 5 | B9: 1571 | C9: South Tech Charter Academy | E9: 2521 | F9: Ed Venture | I9: 3961 Garden School of Technology is closing for FY 26.
A10: 6 | B10: 2521 | C10: Ed Venture | E10: 3398 | F10: Everglades Preparatory Academy | I10: 4080 University Prep is closed for FY 26
A11: 7 | B11: 2531 | C11: Bodwell Academy (formerly - Potentials Charter School) | E11: 4081 | F11: Florida Futures Academy - North Campus
A12: 8 | B12: 2791 | C12: The Learning Center at The Els Center of Excellence | E12: 4020 | F12: Franklin Academy - Boynton Beach
A13: 9 | B13: 2801 | C13: Palm Beach Maritime Academy Elementary | E13: 4061 | F13: Franklin Academy - Palm Beach Gardens | I13: New Schools
A14: 10 | B14: 2911 | C14: Western Academy Charter School | E14: 3961 | F14: Gardens School of Technology Arts | I14: 0040 | J14: PALM BEACH PREPARATORY ACADEMY MS
A15: 11 | B15: 2941 | C15: Palm Beach School for Autism | E15: 3382 | F15: Glades Academy | I15: 0100 | J15: THE LEARNING CENTER HS
A16: 12 | B16: 3083 | C16: The Learning Academy at The Els Center of Excellence | E16: 3396 | F16: G-Star School of the Arts for Motion Pictures and Television | I16: 3362 | J16: Somserset Avenir
A17: 13 | B17: 3345 | C17: Career Academy of the Palm Beaches | E17: 3345 | F17: Career Academy of the Palm Beaches | I17: 0571
A18: 14 | B18: 3362 | C18: Somerset Avenir | E18: 3381 | F18: Imagine Schools - Chancellor Campus
A19: 15 | B19: 3381 | C19: Imagine Schools - Chancellor Campus | E19: 1461 | F19: Inlet Grove Community High School
A20: 16 | B20: 3382 | C20: Glades Academy | E20: 3394 | F20: Montessori Academy of Early Enrichment
A21: 17 | B21: 3391 | C21: Seagull Academy for Independent Living | E21: 4030 | F21: Olympus International Academy
A22: 18 | B22: 3394 | C22: Montessori Academy of Early Enrichment | E22: 2801 | F22: Palm Beach Maritime Academy Elementary
A23: 19 | B23: 3395 | C23: Somerset Academy JFK Charter School | E23: 3924 | F23: Palm Beach Maritime Academy Secondary
A24: 20 | B24: 3396 | C24: G-Star School of the Arts for Motion Pictures and Television | E24: 3971 | F24: Palm Beach Preparatory Charter Academy
A25: 21 | B25: 3398 | C25: Everglades Preparatory Academy | E25: 0040 | F25: PALM BEACH PREPARATORY ACADEMY MS
A26: 22 | B26: 3400 | C26: Believers Academy | E26: 2941 | F26: Palm Beach School for Autism
A27: 23 | B27: 3401 | C27: Quantum High School | E27: 2531 | F27: Potentials Charter School
A28: 24 | B28: 3413 | C28: Somerset Academy Boca | E28: 3401 | F28: Quantum High School
A29: 25 | B29: 3421 | C29: Worthington High School | E29: 4051 | F29: Renaissance Charter School at Central Palm
A30: 26 | B30: 3431 | C30: Renaissance Charter School at WPB | E30: 4050 | F30: Renaissance Charter School at Cypress
... A34: 30 | B34: 3961 | C34: Gardens School of Technology Arts | E34: 3391 | F34: Seagull Academy for Independent Living
A35: 31 | B35: 3971 | C35: Palm Beach Preparatory Charter Academy | E35: 4111 | F35: SLAM HS Palm Beach
A36: 32 | B36: 4001 | C36: Renaissance Charter School at Wellington | E36: 3362 | F36: Somerset Avenir
A37: 33 | B37: 4002 | C37: Renaissance Charter School at Summit | E37: 3413 | F37: Somerset Academy Boca
A38: 34 | B38: 4012 | C38: Somerset Academy Canyons Middle School | E38: 4041 | F38: Somerset Academy Boca Middle School
A39: 35 | B39: 4013 | C39: Somerset Academy Canyons High School | E39: 4013 | F39: Somerset Academy Canyons High School
A40: 36 | B40: 4020 | C40: Franklin Academy - Boynton Beach | E40: 4012 | F40: Somerset Academy Canyons Middle School
A41: 37 | B41: 4030 | C41: Olympus International Academy | E41: 3395 | F41: Somerset Academy JFK Charter School
A42: 38 | B42: 4031 | C42: Somerset Academy Wellington | E42: 4091 | F42: Somerset Academy Lakes
A43: 39 | B43: 4041 | C43: Somerset Academy Boca Middle School | E43: 4031 | F43: Somerset Academy Wellington
A44: 40 | B44: 4050 | C44: Renaissance Charter School at Cypress | E44: 4131 | F44: Somerset Academy Wellington HS
A45: 41 | B45: 4051 | C45: Renaissance Charter School at Central Palm | E45: 1571 | F45: South Tech Charter Academy
A46: 42 | B46: 4061 | C46: Franklin Academy - Palm Beach Gardens | E46: 3441 | F46: South Tech Preparatory Academy (Middle School)
A47: 43 | B47: 4080 | C47: University Prep Palm Beach | E47: 4090 | F47: Sports Leadership & Management (SLAM) MS
A48: 44 | B48: 4081 | C48: Florida Futures Academy - North Campus | E48: 4103 | F48: Sports Leadership Arts Management (SLAM) Acdemy MHS (Boca)
A49: 45 | B49: 4090 | C49: Sports Leadership & Management (SLAM) MS | E49: 3083 | F49: The Learning Academy at The Els Center of Excellence
A50: 46 | B50: 4091 | C50: Somerset Academy Lakes | E50: 0100 | F50: The Learning Center High School
A51: 47 | B51: 4100 | C51: Connections Education Center of the Palm Beaches | E51: 2791 | F51: The Learning Center at The Els Center of Excellence
A52: 48 | B52: 4102 | C52: BridgePrep Academy of PB | E52: 4080 | F52: University Prep Palm Beach
A53: 49 | B53: 4103 | C53: Sports Leadership Arts Management (SLAM) Acdemy MHS (Boca) | E53: 2911 | F53: Western Academy Charter School
A54: 50 | B54: 4111 | C54: SLAM HS Palm Beach | E54: 3421 | F54: Worthington High School
B55: 4131 | C55: Somerset Academy Wellington HS | E55: 0571 | F55: PALMETTO PARK

Sheet Cumulative Payments
A1: Cumulative Payments
D4: Net Revenue | E4: July | F4: August | G4: Sept | H4: Oct | I4: Nov | J4: Dec | K4: Jan | L4: Feb | M4: March | N4: April | O4: May | P4: June | Q4: Total | R4: Payments excluding current month
A5: 1 | B5: 0040 | C5: Palm Beach Preparatory Middle School | D5: 295040.42 | E5: 24451.48 | F5: 24870.66 | G5: 24870.66 | H5: 24538.62 | I5: 24538.63 | J5: 24538.62 | K5: 24538.63 | Q5: =SUM(E5:P5) -> 172347.3 | R5: 0
A6: 2 | B6: 0571 | C6: Palmetto Park | D6: 390083.78 | H6: 43342.64 | I6: 43342.64 | J6: 43342.64 | K6: 43342.64
A7: 3 | B7: 0100 | C7: The Learning Center Highschool | D7: 307339.19 | E7: 22293.06 | F7: 22269.68 | G7: 22269.68 | H7: 26670.77 | I7: 26670.78 | J7: 26737.89 | K7: 28707.39 | Q7: =SUM(E7:P7) -> 175619.25 | R7: 0
A8: 4 | B8: 1461 | C8: Inlet Grove Community High School | D8: 7591209.9 | E8: 485398.34 | F8: 492757.49 | G8: 662254.39 | H8: 675822.09 | I8: 659372.2 | J8: 659372.2 | K8: 659372.2 | Q8: =SUM(E8:P8) -> 4294348.9 | R8: 0
A9: 5 | B9: 1571 | C9: South Tech Charter Academy | D9: 10227461 | E9: 795164.86 | F9: 808415.92 | G9: 876352.53 | H9: 860836.4 | I9: 860836.4 | J9: 860836.4 | K9: 860836.4 | Q9: =SUM(E9:P9) -> 5923278.9 | R9: 0
A10: 6 | B10: 2521 | C10: Ed Venture | D10: 1324499.2 | E10: 112200.54 | F10: 112562.16 | G10: 112694.4 | H10: 109553.39 | I10: 109553.39 | J10: 109705.04 | K10: 109705.05 | Q10: =SUM(E10:P10) -> 775973.97 | R10: 0
A11: 7 | B11: 2531 | C11: Bodwell Academy | D11: 1625637.1 | E11: 128465.38 | F11: 132295.12 | G11: 132295.12 | H11: 136643.49 | I11: 136643.49 | J11: 137042.07 | K11: 136859.32 | Q11: =SUM(E11:P11) -> 940243.99 | R11: 0
A12: 8 | B12: 2791 | C12: The Learning Center @ The Els Center of Excl | D12: 5431946.8 | E12: 440248.86 | F12: 446019.94 | G12: 446019.95 | H12: 454340.22 | I12: 454340.22 | J12: 455853.95 | K12: 455853.95 | Q12: =SUM(E12:P12) -> 3152677.1 | R12: 0
A13: 9 | B13: 2801 | C13: Palm Beach Maritime Academy Elementary | D13: 5282282.2 | E13: 433777.9 | F13: 438326.62 | G13: 438326.62 | H13: 441316.79 | I13: 441316.79 | J13: 441316.79 | K13: 441316.79 | Q13: =SUM(E13:P13) -> 3075698.3 | R13: 0
A14: 10 | B14: 2911 | C14: Western Academy Charter School | D14: 6138937.7 | E14: 505265.93 | F14: 513425.85 | G14: 513425.85 | H14: 511868.89 | I14: 511868.89 | J14: 511868.89 | K14: 511868.9 | Q14: =SUM(E14:P14) -> 3579593.2 | R14: 0
A15: 11 | B15: 2941 | C15: Palm Beach School for Autism | D15: 10626280 | E15: 858865.25 | F15: 869504.11 | G15: 869504.11 | H15: 890806.34 | I15: 890806.34 | J15: 892399.18 | K15: 892467.27 | Q15: =SUM(E15:P15) -> 6164352.6 | R15: 0
A16: 12 | B16: 3083 | C16: The Learning Academy @ The Els Center of Excl | D16: 6033817.6 | E16: 484859.99 | F16: 497059.68 | G16: 497059.68 | H16: 504701.18 | I16: 504701.18 | J16: 506490.84 | K16: 505938.1 | Q16: =SUM(E16:P16) -> 3500810.6 | R16: 0
A17: 13 | B17: 3345 | C17: Career Academy of the Palm Beaches | D17: 1115006.2 | E17: 90419.86 | F17: 91364.55 | G17: 91364.55 | H17: 93532.75 | I17: 93532.75 | J17: 93541.68 | K17: 93541.68 | Q17: =SUM(E17:P17) -> 647297.82 | R17: 0
A18: 14 | B18: 3362 | C18: Somerset Avenir | D18: 1373337 | H18: 152593 | I18: 152593 | J18: 152593 | K18: 152593 | Q18: =SUM(E18:P18) -> 610372
A19: 15 | B19: 3381 | C19: Imagine Schools - Chancellor Campus | D19: 9169658.2 | E19: 750894 | F19: 762872.3 | G19: 762872.3 | H19: 765891.06 | I19: 765891.07 | J19: 765891.06 | K19: 765891.07 | Q19: =SUM(E19:P19) -> 5340202.9 | R19: 0
A20: 16 | B20: 3382 | C20: Glades Academy | D20: 2395140.7 | E20: 199480.37 | F20: 202508.28 | G20: 202508.28 | H20: 198960.42 | I20: 198960.42 | J20: 198960.42 | K20: 198960.42 | Q20: =SUM(E20:P20) -> 1400338.6 | R20: 0
A21: 17 | B21: 3391 | C21: Seagull Academy for Independent Living | F21: 0 | Q21: =SUM(E21:P21) -> 0 | R21: 0
A22: 18 | B22: 3394 | C22: Montessori Academy of Early Enrichment | D22: 1641840.7 | E22: 136646.84 | F22: 137857.37 | G22: 137857.37 | H22: 136608.8 | I22: 136608.8 | J22: 136608.79 | K22: 136608.8 | Q22: =SUM(E22:P22) -> 958796.77 | R22: 0
A23: 19 | B23: 3395 | C23: Somerset Academy Charter School | D23: 4401365.7 | E23: 363962.87 | F23: 368541.43 | G23: 368541.43 | H23: 366702.21 | I23: 366702.21 | J23: 366702.21 | K23: 366702.22 | Q23: =SUM(E23:P23) -> 2567854.6 | R23: 0
A24: 20 | B24: 3396 | C24: G-Star School of the Arts | D24: 6225768.7 | E24: 481353.82 | F24: 489623.72 | G24: 533385.66 | H24: 524600.61 | I24: 524600.61 | J24: 524600.6 | K24: 524600.61 | Q24: =SUM(E24:P24) -> 3602765.6 | R24: 0
A25: 21 | B25: 3398 | C25: Everglades Preparatory Academy | D25: 932463.44 | E25: 75370.15 | F25: 76763.56 | G25: 76763.56 | H25: 78174.02 | I25: 78174.02 | J25: 78174.02 | K25: 78174.02 | Q25: =SUM(E25:P25) -> 541593.35 | R25: 0
A26: 22 | B26: 3400 | C26: Believers Academy | D26: 1182902.7 | E26: 93540.76 | F26: 94458.1 | G26: 94458.1 | H26: 100055.2 | I26: 100055.2 | J26: 100047.91 | K26: 100047.91 | Q26: =SUM(E26:P26) -> 682663.18 | R26: 0
A27: 23 | B27: 3401 | C27: Quantum High School | D27: 3654980.4 | E27: 291401.55 | F27: 296284.6 | G27: 298028.7 | H27: 307696.18 | I27: 307696.18 | J27: 307696.17 | K27: 307696.18 | Q27: =SUM(E27:P27) -> 2116499.6 | R27: 0
A28: 24 | B28: 3413 | C28: Somerset Academy Boca | D28: 3440486.9 | E28: 282765.64 | F28: 286550.08 | G28: 286550.08 | H28: 287180.12 | I28: 287180.12 | J28: 287180.12 | K28: 287180.12 | Q28: =SUM(E28:P28) -> 2004586.3 | R28: 0
A29: 25 | B29: 3421 | C29: Worthington High School | D29: 4251560.6 | E29: 318686.65 | F29: 320269.78 | G29: 322019.77 | H29: 365620.49 | I29: 365620.49 | J29: 365620.49 | K29: 365620.49 | Q29: =SUM(E29:P29) -> 2423458.2 | R29: 0
A30: 26 | B30: 3431 | C30: Renaissance Charter School at WPB | D30: 8732610.7 | E30: 727291.13 | F30: 737684.93 | G30: 737684.93 | H30: 725549.97 | I30: 725549.97 | J30: 725549.97 | K30: 725549.97 | Q30: =SUM(E30:P30) -> 5104860.9 | R30: 0
A31: 27 | B31: 3441 | C31: South Tech Preparatory Academy (MS) | D31: 4608534.6 | E31: 365051.77 | F31: 372113.82 | G31: 380953.21 | H31: 387823.98 | I31: 387823.98 | J31: 387823.98 | K31: 387823.98 | Q31: =SUM(E31:P31) -> 2669414.7 | R31: 0
A32: 28 | B32: 3924 | C32: Palm Beach Maritime Academy Secondary | D32: 3681454.1 | E32: 303122.37 | F32: 308213.52 | G32: 309424.3 | H32: 306743.77 | I32: 306743.77 | J32: 306743.77 | K32: 306743.77 | Q32: =SUM(E32:P32) -> 2147735.3 | R32: 0
A33: 29 | B33: 3941 | C33: Ben Gamla Charter School | D33: 2023473.3 | E33: 166503.7 | F33: 168521.9 | G33: 168521.9 | H33: 168880.64 | I33: 168880.64 | J33: 168880.64 | K33: 168880.64 | Q33: =SUM(E33:P33) -> 1179070.1 | R33: 0
A34: 30 | B34: 3961 | C34: Gardens School of Technology Arts | F34: 0 | Q34: =SUM(E34:P34) -> 0 | R34: 0
A35: 31 | B35: 3971 | C35: Palm Beach Perparatory Charter Academy | D35: 5483840.1 | E35: 418200.93 | F35: 425546.45 | G35: 426358.86 | H35: 468192.65 | I35: 468192.65 | J35: 468192.64 | K35: 468192.65 | Q35: =SUM(E35:P35) -> 3142876.8 | R35: 0
A36: 32 | B36: 4001 | C36: Renaissance Charter School at Wellington | D36: 5909358.3 | E36: 486040.8 | F36: 493503.39 | G36: 493503.4 | H36: 492923.41 | I36: 492923.41 | J36: 492923.41 | K36: 492923.41 | Q36: =SUM(E36:P36) -> 3444741.2 | R36: 0
A37: 33 | B37: 4002 | C37: Renaissance Charter School at Summit | D37: 8518364.3 | E37: 707326.89 | F37: 715174.9 | G37: 715174.91 | H37: 708965.29 | I37: 708965.29 | J37: 708965.29 | K37: 708965.29 | Q37: =SUM(E37:P37) -> 4973537.9 | R37: 0
A38: 34 | B38: 4012 | C38: Somerset Academy Canyons Middle School | D38: 4976340.8 | E38: 401311.12 | F38: 409405.4 | G38: 417398.36 | H38: 416469.55 | I38: 416469.55 | J38: 416469.55 | K38: 416469.55 | Q38: =SUM(E38:P38) -> 2893993.1 | R38: 0
A39: 35 | B39: 4013 | C39: Somerset Academy Canyons High School | D39: 9219751.2 | E39: 667648.91 | F39: 677472.72 | G39: 795258.27 | H39: 786596.81 | I39: 786596.81 | J39: 786596.81 | K39: 786596.81 | Q39: =SUM(E39:P39) -> 5286767.1 | R39: 0
A40: 36 | B40: 4020 | C40: Franklin Academy - Boynton Beach | D40: 10804213 | E40: 892802.19 | F40: 906770.45 | G40: 906770.45 | H40: 899763.33 | I40: 899763.33 | J40: 899763.33 | K40: 899763.33 | Q40: =SUM(E40:P40) -> 6305396.4 | R40: 0
A41: 37 | B41: 4030 | C41: Olympus International Academy | D41: 2611065 | E41: 216879.02 | F41: 218407.85 | G41: 218407.85 | H41: 217485.59 | I41: 217485.59 | J41: 217485.59 | K41: 217485.59 | Q41: =SUM(E41:P41) -> 1523637.1 | R41: 0
A42: 38 | B42: 4031 | C42: Somerset Academy Wellington | D42: 3855591.1 | E42: 322483.34 | F42: 326575.68 | G42: 326575.68 | H42: 319995.16 | I42: 319995.16 | J42: 319995.16 | K42: 319995.16 | Q42: =SUM(E42:P42) -> 2255615.3 | R42: 0
A43: 39 | B43: 4041 | C43: Somerset Academy Boca Middle School | D43: 774548.96 | E43: 63488.77 | F43: 64770.19 | G43: 64770.19 | H43: 64613.31 | I43: 64613.31 | J43: 64613.31 | K43: 64613.31 | Q43: =SUM(E43:P43) -> 451482.39 | R43: 0
A44: 40 | B44: 4050 | C44: Renaissance Charter School at Cypress | D44: 6152740.5 | E44: 512294.34 | F44: 519597.92 | G44: 519597.92 | H44: 511250.04 | I44: 511250.04 | J44: 511250.04 | K44: 511250.04 | Q44: =SUM(E44:P44) -> 3596490.3 | R44: 0
A45: 41 | B45: 4051 | C45: Renaissance Charter School at Central Palm | D45: 6442314.5 | E45: 541173.16 | F45: 548429.27 | G45: 548429.27 | H45: 533809.2 | I45: 533809.2 | J45: 533809.2 | K45: 533809.2 | Q45: =SUM(E45:P45) -> 3773268.5 | R45: 0
A46: 42 | B46: 4061 | C46: Franklin Academy - Palm Beach Gardens | D46: 8361178.3 | E46: 686342 | F46: 697323.13 | G46: 697323.13 | H46: 697798.89 | I46: 697798.89 | J46: 697798.89 | K46: 697798.89 | Q46: =SUM(E46:P46) -> 4872183.8 | R46: 0
A47: 43 | B47: 4080 | C47: University Preparatory Academy | E47: 166059.87 | F47: -166059.87 | Q47: =SUM(E47:P47) -> 0 | R47: 0
A48: 44 | B48: 4081 | C48: Florida Futures Academy - North Campus | D48: 1028142.9 | E48: 83555.86 | F48: 84667.61 | G48: 84667.61 | H48: 86139.09 | I48: 86139.09 | J48: 86139.09 | K48: 86139.09 | Q48: =SUM(E48:P48) -> 597447.44 | R48: 0
A49: 45 | B49: 4090 | C49: Sports Leadership Academy (SLAM) | D49: 2440255.6 | E49: 182095.15 | F49: 185341.43 | G49: 185341.43 | H49: 209719.73 | I49: 209719.73 | J49: 209719.73 | K49: 209719.73 | Q49: =SUM(E49:P49) -> 1391656.9 | R49: 0
A50: 46 | B50: 4091 | C50: Somerset Academy Lakes | D50: 3419511.6 | E50: 285991.1 | F50: 288895.8 | G50: 288895.8 | H50: 283969.88 | I50: 283969.88 | J50: 283969.88 | K50: 283969.88 | Q50: =SUM(E50:P50) -> 1999662.2 | R50: 0
A51: 47 | B51: 4100 | C51: Connections Education Center of the PBs | D51: 3853582.6 | E51: 312807.54 | F51: 321124.13 | G51: 321124.13 | H51: 321124.13 | I51: 321189.65 | J51: 322316.15 | K51: 322228.79 | Q51: =SUM(E51:P51) -> 2241914.5 | R51: 0
A52: 48 | B52: 4102 | C52: BridgePrep Academy of Palm Beach | D52: 1491672.3 | E52: 95722.88 | F52: 97565.26 | G52: 129838.42 | H52: 129838.42 | I52: 129838.42 | J52: 129838.41 | K52: 129838.42 | Q52: =SUM(E52:P52) -> 842480.23 | R52: 0
A53: 49 | B53: 4103 | C53: SLAM Boca | D53: 8322524.7 | E53: 660664.69 | F53: 670046.88 | G53: 702200.36 | H53: 698845.87 | I53: 698845.87 | J53: 698845.86 | K53: 698845.87 | Q53: =SUM(E53:P53) -> 4828295.4 | R53: 0
A54: 50 | B54: 4111 | C54: SLAM HS Palm Beach | D54: 2456771.1 | E54: 200228.99 | F54: 202649.33 | G54: 205064.94 | H54: 205425.31 | I54: 205425.31 | J54: 205425.31 | K54: 205425.31 | Q54: =SUM(E54:P54) -> 1429644.5 | R54: 0
A55: 51 | B55: 4131 | C55: Somerset Academy Wellington HS | D55: 811362.51 | E55: 66112.4 | F55: 67065.63 | G55: 67991.27 | H55: 67799.25 | I55: 67799.25 | J55: 67799.24 | K55: 67799.25 | Q55: =SUM(E55:P55) -> 472366.29 | R55: 0
R56: =SUM(E56:E56) -> 0
D57: =SUM(D5:D56) -> 2.1103825e+08 | E57: =SUM(E5:E56) -> 16906713 | F57: =SUM(F5:F56) -> 16825409 | G57: =SUM(G5:G56) -> 17480699 | H57: =SUM(H5:H56) -> 17767779 | I57: =SUM(I5:I56) -> 17751395 | J57: =SUM(J5:J56) -> 17758036 | K57: =SUM(K5:K56) -> 17759251 | ... Q57: =SUM(Q5:Q56) -> 1.2207591e+08 | R57: =SUM(E57:E57) -> 16906713
B59: 166059.87 | C59: Related to first payment (July 2025) to 4080 University Prep | I59: Net Revenue | J59: ='Annual Rev & Fees'!L58 -> 2.1104554e+08
I60: Net Revenue - Previous Pmts | J60: =D57-E57-F57-G57-H57-I57-J57 -> 1.0654822e+08
I61: Calculated Current Payment | J61: =K57 -> 17759251
I62: Actual Current Payment | J62: =K57 -> 17759251
J63: =J61-J62 -> 0 | K63: rounding diff
N69: *Use this for each tab in worksheet, current month is excluded for calc.
D71: Net Revenue | E71: July | F71: August | G71: Sept | H71: Oct | I71: Nov | J71: Dec | K71: Jan | L71: Feb | M71: March | N71: April | O71: May | P71: June | Q71: Total | R71: Payments excluding current month
A72: 1 | B72: 0040 | C72: Palm Beach Preparatory Middle School | D72: 298028.78 | E72: 24451.48 | F72: 24870.66 | G72: 24870.66 | H72: 24538.62 | I72: 24538.63 | J72: 24538.62 | Q72: =SUM(E72:P72) -> 147808.67 | R72: =SUM(E72:J72) -> 147808.67
A73: 2 | B73: 0571 | C73: Palmetto Park | H73: 43342.64 | I73: 43342.64 | J73: 43342.64 | Q73: =SUM(E73:P73) -> 130027.92 | R73: =SUM(E73:J73) -> 130027.92
A74: 3 | B74: 0100 | C74: The Learning Center Highschool | D74: 267259.57 | E74: 22293.06 | F74: 22269.68 | G74: 22269.68 | H74: 26670.77 | I74: 26670.78 | J74: 26737.89 | Q74: =SUM(E74:P74) -> 146911.86 | R74: =SUM(E74:J74) -> 146911.86
A75: 4 | B75: 1461 | C75: Inlet Grove Community High School | D75: 5905730.7 | E75: 485398.34 | F75: 492757.49 | G75: 662254.39 | H75: 675822.09 | I75: 659372.2 | J75: 659372.2 | Q75: =SUM(E75:P75) -> 3634976.7 | R75: =SUM(E75:J75) -> 3634976.7
A76: 5 | B76: 1571 | C76: South Tech Charter Academy | D76: 9687740 | E76: 795164.86 | F76: 808415.92 | G76: 876352.53 | H76: 860836.4 | I76: 860836.4 | J76: 860836.4 | Q76: =SUM(E76:P76) -> 5062442.5 | R76: =SUM(E76:J76) -> 5062442.5
A77: 6 | B77: 2521 | C77: Ed Venture | D77: 1350384.3 | E77: 112200.54 | F77: 112562.16 | G77: 112694.4 | H77: 109553.39 | I77: 109553.39 | J77: 109705.04 | Q77: =SUM(E77:P77) -> 666268.92 | R77: =SUM(E77:J77) -> 666268.92
A78: 7 | B78: 2531 | C78: Potentials Charter School | D78: 1583711.7 | E78: 128465.38 | F78: 132295.12 | G78: 132295.12 | H78: 136643.49 | I78: 136643.49 | J78: 137042.07 | Q78: =SUM(E78:P78) -> 803384.67 | R78: =SUM(E78:J78) -> 803384.67
A79: 8 | B79: 2791 | C79: The Learning Center @ The Els Center of Excl | D79: 5346468.2 | E79: 440248.86 | F79: 446019.94 | G79: 446019.95 | H79: 454340.22 | I79: 454340.22 | J79: 455853.95 | Q79: =SUM(E79:P79) -> 2696823.1 | R79: =SUM(E79:J79) -> 2696823.1
A80: 9 | B80: 2801 | C80: Palm Beach Maritime Academy Elementary | D80: 5255370.8 | E80: 433777.9 | F80: 438326.62 | G80: 438326.62 | H80: 441316.79 | I80: 441316.79 | J80: 441316.79 | Q80: =SUM(E80:P80) -> 2634381.5 | R80: =SUM(E80:J80) -> 2634381.5
A81: 10 | B81: 2911 | C81: Western Academy Charter School | D81: 6152950.2 | E81: 505265.93 | F81: 513425.85 | G81: 513425.85 | H81: 511868.89 | I81: 511868.89 | J81: 511868.89 | Q81: =SUM(E81:P81) -> 3067724.3 | R81: =SUM(E81:J81) -> 3067724.3
A82: 11 | B82: 2941 | C82: Palm Beach School for Autism | D82: 10423112 | E82: 858865.25 | F82: 869504.11 | G82: 869504.11 | H82: 890806.34 | I82: 890806.34 | J82: 892399.18 | Q82: =SUM(E82:P82) -> 5271885.3 | R82: =SUM(E82:J82) -> 5271885.3
A83: 12 | B83: 3083 | C83: The Learning Academy @ The Els Center of Excl | D83: 5952516.4 | E83: 484859.99 | F83: 497059.68 | G83: 497059.68 | H83: 504701.18 | I83: 504701.18 | J83: 506490.84 | Q83: =SUM(E83:P83) -> 2994872.5 | R83: =SUM(E83:J83) -> 2994872.5
A84: 13 | B84: 3345 | C84: Career Academy of the Palm Beaches | D84: 1095429.9 | E84: 90419.86 | F84: 91364.55 | G84: 91364.55 | H84: 93532.75 | I84: 93532.75 | J84: 93541.68 | Q84: =SUM(E84:P84) -> 553756.14 | R84: =SUM(E84:J84) -> 553756.14
A85: 14 | B85: 3362 | C85: Somerset Avenir | H85: 152593 | I85: 152593 | J85: 152593 | Q85: =SUM(E85:P85) -> 457779 | R85: =SUM(E85:J85) -> 457779
A86: 15 | B86: 3381 | C86: Imagine Schools - Chancellor Campus | D86: 9142489.3 | E86: 750894 | F86: 762872.3 | G86: 762872.3 | H86: 765891.06 | I86: 765891.07 | J86: 765891.06 | Q86: =SUM(E86:P86) -> 4574311.8 | R86: =SUM(E86:J86) -> 4574311.8
A87: 16 | B87: 3382 | C87: Glades Academy | D87: 2427071.4 | E87: 199480.37 | F87: 202508.28 | G87: 202508.28 | H87: 198960.42 | I87: 198960.42 | J87: 198960.42 | Q87: =SUM(E87:P87) -> 1201378.2 | R87: =SUM(E87:J87) -> 1201378.2
A88: 17 | B88: 3391 | C88: Seagull Academy for Independent Living | D88: 0 | F88: 0 | Q88: =SUM(E88:P88) -> 0 | R88: =SUM(E88:J88) -> 0
A89: 18 | B89: 3394 | C89: Montessori Academy of Early Enrichment | D89: 1653077.9 | E89: 136646.84 | F89: 137857.37 | G89: 137857.37 | H89: 136608.8 | I89: 136608.8 | J89: 136608.79 | Q89: =SUM(E89:P89) -> 822187.97 | R89: =SUM(E89:J89) -> 822187.97
A90: 19 | B90: 3395 | C90: Somerset Academy Charter School | D90: 4417918.6 | E90: 363962.87 | F90: 368541.43 | G90: 368541.43 | H90: 366702.21 | I90: 366702.21 | J90: 366702.21 | Q90: =SUM(E90:P90) -> 2201152.4 | R90: =SUM(E90:J90) -> 2201152.4
A91: 20 | B91: 3396 | C91: G-Star School of the Arts | D91: 5867214.7 | E91: 481353.82 | F91: 489623.72 | G91: 533385.66 | H91: 524600.61 | I91: 524600.61 | J91: 524600.6 | Q91: =SUM(E91:P91) -> 3078165 | R91: =SUM(E91:J91) -> 3078165
A92: 21 | B92: 3398 | C92: Everglades Preparatory Academy | D92: 919769.33 | E92: 75370.15 | F92: 76763.56 | G92: 76763.56 | H92: 78174.02 | I92: 78174.02 | J92: 78174.02 | Q92: =SUM(E92:P92) -> 463419.33 | R92: =SUM(E92:J92) -> 463419.33
A93: 22 | B93: 3400 | C93: Believers Academy | D93: 1132579.8 | E93: 93540.76 | F93: 94458.1 | G93: 94458.1 | H93: 100055.2 | I93: 100055.2 | J93: 100047.91 | Q93: =SUM(E93:P93) -> 582615.27 | R93: =SUM(E93:J93) -> 582615.27
A94: 23 | B94: 3401 | C94: Quantum High School | D94: 3550532.2 | E94: 291401.55 | F94: 296284.6 | G94: 298028.7 | H94: 307696.18 | I94: 307696.18 | J94: 307696.17 | Q94: =SUM(E94:P94) -> 1808803.4 | R94: =SUM(E94:J94) -> 1808803.4
A95: 24 | B95: 3413 | C95: Somerset Academy Boca | D95: 3434816.5 | E95: 282765.64 | F95: 286550.08 | G95: 286550.08 | H95: 287180.12 | I95: 287180.12 | J95: 287180.12 | Q95: =SUM(E95:P95) -> 1717406.2 | R95: =SUM(E95:J95) -> 1717406.2
A96: 25 | B96: 3421 | C96: Worthington High School | D96: 3841654.3 | E96: 318686.65 | F96: 320269.78 | G96: 322019.77 | H96: 365620.49 | I96: 365620.49 | J96: 365620.49 | Q96: =SUM(E96:P96) -> 2057837.7 | R96: =SUM(E96:J96) -> 2057837.7
A97: 26 | B97: 3431 | C97: Renaissance Charter School at WPB | D97: 8841825.3 | E97: 727291.13 | F97: 737684.93 | G97: 737684.93 | H97: 725549.97 | I97: 725549.97 | J97: 725549.97 | Q97: =SUM(E97:P97) -> 4379310.9 | R97: =SUM(E97:J97) -> 4379310.9
A98: 27 | B98: 3441 | C98: South Tech Preparatory Academy (MS) | D98: 4458303.8 | E98: 365051.77 | F98: 372113.82 | G98: 380953.21 | H98: 387823.98 | I98: 387823.98 | J98: 387823.98 | Q98: =SUM(E98:P98) -> 2281590.7 | R98: =SUM(E98:J98) -> 2281590.7
A99: 28 | B99: 3924 | C99: Palm Beach Maritime Academy Secondary | D99: 3693471.1 | E99: 303122.37 | F99: 308213.52 | G99: 309424.3 | H99: 306743.77 | I99: 306743.77 | J99: 306743.77 | Q99: =SUM(E99:P99) -> 1840991.5 | R99: =SUM(E99:J99) -> 1840991.5
A100: 29 | B100: 3941 | C100: Ben Gamla Charter School | D100: 2020244.6 | E100: 166503.7 | F100: 168521.9 | G100: 168521.9 | H100: 168880.64 | I100: 168880.64 | J100: 168880.64 | Q100: =SUM(E100:P100) -> 1010189.4 | R100: =SUM(E100:J100) -> 1010189.4
A101: 30 | B101: 3961 | C101: Gardens School of Technology Arts | D101: 0 | F101: 0 | Q101: =SUM(E101:P101) -> 0 | R101: =SUM(E101:J101) -> 0
A102: 31 | B102: 3971 | C102: Palm Beach Perparatory Charter Academy | D102: 5099211.8 | E102: 418200.93 | F102: 425546.45 | G102: 426358.86 | H102: 468192.65 | I102: 468192.65 | J102: 468192.64 | Q102: =SUM(E102:P102) -> 2674684.2 | R102: =SUM(E102:J102) -> 2674684.2
A103: 32 | B103: 4001 | C103: Renaissance Charter School at Wellington | D103: 5914578.1 | E103: 486040.8 | F103: 493503.39 | G103: 493503.4 | H103: 492923.41 | I103: 492923.41 | J103: 492923.41 | Q103: =SUM(E103:P103) -> 2951817.8 | R103: =SUM(E103:J103) -> 2951817.8
A104: 33 | B104: 4002 | C104: Renaissance Charter School at Summit | D104: 8574250.8 | E104: 707326.89 | F104: 715174.9 | G104: 715174.91 | H104: 708965.29 | I104: 708965.29 | J104: 708965.29 | Q104: =SUM(E104:P104) -> 4264572.6 | R104: =SUM(E104:J104) -> 4264572.6
A105: 34 | B105: 4012 | C105: Somerset Academy Canyons Middle School | D105: 4904770.5 | E105: 401311.12 | F105: 409405.4 | G105: 417398.36 | H105: 416469.55 | I105: 416469.55 | J105: 416469.55 | Q105: =SUM(E105:P105) -> 2477523.5 | R105: =SUM(E105:J105) -> 2477523.5
A106: 35 | B106: 4013 | C106: Somerset Academy Canyons High School | D106: 8119848.9 | E106: 667648.91 | F106: 677472.72 | G106: 795258.27 | H106: 786596.81 | I106: 786596.81 | J106: 786596.81 | Q106: =SUM(E106:P106) -> 4500170.3 | R106: =SUM(E106:J106) -> 4500170.3
A107: 36 | B107: 4020 | C107: Franklin Academy - Boynton Beach | D107: 10867277 | E107: 892802.19 | F107: 906770.45 | G107: 906770.45 | H107: 899763.33 | I107: 899763.33 | J107: 899763.33 | Q107: =SUM(E107:P107) -> 5405633.1 | R107: =SUM(E107:J107) -> 5405633.1
A108: 37 | B108: 4030 | C108: Olympus International Academy | D108: 2619365.4 | E108: 216879.02 | F108: 218407.85 | G108: 218407.85 | H108: 217485.59 | I108: 217485.59 | J108: 217485.59 | Q108: =SUM(E108:P108) -> 1306151.5 | R108: =SUM(E108:J108) -> 1306151.5
A109: 38 | B109: 4031 | C109: Somerset Academy Wellington | D109: 3914815.9 | E109: 322483.34 | F109: 326575.68 | G109: 326575.68 | H109: 319995.16 | I109: 319995.16 | J109: 319995.16 | Q109: =SUM(E109:P109) -> 1935620.2 | R109: =SUM(E109:J109) -> 1935620.2
...

Sheet Consolidated
B1: (Insert district number in cell A1, enter, then strike F9. Your district data then pulls from Calculation Detail Sheets)
A2: Revenue Estimate Worksheet: All Charter Schools (Consolidated Tab)
A3: ='[2]1461'!A3 -> Based on the FLDOE 2025-26 FEFP Calculation
A4: School District: | C4: Palm Beach | F4: January 2026
A7: 1A. 2025-26 FEFP State and Local Funding
B8: Base Student Allocation: | C8: ='[2]1461'!C8 -> 5372.6 | G8: District Cost Differential: | H8: ='[2]1461'!H8 -> 1.0355
G9: Small District Factor: | H9: ='[2]1461'!H9 -> 1
I10: ='[2]1461'!I10 -> 2025-26
C11: ='[2]1461'!C11 -> Oct 2024 | D11: ='[2]1461'!D11 -> Feb 2025 | E11: Total | F11: Program | H11: Weighted FTE | I11: Base Funding
A12: Program | C12: ='[2]1461'!C12 -> FTE | D12: ='[2]1461'!D12 -> FTE | E12: FTE | F12: Cost Factor | H12: (2) x (3) | I12: (WFTE x BSA x CWF x SDF)
A13: (1) | E13: (2) | F13: (3) | H13: (4) | I13: (5)
A14: 101 Basic K-3 | C14: =SUM('0040:4131'!C12) -> 2123.9 | D14: =SUM('0040:4131'!D12) -> 2080.34 | E14: =SUM('0040:4131'!E12) -> 4204.24 | F14: ='1461'!G12:G12 -> 1.108 | H14: =SUM('0040:4131'!I12) -> 4658.2979 | I14: =SUM('0040:4131'!J12) -> 25915636
A15: 111 Basic K-3 with ESE Services | C15: =SUM('0040:4131'!C13) -> 288.15 | D15: =SUM('0040:4131'!D13) -> 304.76 | E15: =SUM('0040:4131'!E13) -> 592.91 | F15: ='1461'!G13:G13 -> 1.108 | H15: =SUM('0040:4131'!I13) -> 656.9442 | I15: =SUM('0040:4131'!J13) -> 3654795.6
A16: 102 Basic 4-8 | C16: =SUM('0040:4131'!C14) -> 3325.73 | D16: =SUM('0040:4131'!D14) -> 3337.89 | E16: =SUM('0040:4131'!E14) -> 6663.62 | F16: ='1461'!G14:G14 -> 1 | H16: =SUM('0040:4131'!I14) -> 6663.62 | I16: =SUM('0040:4131'!J14) -> 37071899
A17: 112 Basic 4-8 with ESE Services | C17: =SUM('0040:4131'!C15) -> 579.96 | D17: =SUM('0040:4131'!D15) -> 587.27 | E17: =SUM('0040:4131'!E15) -> 1167.23 | F17: ='1461'!G15:G15 -> 1 | H17: =SUM('0040:4131'!I15) -> 1167.23 | I17: =SUM('0040:4131'!J15) -> 6493682.5
A18: 103 Basic 9-12 | C18: =SUM('0040:4131'!C16) -> 2266.59 | D18: =SUM('0040:4131'!D16) -> 2312.99 | E18: =SUM('0040:4131'!E16) -> 4579.58 | F18: ='1461'!G16:G16 -> 0.972 | H18: =SUM('0040:4131'!I16) -> 4451.3517 | I18: =SUM('0040:4131'!J16) -> 24764326
A19: 113 Basic 9-12 with ESE Services | C19: =SUM('0040:4131'!C17) -> 626.39 | D19: =SUM('0040:4131'!D17) -> 635.27 | E19: =SUM('0040:4131'!E17) -> 1261.66 | F19: ='1461'!G17:G17 -> 0.972 | H19: =SUM('0040:4131'!I17) -> 1226.3335 | I19: =SUM('0040:4131'!J17) -> 6822494.6
A20: 254 ESE Level 4 (Grade Level PK-3) | C20: =SUM('0040:4131'!C18) -> 87.99 | D20: =SUM('0040:4131'!D18) -> 85.67 | E20: =SUM('0040:4131'!E18) -> 173.66 | F20: ='1461'!G18:G18 -> 3.609 | H20: =SUM('0040:4131'!I18) -> 626.739 | I20: =SUM('0040:4131'!J18) -> 3486754.2
A21: 254 ESE Level 4 (Grade Level 4-8) | C21: =SUM('0040:4131'!C19) -> 78.01 | D21: =SUM('0040:4131'!D19) -> 76.29 | E21: =SUM('0040:4131'!E19) -> 154.3 | F21: ='1461'!G19:G19 -> 3.609 | H21: =SUM('0040:4131'!I19) -> 556.8687 | I21: =SUM('0040:4131'!J19) -> 3098042.9
A22: 254 ESE Level 4 (Grade Level 9-12) | C22: =SUM('0040:4131'!C20) -> 61.08 | D22: =SUM('0040:4131'!D20) -> 62.11 | E22: =SUM('0040:4131'!E20) -> 123.19 | F22: ='1461'!G20:G20 -> 3.609 | H22: =SUM('0040:4131'!I20) -> 444.5928 | I22: =SUM('0040:4131'!J20) -> 2473415.3
A23: 255 ESE Level 5 (Grade Level PK-3) | C23: =SUM('0040:4131'!C21) -> 50.51 | D23: =SUM('0040:4131'!D21) -> 55.54 | E23: =SUM('0040:4131'!E21) -> 106.05 | F23: ='1461'!G21:G21 -> 6.064 | H23: =SUM('0040:4131'!I21) -> 643.0872 | I23: =SUM('0040:4131'!J21) -> 3577704.6
A24: 255 ESE Level 5 (Grade Level 4-8) | C24: =SUM('0040:4131'!C22) -> 50.48 | D24: =SUM('0040:4131'!D22) -> 55.47 | E24: =SUM('0040:4131'!E22) -> 105.95 | F24: ='1461'!G22:G22 -> 6.064 | H24: =SUM('0040:4131'!I22) -> 642.4808 | I24: =SUM('0040:4131'!J22) -> 3574331
A25: 255 ESE Level 5 (Grade Level 9-12) | C25: =SUM('0040:4131'!C23) -> 40.94 | D25: =SUM('0040:4131'!D23) -> 43.53 | E25: =SUM('0040:4131'!E23) -> 84.47 | F25: ='1461'!G23:G23 -> 6.064 | H25: =SUM('0040:4131'!I23) -> 512.2261 | I25: =SUM('0040:4131'!J23) -> 2849681.5
... A29: 300 Career Education (Grades 9-12) | C29: =SUM('0040:4131'!C27) -> 286.93 | D29: =SUM('0040:4131'!D27) -> 293.68 | E29: =SUM('0040:4131'!E27) -> 580.61 | F29: ='1461'!G27:G27 -> 1.081 | H29: =SUM('0040:4131'!I27) -> 627.6394 | I29: =SUM('0040:4131'!J27) -> 3491763.4
A30: Totals non-virtual schools | C30: =SUM(C14:C29) -> 10908.24 | D30: =SUM(D14:D29) -> 10940.79 | E30: =SUM(E14:E29) -> 21849.03 | H30: =SUM('0040:4131'!I28) -> 25267.48 | I30: =SUM('0040:4131'!J28) -> 1.4057126e+08
A31: Virtual schools ($5,476.28/FTE) | C31: =SUM('0040:4131'!C29) -> 0 | D31: =SUM('0040:4131'!D29) -> 0 | E31: =IF(D$30=0,C31*2,C31+D31) -> 0 | F31: ='1461'!G29:G29 -> 0 | H31: =ROUND(E31*F31,4) -> 0 | I31: =[2]Virtual!E28 -> 0
A32: Totals all schools | C32: =SUM(C30:C31) -> 10908.24 | D32: =SUM(D30:D31) -> 10940.79 | E32: =SUM(E30:E31) -> 21849.03 | I32: =SUM('0040:4131'!J30) -> 0
A34: Letters in Parentheses Refer to Notes at Bottom of Worksheet:
I36: 2018-19
C37: =C11 -> Oct 2024 | D37: =D11 -> Feb 2025 | E37: Total | I37: Base Funding
A38: Additional FTE (a) | C38: FTE | D38: FTE | E38: FTE | I38: (WFTE x BSA x DCD)
A39: Advanced Placement | C39: =SUM('[2]1461:4111'!C38) -> 0 | D39: =SUM('[2]1461:4111'!D38) -> 0 | E39: =SUM('[2]1461:4111'!E38) -> 0 | I39: =SUM('[2]1461:4111'!I38) -> 0
A40: International Baccalaureate | C40: =SUM('[2]1461:4111'!C39) -> 0 | D40: =SUM('[2]1461:4111'!D39) -> 0 | E40: =SUM('[2]1461:4111'!E39) -> 0 | I40: =SUM('[2]1461:4111'!I39) -> 0
A41: Advanced International Certificate | C41: =SUM('[2]1461:4111'!C40) -> 0 | D41: =SUM('[2]1461:4111'!D40) -> 0 | E41: =SUM('[2]1461:4111'!E40) -> 0 | I41: =SUM('[2]1461:4111'!I40) -> 0
A42: Industry Certified Career Education | C42: =SUM('[2]1461:4111'!C41) -> 0 | D42: =SUM('[2]1461:4111'!D41) -> 0 | E42: =SUM('[2]1461:4111'!E41) -> 0 | I42: =SUM('[2]1461:4111'!I41) -> 0
A43: Early High School Graduation | C43: =SUM('[2]1461:4111'!C42) -> #REF! | D43: =SUM('[2]1461:4111'!D42) -> 0 | E43: =SUM('[2]1461:4111'!E42) -> 0 | I43: =SUM('[2]1461:4111'!I42) -> 0
A44: Small District ESE Supplement | C44: =SUM('[2]1461:4111'!C43) -> 0 | D44: =SUM('[2]1461:4111'!D43) -> 0 | E44: =SUM('[2]1461:4111'!E43) -> 0 | I44: =SUM('[2]1461:4111'!I43) -> 0
B45: Total Additional FTE | C45: =SUM(C39:C44) -> #REF! | D45: =SUM(D39:D44) -> 0 | E45: =SUM(E39:E44) -> 0 | H45: Additional Base Funds | I45: =SUM(I39:I44) -> 0
B47: Total Funded Weighted FTE | E47: =H30+E45 -> 25267.48 | H47: Total Base Funding | I47: =SUM(I45,I32) -> 0
A50: 1B. Classroom Teacher & Other Instructional Personnel Salary Increase
A51: Maintenance and Growth Portions of the Salary Increase funds are part of the total Base Funding and are not treated as a separate allocation.
A52: Amounts are split out here for informative purposes and for the purposes of providing a total that may be used for calculating the adminstrative fee.
B53: Maintenance Portion (6.67% of Conference Funding) | E53: (g) (k) | F53: =SUM('0040:4131'!G36) -> 1.3818749e+08 | G53: x | H53: 0.0667 | I53: =SUM('0040:4131'!J36) -> 9217105.6 | K53: =F53*H53 -> 9217105.6
B54: Growth Portion (0.54% of Conference Funding) | E54: (g) (k) | F54: =SUM('0040:4131'!G37) -> 1.3818749e+08 | G54: x | H54: 0.0054 | I54: =SUM('0040:4131'!J37) -> 746212.42 | K54: =F54*0.0054 -> 746212.45
B55: Total Salary Increase | I55: =SUM(I53:I54) -> 9963318
C57: =C11 -> Oct 2024 | D57: =D11 -> Feb 2025 | E57: Total | F57: Grade | G57: Matrix | H57: Guarantee
A58: 2. ESE Guaranteed Allocation: | C58: =C12 -> FTE | D58: =D12 -> FTE | E58: FTE | F58: Level | G58: Level | H58: Per Student
A59: Additional Funding from the ESE Guaranteed Allocation. Enter the FTE from 111,112 and 113 by grade and matrix level. Students who do not have a matrix level should be considered 251. This total should equal all FTE from programs 111, 112 and 113 above. | C59: =SUM('0040:4131'!C41) -> 226.09 | D59: =SUM('0040:4131'!D41) -> 243.06 | E59: =SUM('0040:4131'!E41) -> 469.15 | F59: PK-3 | G59: 251 | H59: ='0040'!I41 -> 1047 | I59: =SUM('0040:4131'!J41) -> 491200.05
C60: =SUM('0040:4131'!C42) -> 45.53 | D60: =SUM('0040:4131'!D42) -> 48.09 | E60: =SUM('0040:4131'!E42) -> 93.62 | F60: PK-3 | G60: 252 | H60: ='0040'!I42 -> 3380 | I60: =SUM('0040:4131'!J42) -> 316435.6
C61: =SUM('0040:4131'!C43) -> 16.53 | D61: =SUM('0040:4131'!D43) -> 13.61 | E61: =SUM('0040:4131'!E43) -> 30.14 | F61: PK-3 | G61: 253 | H61: ='0040'!I43 -> 6896 | I61: =SUM('0040:4131'!J43) -> 207845.44
C62: =SUM('0040:4131'!C44) -> 503.96 | D62: =SUM('0040:4131'!D44) -> 514.03 | E62: =SUM('0040:4131'!E44) -> 1017.99 | F62: 4-8 | G62: 251 | H62: ='0040'!I44 -> 1173 | I62: =SUM('0040:4131'!J44) -> 1194102.3
C63: =SUM('0040:4131'!C45) -> 63.06 | D63: =SUM('0040:4131'!D45) -> 62.07 | E63: =SUM('0040:4131'!E45) -> 125.13 | F63: 4-8 | G63: 252 | H63: ='0040'!I45 -> 3506 | I63: =SUM('0040:4131'!J45) -> 438705.78
C64: =SUM('0040:4131'!C46) -> 12.94 | D64: =SUM('0040:4131'!D46) -> 11.17 | E64: =SUM('0040:4131'!E46) -> 24.11 | F64: 4-8 | G64: 253 | H64: ='0040'!I46 -> 7023 | I64: =SUM('0040:4131'!J46) -> 169324.53
C65: =SUM('0040:4131'!C47) -> 430.47 | D65: =SUM('0040:4131'!D47) -> 436.79 | E65: =SUM('0040:4131'!E47) -> 867.26 | F65: 9-12 | G65: 251 | H65: ='0040'!I47 -> 835 | I65: =SUM('0040:4131'!J47) -> 724162.1
C66: =SUM('0040:4131'!C48) -> 80.77 | D66: =SUM('0040:4131'!D48) -> 84.22 | E66: =SUM('0040:4131'!E48) -> 164.99 | F66: 9-12 | G66: 252 | H66: ='0040'!I48 -> 3168 | I66: =SUM('0040:4131'!J48) -> 522688.32
C67: =SUM('0040:4131'!C49) -> 115.15 | D67: =SUM('0040:4131'!D49) -> 114.26 | E67: =SUM('0040:4131'!E49) -> 229.41 | F67: 9-12 | G67: 253 | H67: ='0040'!I49 -> 6685 | I67: =SUM('0040:4131'!J49) -> 1533605.9
C68: =SUM(C59:C67) -> 1494.5 | D68: =SUM(D59:D67) -> 1527.3 | E68: =SUM(E59:E67) -> 3021.8 | F68: Total ESE Guarantee | I68: =SUM(I59:I67) -> 5598069.9
A70: 3A. Divide school's Unweighted FTE (UFTE) total computed in Section 1, cell E30 above by the district's total UFTE to obtain school's
A71: UFTE share. CS UFTE: | C71: =SUM('0040:4131'!E53) -> 20723.62 | D71: ÷ District's total UFTE | H71: ='0040'!I53 -> 215320.92
G72: = | H72: =ROUND(C71/H71,6) -> 0.096245
A73: 3B. Divide school's Weighted FTE (WFTE) total computed in Section 1, cell H30 above by the district's total WFTE to obtain school's
A74: WFTE share. CS WFTE: | C74: =SUM('0040:4131'!E56) -> 24101.965 | D74: ÷ District's total WFTE | H74: ='0040'!I56 -> 229051.25
G75: = | H75: =ROUND(C74/H74,6) -> 0.105225
A76: 3C. Divide school's Unweighted FTE (UFTE) total computed in Section 1, cell E30 above by the District's total non-scholarship UFTE to obtain school's
A77: UFTE share. CS UFTE: | C77: =SUM('0040:4131'!E59) -> 20723.62 | D77: ÷ District's total non-scholarship UFTE | H77: ='0040'!I59 -> 186156.17
G78: = | H78: =ROUND(C77/H77,6) -> 0.111324
A79: 3D. Divide school's Unweighted FTE (UFTE) total computed in Section 1, cell E30 above by the District's total non-virtual UFTE to obtain school's
A80: UFTE share. CS UFTE: | C80: =SUM('0040:4131'!E62) -> 20723.62 | D80: ÷ District's total non-virtual UFTE | H80: ='0040'!I62 -> 215016.58
G81: = | H81: =ROUND(C80/H80,6) -> 0.096381
A82: 3E. Divide school's Unweighted FTE (UFTE) total computed in Section 1, cell E30 above by the district's total non-scholarship/virtual UFTE to obtain
A83: school's UFTE share. CS UFTE: | C83: =SUM('0040:4131'!E65) -> 20723.62 | D83: ÷ Dististict's total non-scholarship/virtual UFTE | H83: ='0040'!I65 -> 185851.83
G84: = | H84: =ROUND(C83/H83,6) -> 0.111506
A86: 4. Educational Enrichment Share (Non-virtual UFTE share) | E86: (e) | F86: ='0040'!G68 -> 47290747 | G86: x | H86: =H81 -> 0.096381 | I86: =SUM('0040:4131'!J68) -> 4805354.7 | K86: =F86*H86 -> 4557929.5 | L86: =I86-K86 -> 247425.19
A88: 5. Discretionary Millage Compression Allocation
A89: .748 Mills (UFTE share) | E89: (b) | F89: ='0040'!G70 -> 0 | G89: x | H89: =H72 -> 0.096245 | I89: =SUM('[2]0040:4131'!I88) -> 0
A91: 6. Safe Schools Allocation (Non-scholarship/virtual UFTE share) | E91: (f) | F91: ='0040'!G71 -> 19167881 | G91: x | H91: =H84 -> 0.111506 | I91: =SUM('0040:4131'!J71) -> 2253395.3 | K91: =F91*H91 -> 2137333.7 | L91: =I91-K91 -> 116061.54
K92: =F92*H92 -> 0 | L92: =I92-K92 -> 0
A93: 7. Mental Health Assistance Allocation (Non-scholarship UFTE share) | E93: (b) | F93: ='0040'!G72 -> 11546889 | G93: x | H93: =H78 -> 0.111324 | I93: =SUM('0040:4131'!J72) -> 1355246.8 | K93: =F93*H93 -> 1285445.9 | L93: =I93-K93 -> 69800.939
A95: 8. Academic Acceleration Options Supplement (Value share) | F95: (g) | R95: Acceleration Value | T95: Acceleration Value Charter schools should contact their school district sponsor regarding eligible value. Please note that “Acceleration Value” is NOT equivalent to number of students enrolled in these courses or programs. Please refer to footnote (a) below.
A96: Acceleration Value | E96: Acceleration Value Charter schools should contact their school district sponsor regarding eligible value. Please note that “Acceleration Value” is NOT equivalent to number of students enrolled in these courses or programs. Please refer to footnote (g) below. | R96: Advanced Placement
A97: Advanced Placement | J97: =SUM('0040:4131'!J75) -> 79.04 | R97: International Baccalaureate
A98: International Baccalaureate | J98: =SUM('0040:4131'!J76) -> 26.72 | R98: Advanced International Certificate
A99: Advanced International Certificate | J99: =SUM('0040:4131'!J77) -> 183.74 | R99: Industry Certified Career Education
A100: Industry Certified Career Education | J100: =SUM('0040:4131'!J78) -> 249.5 | R100: Early High School Graduation
A101: Early High School Graduation | J101: =SUM('0040:4131'!J79) -> 11.5 | R101: Dual Enrollment
A102: Dual Enrollment | J102: =SUM('0040:4131'!J80) -> 43.36 | X102: School total value | Y102: =SUM(Y96:Y101) -> 0
I103: School total value | J103: =SUM(J97:J102) -> 593.86 | X103: District total value | Y103: =J104 -> 11461.43
I104: District total value | J104: ='0040'!J82 -> 11461.43
R105: School Academic Acceleration Option Supplement | V105: =F106 -> 63269727 | W105: x | X105: =IFERROR(ROUND(Y102/Y103,6),0) -> 0 | Y105: =ROUND(V105*X105,2) -> 0
A106: School Academic Acceleration Option Supplement | F106: ='0040'!G84 -> 63269727 | H106: x | I106: =IFERROR(ROUND(J103/J104,6),0) -> 0.051814 | J106: =ROUND(F106*I106,2) -> 3278257.6 | R106: 9. ESE Guaranteed Allocation
A108: 9. Discretionary Local Effort (WFTE share) | E108: (c) | F108: ='0040'!G85 -> 268816278 | G108: x | H108: =H75 -> 0.105225 | I108: =SUM('0040:4131'!J85) -> 29653930 | K108: =F108*H108 -> 28286193 | L108: =I108-K108 -> 1367737.2
A110: 10. Proration to Funds Available (WFTE share) | E110: (c) | F110: ='[2]1461'!F96 -> 0 | G110: x | H110: =H75 -> 0.105225 | I110: =SUM('[2]0040:4131'!I96) -> 0
A112: 11. Educational Enrollment Stabilization Program (UFTE Share) | E112: (b) | F112: ='[2]1461'!F98 -> 0 | G112: x | H112: =H72 -> 0.096245 | I112: =SUM('[2]0040:4131'!I98) -> 0
A115: 12. Class Size Reduction Funds:
C116: Weighted FTE | F116: Allocation
C117: (not including Add-On) | E117: X CWF X | F117: Factors
B118: PK - 3 | C118: =SUM('0040:4131'!B90) -> 7875.0965 | D118: =SUM('[2]1461:4131'!D101) -> #REF! | E118: =[2]Consolidated!$E$105 -> 1.0355 | F118: ='0040'!G90 -> 958.42 | G118: = | H118: =SUM('0040:4131'!I90) -> 7815591.6
B119: 4-8 | C119: =SUM('0040:4131'!B91) -> 9762.2745 | D119: =SUM('[2]1461:4131'!D102) -> #REF! | E119: =[2]Consolidated!$E$106 -> 1.0355 | F119: ='0040'!G91 -> 915.09 | G119: = | H119: =SUM('0040:4131'!I91) -> 9250494.1
B120: 9-12 | C120: =SUM('0040:4131'!B92) -> 7630.109 | D120: =SUM('[2]1461:4131'!D103) -> #REF! | E120: =[2]Consolidated!$E$107 -> 1.0355 | F120: ='0040'!G92 -> 917.3 | G120: = | H120: =SUM('0040:4131'!I92) -> 7247567
B121: Total * | C121: =SUM('0040:4131'!B93) -> 25267.48 | D121: =SUM('[2]1461:4131'!D104) -> #REF! | H121: Total Class Size Reduction Funds | I121: =SUM('0040:4131'!J93) -> 24313653
...

Sheet 0040
A1: 50 | B1: (Insert district number in cell A1, enter, then strike F9. Your district data then pulls from Calculation Detail Sheets) | R1: 50 | S1: (Insert district number in cell A1, enter, then strike F9. Your district data then pulls from Calculation Detail Sheets)
A2: Revenue Estimate Worksheet: Palm Beach Preparatory Middle School 0040 | R2: =Revenue_Estimate_Worksheet_for___________Charter_School -> Revenue Estimate Worksheet: Palm Beach Preparatory Middle School 0040
A3: Based on the 2025-26 Second Calculation Worksheet | R3: Based on the 2025-26 FEFP Second Calculation
A4: School District: | D4: Palm Beach | H4: 46023 | R4: School District: | T4: Palm Beach
A5: 1A. 2025-26 FEFP State and Local Funding | R5: 1A. 2025-26 FEFP State and Local Funding
A6: Base Student Allocation | E6: 5372.6 | G6: Comparable Wage Factor: | I6: =INDEX('[1]Detail 2025-26 FEFP Second'!$C$1:$C$65536,MATCH('0040'!$A$1,'[1]Detail 2025-26 FEFP Second'!$A$1:$A$65536,0)) -> 1.0355 | R6: Base Student Allocation | T6: =E6 -> 5372.6 | V6: Comparable Wage Factor: | X6: 1.0355
G7: Small District Factor | I7: =INDEX('[1]Detail 2025-26 FEFP Second'!$D$1:$D$65536,MATCH('0040'!$A$1,'[1]Detail 2025-26 FEFP Second'!$A$1:$A$65536,0)) -> 1 | V7: Small District Factor | X7: 1
J8: 2025-26 | Y8: 2025-26
C9: Oct 2024 | D9: Feb 2025 | G9: Program | I9: Weighted FTE | J9: Base Funding | V9: Program | X9: Weighted FTE | Y9: Base Funding
A10: Program | C10: FTE | D10: FTE | E10: Total FTE | G10: Cost Factor | I10: (2) x (3) | J10: (WFTE x BSA x CWF x SDF) | R10: Program | T10: Number of FTE | V10: Cost Factor | X10: (2) x (3) | Y10: (WFTE x BSA x CWF x SDF)
A11: (1) | E11: (2) | G11: (3) | I11: (4) | J11: (5) | R11: (1) | T11: (2) | V11: (3) | X11: (4) | Y11: (5)
A12: 101 Basic K-3 | E12: =IF($D$28=0,C12*2,C12+D12) -> 0 | G12: 1.108 | I12: =ROUND(E12*G12,4) -> 0 | J12: =ROUND(ROUND(ROUND(I12*$E$6,4)*($I$6),2)*(MAX($I$7,1)),2) -> 0 | R12: 101 Basic K-3 | T12: =IF($I$111=1,E12,0) -> 0 | V12: 1 | X12: =ROUND(T12*V12,4) -> 0 | Y12: =ROUND(ROUND(ROUND(X12*$E$6,4)*($I$6),2)*(MAX($I$7,1)),2) -> 0
A13: 111 Basic K-3 with ESE Services | E13: =IF($D$28=0,C13*2,C13+D13) -> 0 | G13: 1.108 | I13: =ROUND(E13*G13,4) -> 0 | J13: =ROUND(ROUND(ROUND(I13*$E$6,4)*($I$6),2)*(MAX($I$7,1)),2) -> 0 | R13: 111 Basic K-3 with ESE Services | T13: =IF($I$111=1,E13,0) -> 0 | V13: 1 | X13: =ROUND(T13*V13,4) -> 0 | Y13: =ROUND(ROUND(ROUND(X13*$E$6,4)*($I$6),2)*(MAX($I$7,1)),2) -> 0
A14: 102 Basic 4-8 | C14: 10.53 | D14: 8.42 | E14: =IF($D$28=0,C14*2,C14+D14) -> 18.95 | G14: 1 | I14: =ROUND(E14*G14,4) -> 18.95 | J14: =ROUND(ROUND(ROUND(I14*$E$6,4)*($I$6),2)*(MAX($I$7,1)),2) -> 105425.05 | R14: 102 Basic 4-8 | T14: =IF($I$111=1,E14,0) -> 0 | V14: 1 | X14: =ROUND(T14*V14,4) -> 0 | Y14: =ROUND(ROUND(ROUND(X14*$E$6,4)*($I$6),2)*(MAX($I$7,1)),2) -> 0
A15: 112 Basic 4-8 with ESE Services | C15: 5.1 | D15: 7.08 | E15: =IF($D$28=0,C15*2,C15+D15) -> 12.18 | G15: 1 | I15: =ROUND(E15*G15,4) -> 12.18 | J15: =ROUND(ROUND(ROUND(I15*$E$6,4)*($I$6),2)*(MAX($I$7,1)),2) -> 67761.33 | R15: 112 Basic 4-8 with ESE Services | T15: =IF($I$111=1,E15,0) -> 0 | V15: 1 | X15: =ROUND(T15*V15,4) -> 0 | Y15: =ROUND(ROUND(ROUND(X15*$E$6,4)*($I$6),2)*(MAX($I$7,1)),2) -> 0
A16: 103 Basic 9-12 | E16: =IF($D$28=0,C16*2,C16+D16) -> 0 | G16: 0.972 | I16: =ROUND(E16*G16,4) -> 0 | J16: =ROUND(ROUND(ROUND(I16*$E$6,4)*($I$6),2)*(MAX($I$7,1)),2) -> 0 | R16: 103 Basic 9-12 | T16: =IF($I$111=1,E16,0) -> 0 | V16: 1 | X16: =ROUND(T16*V16,4) -> 0 | Y16: =ROUND(ROUND(ROUND(X16*$E$6,4)*($I$6),2)*(MAX($I$7,1)),2) -> 0
A17: 113 Basic 9-12 with ESE Services | E17: =IF($D$28=0,C17*2,C17+D17) -> 0 | G17: 0.972 | I17: =ROUND(E17*G17,4) -> 0 | J17: =ROUND(ROUND(ROUND(I17*$E$6,4)*($I$6),2)*(MAX($I$7,1)),2) -> 0 | R17: 113 Basic 9-12 with ESE Services | T17: =IF($I$111=1,E17,0) -> 0 | V17: 1 | X17: =ROUND(T17*V17,4) -> 0 | Y17: =ROUND(ROUND(ROUND(X17*$E$6,4)*($I$6),2)*(MAX($I$7,1)),2) -> 0
A18: 254 ESE Level 4 (Grade Level PK-3) | E18: =IF($D$28=0,C18*2,C18+D18) -> 0 | G18: 3.609 | I18: =ROUND(E18*G18,4) -> 0 | J18: =ROUND(ROUND(ROUND(I18*$E$6,4)*($I$6),2)*(MAX($I$7,1)),2) -> 0 | R18: 254 ESE Level 4 (Grade Level PK-3) | T18: =IF($I$111=1,E18,0) -> 0 | V18: 1 | X18: =ROUND(T18*V18,4) -> 0 | Y18: =ROUND(ROUND(ROUND(X18*$E$6,4)*($I$6),2)*(MAX($I$7,1)),2) -> 0
A19: 254 ESE Level 4 (Grade Level 4-8) | E19: =IF($D$28=0,C19*2,C19+D19) -> 0 | G19: 3.609 | I19: =ROUND(E19*G19,4) -> 0 | J19: =ROUND(ROUND(ROUND(I19*$E$6,4)*($I$6),2)*(MAX($I$7,1)),2) -> 0 | R19: 254 ESE Level 4 (Grade Level 4-8) | T19: =IF($I$111=1,E19,0) -> 0 | V19: 1 | X19: =ROUND(T19*V19,4) -> 0 | Y19: =ROUND(ROUND(ROUND(X19*$E$6,4)*($I$6),2)*(MAX($I$7,1)),2) -> 0
A20: 254 ESE Level 4 (Grade Level 9-12) | E20: =IF($D$28=0,C20*2,C20+D20) -> 0 | G20: 3.609 | I20: =ROUND(E20*G20,4) -> 0 | J20: =ROUND(ROUND(ROUND(I20*$E$6,4)*($I$6),2)*(MAX($I$7,1)),2) -> 0 | R20: 254 ESE Level 4 (Grade Level 9-12) | T20: =IF($I$111=1,E20,0) -> 0 | V20: 1 | X20: =ROUND(T20*V20,4) -> 0 | Y20: =ROUND(ROUND(ROUND(X20*$E$6,4)*($I$6),2)*(MAX($I$7,1)),2) -> 0
A21: 255 ESE Level 5 (Grade Level PK-3) | E21: =IF($D$28=0,C21*2,C21+D21) -> 0 | G21: 6.064 | I21: =ROUND(E21*G21,4) -> 0 | J21: =ROUND(ROUND(ROUND(I21*$E$6,4)*($I$6),2)*(MAX($I$7,1)),2) -> 0 | R21: 255 ESE Level 5 (Grade Level PK-3) | T21: =IF($I$111=1,E21,0) -> 0 | V21: 1 | X21: =ROUND(T21*V21,4) -> 0 | Y21: =ROUND(ROUND(ROUND(X21*$E$6,4)*($I$6),2)*(MAX($I$7,1)),2) -> 0
A22: 255 ESE Level 5 (Grade Level 4-8) | E22: =IF($D$28=0,C22*2,C22+D22) -> 0 | G22: 6.064 | I22: =ROUND(E22*G22,4) -> 0 | J22: =ROUND(ROUND(ROUND(I22*$E$6,4)*($I$6),2)*(MAX($I$7,1)),2) -> 0 | R22: 255 ESE Level 5 (Grade Level 4-8) | T22: =IF($I$111=1,E22,0) -> 0 | V22: 1 | X22: =ROUND(T22*V22,4) -> 0 | Y22: =ROUND(ROUND(ROUND(X22*$E$6,4)*($I$6),2)*(MAX($I$7,1)),2) -> 0
A23: 255 ESE Level 5 (Grade Level 9-12) | E23: =IF($D$28=0,C23*2,C23+D23) -> 0 | G23: 6.064 | I23: =ROUND(E23*G23,4) -> 0 | J23: =ROUND(ROUND(ROUND(I23*$E$6,4)*($I$6),2)*(MAX($I$7,1)),2) -> 0 | R23: 255 ESE Level 5 (Grade Level 9-12) | T23: =IF($I$111=1,E23,0) -> 0 | V23: 1 | X23: =ROUND(T23*V23,4) -> 0 | Y23: =ROUND(ROUND(ROUND(X23*$E$6,4)*($I$6),2)*(MAX($I$7,1)),2) -> 0
A24: 130 ESOL (Grade Level PK-3) | E24: =IF($D$28=0,C24*2,C24+D24) -> 0 | G24: 1.165 | I24: =ROUND(E24*G24,4) -> 0 | J24: =ROUND(ROUND(ROUND(I24*$E$6,4)*($I$6),2)*(MAX($I$7,1)),2) -> 0 | R24: 130 ESOL (Grade Level PK-3) | T24: =IF($I$111=1,E24,0) -> 0 | V24: 1 | X24: =ROUND(T24*V24,4) -> 0 | Y24: =ROUND(ROUND(ROUND(X24*$E$6,4)*($I$6),2)*(MAX($I$7,1)),2) -> 0
A25: 130 ESOL (Grade Level 4-8) | C25: 2.57 | D25: 1.7 | E25: =IF($D$28=0,C25*2,C25+D25) -> 4.27 | G25: 1.165 | I25: =ROUND(E25*G25,4) -> 4.9746 | J25: =ROUND(ROUND(ROUND(I25*$E$6,4)*($I$6),2)*(MAX($I$7,1)),2) -> 27675.33 | R25: 130 ESOL (Grade Level 4-8) | T25: =IF($I$111=1,E25,0) -> 0 | V25: 1 | X25: =ROUND(T25*V25,4) -> 0 | Y25: =ROUND(ROUND(ROUND(X25*$E$6,4)*($I$6),2)*(MAX($I$7,1)),2) -> 0
A26: 130 ESOL (Grade Level 9-12) | E26: =IF($D$28=0,C26*2,C26+D26) -> 0 | G26: 1.165 | I26: =ROUND(E26*G26,4) -> 0 | J26: =ROUND(ROUND(ROUND(I26*$E$6,4)*($I$6),2)*(MAX($I$7,1)),2) -> 0 | R26: 130 ESOL (Grade Level 9-12) | T26: =IF($I$111=1,E26,0) -> 0 | V26: 1 | X26: =ROUND(T26*V26,4) -> 0 | Y26: =ROUND(ROUND(ROUND(X26*$E$6,4)*($I$6),2)*(MAX($I$7,1)),2) -> 0
A27: 300 Career Education (Grades 9-12) | C27: 0 | E27: =IF($D$28=0,C27*2,C27+D27) -> 0 | G27: 1.081 | I27: =ROUND(E27*G27,4) -> 0 | J27: =ROUND(ROUND(ROUND(I27*$E$6,4)*($I$6),2)*(MAX($I$7,1)),2) -> 0 | R27: 300 Career Education (Grades 9-12) | T27: =IF($I$111=1,E27,0) -> 0 | V27: 1 | X27: =ROUND(T27*V27,4) -> 0 | Y27: =ROUND(ROUND(ROUND(X27*$E$6,4)*($I$6),2)*(MAX($I$7,1)),2) -> 0
A28: Totals | C28: =SUM(C12:C27) -> 18.2 | D28: =SUM(D12:D27) -> 17.2 | E28: =SUM(E12:E27) -> 35.4 | I28: =SUM(I12:I27) -> 36.1046 | J28: =SUM(J12:J27) -> 200861.71 | R28: Totals | T28: =SUM(T12:T27) -> 0 | X28: =SUM(X12:X27) -> 0 | Y28: =SUM(Y12:Y27) -> 0
A29: Letters in Parentheses Refer to Notes at Bottom of Worksheet: | R29: Letters in Parentheses Refer to Notes at Bottom of Worksheet:
A30: Additional FTE | E30: Number of FTE Charter schools should contact their school district sponsor regarding eligible FTE. Please note that “Number of FTE” is NOT equivalent to number of students enrolled in these courses or programs. | J30: 2025-26 Base Funding (WFTE x BSA x CWF x SDF) | R30: Additional FTE | T30: Number of FTE Charter schools should contact their school district sponsor regarding eligible FTE. Please note that “Number of FTE” is NOT equivalent to number of students enrolled in these courses or programs. Please refer to footnote (a) below. | Y30: 2025-26 Base Funding (WFTE x BSA x CWF x SDF)
A31: Small District ESE Supplement | J31: =ROUND(ROUND(ROUND(I31*$E$6,4)*($I$6),0)*(MAX($I$7,1)),0) -> 0 | R31: Small District ESE Supplement | T31: =IF('[1]All charter school calculator'!X109=1,'[1]All charter school calculator'!X31,0) -> #REF! | Y31: =J31 -> 0
A32: Total Additional FTE | G32: =SUM(I31:I31) -> 0 | H32: Additional Base Funds | J32: =SUM(J31:J31) -> 0 | R32: Total Additional FTE | V32: 0 | W32: Additional Base Funds | Y32: =SUM(Y31:Y31) -> 0
A33: Total Funded Weighted FTE | G33: =G32+I28 -> 36.1046 | H33: Total Base Funding | J33: =SUM(J32,J28) -> 200861.71 | R33: Total Funded Weighted FTE | V33: =V32+X28 -> 0 | W33: Total Base Funding | Y33: =SUM(Y32,Y28) -> 0
A35: 1B. Classroom Teacher and Other Instructional Personnel Salary Increase Maintenance and Growth Portions of the Salary Increase funds are part of the total Conference Base Funding and are not treated as a separate allocation. Amounts are split out here for informative purposes and for the purposes of providing a total that may be used for calculating the adminstrative fee. | R35: 1B. Classroom Teacher and Other Instructional Personnel Salary Increase Maintenance and Growth Portions of the Salary Increase funds are part of the total Conference Base Funding and are not treated as a separate allocation. Amounts are split out here for informative purposes and for the purposes of providing a total that may be used for calculating the adminstrative fee.
A36: Maintenance Portion (6.67% of Conference Base Funding) | F36: (a) | G36: 204869.52 | H36: X | I36: 0.0667 | J36: =ROUND(G36*I36,2) -> 13664.8 | R36: Maintenance Portion (6.67% of Conference Base Funding) | V36: =Y28 -> 0 | W36: X | X36: 0.0667 | Y36: =ROUND(V36*X36,2) -> 0
A37: Growth Portion (0.54% of Conference Base Funding) | F37: (a) | G37: 204869.52 | H37: X | I37: 0.0054 | J37: =ROUND(G37*I37,2) -> 1106.3 | R37: Growth Portion (0.54% of Conference Base Funding) | V37: =Y28 -> 0 | W37: X | X37: 0.0054 | Y37: =ROUND(V37*X37,2) -> 0
A38: Total Salary Increase Allocation | J38: =SUM(J36:J37) -> 14771.1 | R38: Total Salary Increase Allocation | Y38: =Y36+Y37 -> 0
A40: 2. ESE Guaranteed Allocation: | C40: Oct 2024 FTE | D40: Feb 2025 FTE | E40: Total FTE | G40: Grade Level | H40: Matrix Level | I40: Guarantee Per Student | R40: 2. ESE Guaranteed Allocation: | T40: FTE | V40: Grade Level | W40: Matrix Level | X40: Guarantee Per Student
A41: Additional Funding from the ESE Guaranteed Allocation. Enter the FTE from 111,112 and 113 by grade and matrix level. Students who do not have a matrix level should be considered 251. This total should equal all FTE from programs 111, 112 and 113 above, less any 113 gifted FTE. | E41: =IF($D$50=0,C41*2,C41+D41) -> 0 | G41: PK-3 | H41: 251 | I41: =INDEX('[1]111-112-113 ADDITIONAL FUND'!D$1:D$65536,MATCH($A$1,'[1]111-112-113 ADDITIONAL FUND'!A$1:A$65536)) -> 1047 | J41: =ROUND(E41*I41,2) -> 0 | R41: Additional Funding from the ESE Guaranteed Allocation. Enter the FTE from 111,112, & 113 by grade and matrix level. Students who do not have a matrix level should be considered 251. This total should equal all FTE from programs 111, 112 & 113 above. | V41: PK-3 | W41: 251 | X41: =I41 -> 1047 | Y41: =ROUND(T41*X41,2) -> 0
E42: =IF($D$50=0,C42*2,C42+D42) -> 0 | G42: PK-3 | H42: 252 | I42: =INDEX('[1]111-112-113 ADDITIONAL FUND'!E$1:E$65536,MATCH($A$1,'[1]111-112-113 ADDITIONAL FUND'!A$1:A$65536)) -> 3380 | J42: =ROUND(E42*I42,2) -> 0 | V42: PK-3 | W42: 252 | X42: =I42 -> 3380 | Y42: =ROUND(T42*X42,2) -> 0
E43: =IF($D$50=0,C43*2,C43+D43) -> 0 | G43: PK-3 | H43: 253 | I43: =INDEX('[1]111-112-113 ADDITIONAL FUND'!F$1:F$65536,MATCH($A$1,'[1]111-112-113 ADDITIONAL FUND'!A$1:A$65536)) -> 6896 | J43: =ROUND(E43*I43,2) -> 0 | V43: PK-3 | W43: 253 | X43: =I43 -> 6896 | Y43: =ROUND(T43*X43,2) -> 0
C44: 5.1 | D44: 7.08 | E44: =IF($D$50=0,C44*2,C44+D44) -> 12.18 | G44: 4-8 | H44: 251 | I44: =INDEX('[1]111-112-113 ADDITIONAL FUND'!G$1:G$65536,MATCH($A$1,'[1]111-112-113 ADDITIONAL FUND'!A$1:A$65536)) -> 1173 | J44: =ROUND(E44*I44,2) -> 14287.14 | V44: 4-8 | W44: 251 | X44: =I44 -> 1173 | Y44: =ROUND(T44*X44,2) -> 0
C45: 0 | E45: =IF($D$50=0,C45*2,C45+D45) -> 0 | G45: 4-8 | H45: 252 | I45: =INDEX('[1]111-112-113 ADDITIONAL FUND'!H$1:H$65536,MATCH($A$1,'[1]111-112-113 ADDITIONAL FUND'!A$1:A$65536)) -> 3506 | J45: =ROUND(E45*I45,2) -> 0 | V45: 4-8 | W45: 252 | X45: =I45 -> 3506 | Y45: =ROUND(T45*X45,2) -> 0
C46: 0 | E46: =IF($D$50=0,C46*2,C46+D46) -> 0 | G46: 4-8 | H46: 253 | I46: =INDEX('[1]111-112-113 ADDITIONAL FUND'!I$1:I$65536,MATCH($A$1,'[1]111-112-113 ADDITIONAL FUND'!A$1:A$65536)) -> 7023 | J46: =ROUND(E46*I46,2) -> 0 | V46: 4-8 | W46: 253 | X46: =I46 -> 7023 | Y46: =ROUND(T46*X46,2) -> 0
C47: 0 | D47: 0 | E47: =IF($D$50=0,C47*2,C47+D47) -> 0 | G47: 9-12 | H47: 251 | I47: =INDEX('[1]111-112-113 ADDITIONAL FUND'!J$1:J$65536,MATCH($A$1,'[1]111-112-113 ADDITIONAL FUND'!A$1:A$65536)) -> 835 | J47: =ROUND(E47*I47,2) -> 0 | V47: 9-12 | W47: 251 | X47: =I47 -> 835 | Y47: =ROUND(T47*X47,2) -> 0
C48: 0 | D48: 0 | E48: =IF($D$50=0,C48*2,C48+D48) -> 0 | G48: 9-12 | H48: 252 | I48: =INDEX('[1]111-112-113 ADDITIONAL FUND'!K$1:K$65536,MATCH($A$1,'[1]111-112-113 ADDITIONAL FUND'!A$1:A$65536)) -> 3168 | J48: =ROUND(E48*I48,2) -> 0 | V48: 9-12 | W48: 252 | X48: =I48 -> 3168 | Y48: =ROUND(T48*X48,2) -> 0
C49: 0 | D49: 0 | E49: =IF($D$50=0,C49*2,C49+D49) -> 0 | G49: 9-12 | H49: 253 | I49: =INDEX('[1]111-112-113 ADDITIONAL FUND'!L$1:L$65536,MATCH($A$1,'[1]111-112-113 ADDITIONAL FUND'!A$1:A$65536)) -> 6685 | J49: =ROUND(E49*I49,2) -> 0 | V49: 9-12 | W49: 253 | X49: =I49 -> 6685 | Y49: =ROUND(T49*X49,2) -> 0
A50: Total FTE with ESE Services | C50: =SUM(C41:C49) -> 5.1 | D50: =SUM(D41:D49) -> 7.08 | E50: =SUM(E41:E49) -> 12.18 | G50: Total ESE Guarantee | J50: =SUM(J41:J49) -> 14287.14 | R50: Total FTE with ESE Services | T50: =SUM(T42:T49) -> 0 | V50: Total ESE Guarantee | Y50: =SUM(Y41:Y49) -> 0
R51: 3A. Divide school's Unweighted FTE (UFTE) total computed in Section 1, cell C28 above by the district's total UFTE to obtain school's
A52: 3A. Divide school's Unweighted FTE (UFTE) total computed in Section 1, cell C28 above by the district's total UFTE to obtain school's | R52: UFTE share. Charter School UFTE: | T52: =T28 -> 0 | U52: ÷ | W52: District's Total UFTE: | X52: =I53 -> 215320.92
A53: UFTE share. Charter School UFTE: | C53: =E28 -> 35.4 | D53: ÷ | G53: District's Total UFTE: | I53: =INDEX('[1]Detail 2025-26 FEFP Second'!E$1:E$65536,MATCH(A1,'[1]Detail 2025-26 FEFP Second'!A$1:A$65536)) -> 215320.92 | W53: = | X53: =ROUND(T52/X52,6) -> 0
H54: = | I54: =IFERROR(ROUND(C53/I53,6),0) -> 0.000164 | R54: 3B. Divide school's Weighted FTE (WFTE) total computed in Section 1, cell E39 above by the district's total WFTE to obtain school's
A55: 3B. Divide school's Weighted FTE (WFTE) total computed in Section 1, cell E33 above by the district's total WFTE to obtain school's | R55: WFTE share. Charter School WFTE: | T55: =Y33 -> 0 | U55: ÷ | W55: District's Total WFTE: | X55: =I56 -> 229051.25
A56: WFTE share. Charter School WFTE: | C56: =G33 -> 36.1046 | D56: ÷ | G56: District's Total WFTE: | I56: =INDEX('[1]Detail 2025-26 FEFP Second'!F$1:F$65536,MATCH(A1,'[1]Detail 2025-26 FEFP Second'!A$1:A$65536)) -> 229051.25 | W56: = | X56: =ROUND(T55/X55,6) -> 0
H57: = | I57: =IFERROR(ROUND(C56/I56,6),0) -> 0.000158 | R57: 3C. Divide school's Unweighted FTE (UFTE) total computed in Section 1, cell C28 above by the district's total non-scholarship UFTE to obtain school's
A58: 3C. Divide school's Unweighted FTE (UFTE) total computed in Section 1, cell C28 above by the district's total non-scholarship UFTE to obtain school's | R58: UFTE share. Charter School UFTE: | T58: =T28 -> 0 | U58: ÷ | V58: District's Total Non-Scholarship UFTE: | X58: =I59 -> 186156.17
A59: UFTE share. Charter School UFTE: | C59: =E28 -> 35.4 | D59: ÷ | F59: District's Total Non-Scholarship UFTE: | I59: =INDEX('[1]Detail 2025-26 FEFP Second'!H$1:H$65536,MATCH(A1,'[1]Detail 2025-26 FEFP Second'!A$1:A$65536)) -> 186156.17 | W59: = | X59: =ROUND(T58/X58,6) -> 0
H60: = | I60: =IFERROR(ROUND(C59/I59,6),0) -> 0.00019 | R60: 3D. Divide school's Unweighted FTE (UFTE) total computed in Section 1, cell C28 above by the district's total non-virtual UFTE to obtain school's
A61: 3D. Divide school's Unweighted FTE (UFTE) total computed in Section 1, cell C28 above by the district's total non-virtual UFTE to obtain school's | R61: UFTE share. Charter School UFTE: | T61: =T28 -> 0 | U61: ÷ | V61: District's Total Non-Virtual UFTE: | X61: =I62 -> 215016.58
A62: UFTE share. Charter School UFTE: | C62: =E28 -> 35.4 | D62: ÷ | F62: District's Total Non-Virtual UFTE: | I62: =INDEX('[1]Detail 2025-26 FEFP Second'!G$1:G$65536,MATCH(A1,'[1]Detail 2025-26 FEFP Second'!A$1:A$65536)) -> 215016.58 | W62: = | X62: =ROUND(T61/X61,6) -> 0
H63: = | I63: =IFERROR(ROUND(C62/I62,6),0) -> 0.000165 | R63: 3E. Divide school's Unweighted FTE (UFTE) total computed in Section 1, cell C28 above by the district's total non-scholarship and non-virtual UFTE to obtain school's
A64: 3E. Divide school's Unweighted FTE (UFTE) total computed in Section 1, cell C28 above by the district's total non-scholarship and non-virtual UFTE to obtain school's | R64: UFTE share. Charter School UFTE: | T64: =T28 -> 0 | U64: ÷ | V64: District's Total Non-Virtual and Non-Scholarship UFTE: | X64: =I65 -> 185851.83
A65: UFTE share. Charter School UFTE: | C65: =E28 -> 35.4 | D65: ÷ District's Total Non-Scholarship Non-Virtual UFTE: | I65: =INDEX('[1]Detail 2025-26 FEFP Second'!I$1:I$65536,MATCH(A1,'[1]Detail 2025-26 FEFP Second'!A$1:A$65536)) -> 185851.83 | W65: = | X65: =ROUND(T64/X64,6) -> 0
H66: = | I66: =IFERROR(ROUND(C65/I65,6),0) -> 0.00019
R67: 4. Educational Enrichment Share (Non-Virtual UFTE share) | V67: =G68 -> 47290747 | W67: x | X67: =X62 -> 0 | Y67: =ROUND(V67*X67,2) -> 0
A68: 4. Educational Enrichment Share (Non-Virtual UFTE share) | F68: (e) | G68: =INDEX('[1]Detail 2025-26 FEFP Second'!N$1:N$65536,MATCH(A1,'[1]Detail 2025-26 FEFP Second'!A$1:A$65536)) -> 47290747 | H68: x | I68: =I63 -> 0.000165 | J68: =ROUND(G68*I68,2) -> 7802.97 | R68: 5. Discretionary Millage Compression Allocation
A69: 5. Discretionary Millage Compression Allocation | R69: .748 Mills | V69: =G70 -> 0 | W69: x | X69: =X53 -> 0 | Y69: =ROUND(V69*X69,2) -> 0
A70: .748 Mills (UFTE share) | F70: (b) | G70: =INDEX('[1]Detail 2025-26 FEFP Second'!L$1:L$65536,MATCH(A1,'[1]Detail 2025-26 FEFP Second'!A$1:A$65536)) -> 0 | H70: x | I70: =I54 -> 0.000164 | J70: =ROUND(G70*I70,2) -> 0 | R70: 6. Safe Schools Allocation (Non-Virtual and Scholarship UFTE share) | V70: =G71 -> 19167881 | W70: x | X70: =X65 -> 0 | Y70: =ROUND(V70*X70,2) -> 0
A71: 6. Safe Schools Allocation (Non-Virtual and Non-Scholarship UFTE share) | F71: (f) | G71: =INDEX('[1]Detail 2025-26 FEFP Second'!M$1:M$65536,MATCH(A1,'[1]Detail 2025-26 FEFP Second'!A$1:A$65536)) -> 19167881 | H71: x | I71: =I66 -> 0.00019 | J71: =ROUND(G71*I71,2) -> 3641.9 | R71: 7. Mental Health Assistance Allocation (Non-Scholarship UFTE share) | V71: =G72 -> 11546889 | W71: x | X71: =X59 -> 0 | Y71: =ROUND(V71*X71,2) -> 0
A72: 7. Mental Health Assistance Allocation (Non-Scholarship UFTE share) | F72: (d) | G72: =INDEX('[1]Detail 2025-26 FEFP Second'!T$1:T$65536,MATCH(A1,'[1]Detail 2025-26 FEFP Second'!A$1:A$65536)) -> 11546889 | H72: x | I72: =I60 -> 0.00019 | J72: =ROUND(G72*I72,2) -> 2193.91 | R72: 8. Academic Acceleration Options Supplement (Value share)
A73: 8. Academic Acceleration Options Supplement (Value share) | F73: (g) | R73: Acceleration Value | T73: Acceleration Value Charter schools should contact their school district sponsor regarding eligible value. Please note that “Acceleration Value” is NOT equivalent to number of students enrolled in these courses or programs. Please refer to footnote (a) below.
A74: Acceleration Value | E74: Acceleration Value Charter schools should contact their school district sponsor regarding eligible value. Please note that “Acceleration Value” is NOT equivalent to number of students enrolled in these courses or programs. Please refer to footnote (g) below. | R74: Advanced Placement
A75: Advanced Placement | R75: International Baccalaureate
A76: International Baccalaureate | R76: Advanced International Certificate
A77: Advanced International Certificate | R77: Industry Certified Career Education
A78: Industry Certified Career Education | R78: Early High School Graduation
A79: Early High School Graduation | R79: Dual Enrollment
A80: Dual Enrollment | X80: School total value | Y80: =SUM(Y74:Y79) -> 0
I81: School total value | J81: =SUM(J75:J80) -> 0 | X81: District total value | Y81: =J82 -> 11461.43
I82: District total value | J82: 11461.43
R83: School Academic Acceleration Option Supplement | V83: =G84 -> 63269727 | W83: x | X83: =IFERROR(ROUND(Y80/Y81,6),0) -> 0 | Y83: =ROUND(V83*X83,2) -> 0
A84: School Academic Acceleration Option Supplement | G84: =INDEX('[1]Detail 2025-26 FEFP Second'!O$1:O$65536,MATCH(A1,'[1]Detail 2025-26 FEFP Second'!A$1:A$65536)) -> 63269727 | H84: x | I84: =IFERROR(ROUND(J81/J82,6),0) -> 0 | J84: =ROUND(G84*I84,2) -> 0 | R84: 9. ESE Guaranteed Allocation
A85: 9. Discretionary Local Effort (WFTE share) | F85: (c) | G85: =INDEX('[1]Detail 2025-26 FEFP Second'!Q$1:Q$65536,MATCH(A1,'[1]Detail 2025-26 FEFP Second'!A$1:A$65536)) -> 268816278 | H85: x | I85: =I57 -> 0.000158 | J85: =ROUND(G85*I85,2) -> 42472.97 | R85: 10. Discretionary Local Effort (WFTE share) | V85: =G85 -> 268816278 | W85: x | X85: =X56 -> 0 | Y85: =ROUND(V85*X85,2) -> 0
A86: 10. Proration to Funds Available (WFTE share) | F86: (c) | G86: 0 | H86: x | I86: =I57 -> 0.000158 | J86: =ROUND(G86*I86,2) -> 0 | R86: 11. Proration to Funds Available (WFTE share) | V86: 0 | W86: x | X86: =X56 -> 0 | Y86: =ROUND(V86*X86,2) -> 0
A87: 11. Educational Enrollment Stabilization Program (UFTE share) | F87: (b) | G87: 0 | H87: x | I87: =I54 -> 0.000164 | J87: =ROUND(G87*I87,2) -> 0 | R87: 12. Educational Enrollment Stabilization Program (UFTE share) | V87: 0 | W87: x | X87: =X53 -> 0 | Y87: =ROUND(V87*X87,2) -> 0
A88: 12. Class Size Reduction Funds: | R88: 13. Class Size Reduction Funds:
B89: Weighted FTE (not including Add-On) | D89: X CWF X | G89: Allocation factors | R89: Weighted FTE (not including Add-On) | T89: X CWF X | V89: Allocation factors
A90: PK - 3 | B90: =I12+I13+I18+I21+I24 -> 0 | D90: =I6 -> 1.0355 | G90: ='[1]Detail 2025-26 FEFP Second'!AB3 -> 958.42 | H90: = | I90: =ROUND(B90*D90*G90,2) -> 0 | R90: PK - 3 | S90: =X12+X13+X18+X21+X24 -> 0 | T90: =X6 -> 1.0355 | V90: =G90 -> 958.42 | W90: = | X90: =ROUND(S90*T90*V90,2) -> 0
A91: 4-8 | B91: =I14+I15+I19+I22+I25 -> 36.1046 | D91: =I6 -> 1.0355 | G91: ='[1]Detail 2025-26 FEFP Second'!AC3 -> 915.09 | H91: = | I91: =ROUND(B91*D91*G91,2) -> 34211.84 | R91: 4-8 | S91: =X14+X15+X19+X22+X25 -> 0 | T91: =X6 -> 1.0355 | V91: =G91 -> 915.09 | W91: = | X91: =ROUND(S91*T91*V91,2) -> 0
A92: 9-12 | B92: =I16+I17+I20+I23+I26+I27 -> 0 | D92: =I6 -> 1.0355 | G92: ='[1]Detail 2025-26 FEFP Second'!AD3 -> 917.3 | H92: = | I92: =ROUND(B92*D92*G92,2) -> 0 | R92: 9-12 | S92: =X16+X17+X20+X23+X26+X27 -> 0 | T92: =X6 -> 1.0355 | V92: =G92 -> 917.3 | W92: = | X92: =ROUND(S92*T92*V92,2) -> 0
A93: Total * | B93: =SUM(B90:B92) -> 36.1046 | E93: Total Class Size Reduction Funds | J93: =IF(A1=75,0,I92+I91+I90) -> 34211.84 | R93: Total * | S93: =SUM(S90:S92) -> 0 | T93: Total Class Size Reduction Funds | Y93: =IF(R1=75,0,X92+X91+X90) -> 0
A94: (*Total FTE should equal total in Section 1, column (4) and should not include any additional FTE from Section 1.) | R94: (*Total FTE should equal total in Section 1, column (4) and should not include any additional FTE from Section 1.)
A95: 13. Student Transportation | F95: (h) | R95: 14. Student Transportation
C96: Oct 2024 FTE | D96: Feb 2025 FTE | E96: Average FTE | R96: Enter All Adjusted Fundable Riders | T96: =IF(I111=1,E97,0) -> 0 | W96: x | X96: =I97 -> 617 | Y96: =ROUND(X96*T96,2) -> 0
A97: Enter All Adjusted Fundable Riders | C97: 7 | D97: 7 | E97: =(C97+D97)/2 -> 7 | H97: x | I97: =IF(A1>67,0,INDEX('[1]Transportation Per Student'!F$1:F$65536,MATCH(A1,'[1]Transportation Per Student'!B$1:B$65536))) -> 617 | J97: =ROUND(I97*E97,2) -> 4319 | R97: Enter All Adjusted ESE Riders | T97: =IF(I112=1,E98,0) -> 0 | W97: x | X97: =I98 -> 1870 | Y97: =ROUND(X97*T97,2) -> 0
A98: Enter All Adjusted ESE Riders | C98: 0 | E98: =(C98+D98)/2 -> 0 | H98: x | I98: =IF(A1>67,0,INDEX('[1]Transportation Per Student'!J$1:J$65536,MATCH(A1,'[1]Transportation Per Student'!B$1:B$65536))) -> 1870 | J98: =ROUND(I98*E98,2) -> 0
A100: 14. Federally Connected Student Supplement | F100: (i) | R100: 15. Federally Connected Student Supplement
A101: Impact Aid Student Type | D101: Number of Students | G101: Exempt Property Allocation | I101: Impact Aid Student Allocation | J101: Total | R101: Impact Aid Student Type | T101: Number of Students | V101: Exempt Property Allocation | X101: Impact Aid Student Allocation | Y101: Total
A102: Military and Indian Lands | G102: =IF(E102=0,0,INDEX('[1]Detail 2025-26 FEFP Second'!V$1:V$65536,MATCH(A1,'[1]Detail 2025-26 FEFP Second'!A$1:A$65536))) -> 0 | I102: =IF(E102=0,0,'[1]Detail 2025-26 FEFP Second'!AL3) -> 0 | J102: =ROUND((I102+G102)*E102,0) -> 0 | R102: Military and Indian Lands | T102: 0 | V102: =IF(T102=0,0,INDEX('[1]Detail 2025-26 FEFP Second'!AM$1:AM$65536,MATCH(R1,'[1]Detail 2025-26 FEFP Second'!R$1:R$65536))) -> 0 | X102: =IF(T102=0,0,'[1]Detail 2025-26 FEFP Second'!BC3) -> 0 | Y102: =ROUND((X102+V102)*T102,0) -> 0
A103: Civilians on Federal Lands | G103: =ROUND(G102/2,2) -> 0 | I103: =IF(E103=0,0,ROUND('[1]Detail 2025-26 FEFP Second'!AL3/2,2)) -> 0 | J103: =ROUND((I103+G103)*E103,0) -> 0 | R103: Civilians on Federal Lands | T103: 0 | V103: =ROUND(V102/2,2) -> 0 | X103: =IF(T103=0,0,ROUND('[1]Detail 2025-26 FEFP Second'!BC3/2,2)) -> 0 | Y103: =ROUND((X103+V103)*T103,0) -> 0
...

Sheet 0571
A1: 50 | B1: (Insert district number in cell A1, enter, then strike F9. Your district data then pulls from Calculation Detail Sheets) | R1: 50 | S1: (Insert district number in cell A1, enter, then strike F9. Your district data then pulls from Calculation Detail Sheets)
A2: Revenue Estimate Worksheet: Palmetto Park - 0571 | R2: =Revenue_Estimate_Worksheet_for___________Charter_School -> Revenue Estimate Worksheet: Palmetto Park - 0571
A3: Based on the 2025-26 Second Calculation Worksheet | R3: Based on the 2025-26 FEFP Second Calculation
A4: School District: | D4: Palm Beach | H4: ='0040'!H4 -> 46023 | R4: School District: | T4: Palm Beach
A5: 1A. 2025-26 FEFP State and Local Funding | R5: 1A. 2025-26 FEFP State and Local Funding
A6: Base Student Allocation | E6: 5372.6 | G6: Comparable Wage Factor: | I6: =INDEX('[1]Detail 2025-26 FEFP Second'!$C$1:$C$65536,MATCH('0571'!$A$1,'[1]Detail 2025-26 FEFP Second'!$A$1:$A$65536,0)) -> 1.0355 | R6: Base Student Allocation | T6: =E6 -> 5372.6 | V6: Comparable Wage Factor: | X6: 1.0355
G7: Small District Factor | I7: =INDEX('[1]Detail 2025-26 FEFP Second'!$D$1:$D$65536,MATCH('0571'!$A$1,'[1]Detail 2025-26 FEFP Second'!$A$1:$A$65536,0)) -> 1 | V7: Small District Factor | X7: 1
J8: 2025-26 | Y8: 2025-26
C9: Oct 2024 | D9: Feb 2025 | G9: Program | I9: Weighted FTE | J9: Base Funding | V9: Program | X9: Weighted FTE | Y9: Base Funding
A10: Program | C10: FTE | D10: FTE | E10: Total FTE | G10: Cost Factor | I10: (2) x (3) | J10: (WFTE x BSA x CWF x SDF) | R10: Program | T10: Number of FTE | V10: Cost Factor | X10: (2) x (3) | Y10: (WFTE x BSA x CWF x SDF)
A11: (1) | E11: (2) | G11: (3) | I11: (4) | J11: (5) | R11: (1) | T11: (2) | V11: (3) | X11: (4) | Y11: (5)
A12: 101 Basic K-3 | C12: 0 | D12: 0 | E12: =IF($D$28=0,C12*2,C12+D12) -> 0 | G12: 1.108 | I12: =ROUND(E12*G12,4) -> 0 | J12: =ROUND(ROUND(ROUND(I12*$E$6,4)*($I$6),2)*(MAX($I$7,1)),2) -> 0 | R12: 101 Basic K-3 | T12: =IF($I$111=1,E12,0) -> 0 | V12: 1 | X12: =ROUND(T12*V12,4) -> 0 | Y12: =ROUND(ROUND(ROUND(X12*$E$6,4)*($I$6),2)*(MAX($I$7,1)),2) -> 0
A13: 111 Basic K-3 with ESE Services | C13: 0 | D13: 0 | E13: =IF($D$28=0,C13*2,C13+D13) -> 0 | G13: 1.108 | I13: =ROUND(E13*G13,4) -> 0 | J13: =ROUND(ROUND(ROUND(I13*$E$6,4)*($I$6),2)*(MAX($I$7,1)),2) -> 0 | R13: 111 Basic K-3 with ESE Services | T13: =IF($I$111=1,E13,0) -> 0 | V13: 1 | X13: =ROUND(T13*V13,4) -> 0 | Y13: =ROUND(ROUND(ROUND(X13*$E$6,4)*($I$6),2)*(MAX($I$7,1)),2) -> 0
A14: 102 Basic 4-8 | C14: 2.5 | D14: 2.5 | E14: =IF($D$28=0,C14*2,C14+D14) -> 5 | G14: 1 | I14: =ROUND(E14*G14,4) -> 5 | J14: =ROUND(ROUND(ROUND(I14*$E$6,4)*($I$6),2)*(MAX($I$7,1)),2) -> 27816.64 | R14: 102 Basic 4-8 | T14: =IF($I$111=1,E14,0) -> 0 | V14: 1 | X14: =ROUND(T14*V14,4) -> 0 | Y14: =ROUND(ROUND(ROUND(X14*$E$6,4)*($I$6),2)*(MAX($I$7,1)),2) -> 0
A15: 112 Basic 4-8 with ESE Services | C15: 0 | D15: 0 | E15: =IF($D$28=0,C15*2,C15+D15) -> 0 | G15: 1 | I15: =ROUND(E15*G15,4) -> 0 | J15: =ROUND(ROUND(ROUND(I15*$E$6,4)*($I$6),2)*(MAX($I$7,1)),2) -> 0 | R15: 112 Basic 4-8 with ESE Services | T15: =IF($I$111=1,E15,0) -> 0 | V15: 1 | X15: =ROUND(T15*V15,4) -> 0 | Y15: =ROUND(ROUND(ROUND(X15*$E$6,4)*($I$6),2)*(MAX($I$7,1)),2) -> 0
A16: 103 Basic 9-12 | C16: 23.5 | D16: 23.5 | E16: =IF($D$28=0,C16*2,C16+D16) -> 47 | G16: 0.972 | I16: =ROUND(E16*G16,4) -> 45.684 | J16: =ROUND(ROUND(ROUND(I16*$E$6,4)*($I$6),2)*(MAX($I$7,1)),2) -> 254155.04 | R16: 103 Basic 9-12 | T16: =IF($I$111=1,E16,0) -> 0 | V16: 1 | X16: =ROUND(T16*V16,4) -> 0 | Y16: =ROUND(ROUND(ROUND(X16*$E$6,4)*($I$6),2)*(MAX($I$7,1)),2) -> 0
A17: 113 Basic 9-12 with ESE Services | C17: 0 | D17: 0 | E17: =IF($D$28=0,C17*2,C17+D17) -> 0 | G17: 0.972 | I17: =ROUND(E17*G17,4) -> 0 | J17: =ROUND(ROUND(ROUND(I17*$E$6,4)*($I$6),2)*(MAX($I$7,1)),2) -> 0 | R17: 113 Basic 9-12 with ESE Services | T17: =IF($I$111=1,E17,0) -> 0 | V17: 1 | X17: =ROUND(T17*V17,4) -> 0 | Y17: =ROUND(ROUND(ROUND(X17*$E$6,4)*($I$6),2)*(MAX($I$7,1)),2) -> 0
A18: 254 ESE Level 4 (Grade Level PK-3) | C18: 0 | D18: 0 | E18: =IF($D$28=0,C18*2,C18+D18) -> 0 | G18: 3.609 | I18: =ROUND(E18*G18,4) -> 0 | J18: =ROUND(ROUND(ROUND(I18*$E$6,4)*($I$6),2)*(MAX($I$7,1)),2) -> 0 | R18: 254 ESE Level 4 (Grade Level PK-3) | T18: =IF($I$111=1,E18,0) -> 0 | V18: 1 | X18: =ROUND(T18*V18,4) -> 0 | Y18: =ROUND(ROUND(ROUND(X18*$E$6,4)*($I$6),2)*(MAX($I$7,1)),2) -> 0
A19: 254 ESE Level 4 (Grade Level 4-8) | C19: 0 | D19: 0 | E19: =IF($D$28=0,C19*2,C19+D19) -> 0 | G19: 3.609 | I19: =ROUND(E19*G19,4) -> 0 | J19: =ROUND(ROUND(ROUND(I19*$E$6,4)*($I$6),2)*(MAX($I$7,1)),2) -> 0 | R19: 254 ESE Level 4 (Grade Level 4-8) | T19: =IF($I$111=1,E19,0) -> 0 | V19: 1 | X19: =ROUND(T19*V19,4) -> 0 | Y19: =ROUND(ROUND(ROUND(X19*$E$6,4)*($I$6),2)*(MAX($I$7,1)),2) -> 0
A20: 254 ESE Level 4 (Grade Level 9-12) | C20: 0 | D20: 0 | E20: =IF($D$28=0,C20*2,C20+D20) -> 0 | G20: 3.609 | I20: =ROUND(E20*G20,4) -> 0 | J20: =ROUND(ROUND(ROUND(I20*$E$6,4)*($I$6),2)*(MAX($I$7,1)),2) -> 0 | R20: 254 ESE Level 4 (Grade Level 9-12) | T20: =IF($I$111=1,E20,0) -> 0 | V20: 1 | X20: =ROUND(T20*V20,4) -> 0 | Y20: =ROUND(ROUND(ROUND(X20*$E$6,4)*($I$6),2)*(MAX($I$7,1)),2) -> 0
A21: 255 ESE Level 5 (Grade Level PK-3) | C21: 0 | D21: 0 | E21: =IF($D$28=0,C21*2,C21+D21) -> 0 | G21: 6.064 | I21: =ROUND(E21*G21,4) -> 0 | J21: =ROUND(ROUND(ROUND(I21*$E$6,4)*($I$6),2)*(MAX($I$7,1)),2) -> 0 | R21: 255 ESE Level 5 (Grade Level PK-3) | T21: =IF($I$111=1,E21,0) -> 0 | V21: 1 | X21: =ROUND(T21*V21,4) -> 0 | Y21: =ROUND(ROUND(ROUND(X21*$E$6,4)*($I$6),2)*(MAX($I$7,1)),2) -> 0
A22: 255 ESE Level 5 (Grade Level 4-8) | C22: 0 | D22: 0 | E22: =IF($D$28=0,C22*2,C22+D22) -> 0 | G22: 6.064 | I22: =ROUND(E22*G22,4) -> 0 | J22: =ROUND(ROUND(ROUND(I22*$E$6,4)*($I$6),2)*(MAX($I$7,1)),2) -> 0 | R22: 255 ESE Level 5 (Grade Level 4-8) | T22: =IF($I$111=1,E22,0) -> 0 | V22: 1 | X22: =ROUND(T22*V22,4) -> 0 | Y22: =ROUND(ROUND(ROUND(X22*$E$6,4)*($I$6),2)*(MAX($I$7,1)),2) -> 0
A23: 255 ESE Level 5 (Grade Level 9-12) | C23: 0 | D23: 0 | E23: =IF($D$28=0,C23*2,C23+D23) -> 0 | G23: 6.064 | I23: =ROUND(E23*G23,4) -> 0 | J23: =ROUND(ROUND(ROUND(I23*$E$6,4)*($I$6),2)*(MAX($I$7,1)),2) -> 0 | R23: 255 ESE Level 5 (Grade Level 9-12) | T23: =IF($I$111=1,E23,0) -> 0 | V23: 1 | X23: =ROUND(T23*V23,4) -> 0 | Y23: =ROUND(ROUND(ROUND(X23*$E$6,4)*($I$6),2)*(MAX($I$7,1)),2) -> 0
... A27: 300 Career Education (Grades 9-12) | C27: 0 | D27: 0 | E27: =IF($D$28=0,C27*2,C27+D27) -> 0 | G27: 1.081 | I27: =ROUND(E27*G27,4) -> 0 | J27: =ROUND(ROUND(ROUND(I27*$E$6,4)*($I$6),2)*(MAX($I$7,1)),2) -> 0 | R27: 300 Career Education (Grades 9-12) | T27: =IF($I$111=1,E27,0) -> 0 | V27: 1 | X27: =ROUND(T27*V27,4) -> 0 | Y27: =ROUND(ROUND(ROUND(X27*$E$6,4)*($I$6),2)*(MAX($I$7,1)),2) -> 0
A28: Totals | C28: =SUM(C12:C27) -> 26 | D28: =SUM(D12:D27) -> 26 | E28: =SUM(E12:E27) -> 52 | I28: =SUM(I12:I27) -> 50.684 | J28: =SUM(J12:J27) -> 281971.68 | R28: Totals | T28: =SUM(T12:T27) -> 0 | X28: =SUM(X12:X27) -> 0 | Y28: =SUM(Y12:Y27) -> 0
A29: Letters in Parentheses Refer to Notes at Bottom of Worksheet: | R29: Letters in Parentheses Refer to Notes at Bottom of Worksheet:
A30: Additional FTE | E30: Number of FTE Charter schools should contact their school district sponsor regarding eligible FTE. Please note that “Number of FTE” is NOT equivalent to number of students enrolled in these courses or programs. | J30: 2025-26 Base Funding (WFTE x BSA x CWF x SDF) | R30: Additional FTE | T30: Number of FTE Charter schools should contact their school district sponsor regarding eligible FTE. Please note that “Number of FTE” is NOT equivalent to number of students enrolled in these courses or programs. Please refer to footnote (a) below. | Y30: 2025-26 Base Funding (WFTE x BSA x CWF x SDF)
A31: Small District ESE Supplement | J31: =ROUND(ROUND(ROUND(I31*$E$6,4)*($I$6),0)*(MAX($I$7,1)),0) -> 0 | R31: Small District ESE Supplement | T31: =IF('[1]All charter school calculator'!X109=1,'[1]All charter school calculator'!X31,0) -> #REF! | Y31: =J31 -> 0
A32: Total Additional FTE | G32: =SUM(I31:I31) -> 0 | H32: Additional Base Funds | J32: =SUM(J31:J31) -> 0 | R32: Total Additional FTE | V32: =SUM(T31:V31) -> #REF! | W32: Additional Base Funds | Y32: =SUM(Y31:Y31) -> 0
A33: Total Funded Weighted FTE | G33: =G32+I28 -> 50.684 | H33: Total Base Funding | J33: =SUM(J32,J28) -> 281971.68 | R33: Total Funded Weighted FTE | V33: =V32+X28 -> #REF! | W33: Total Base Funding | Y33: =SUM(Y32,Y28) -> 0
A35: 1B. Classroom Teacher and Other Instructional Personnel Salary Increase Maintenance and Growth Portions of the Salary Increase funds are part of the total Conference Base Funding and are not treated as a separate allocation. Amounts are split out here for informative purposes and for the purposes of providing a total that may be used for calculating the adminstrative fee. | R35: 1B. Classroom Teacher and Other Instructional Personnel Salary Increase Maintenance and Growth Portions of the Salary Increase funds are part of the total Conference Base Funding and are not treated as a separate allocation. Amounts are split out here for informative purposes and for the purposes of providing a total that may be used for calculating the adminstrative fee.
A36: Maintenance Portion (6.67% of Conference Base Funding) | F36: (a) | G36: 281971.68 | H36: X | I36: 0.0667 | J36: =ROUND(G36*I36,2) -> 18807.51 | R36: Maintenance Portion (6.67% of Conference Base Funding) | V36: 61196.59 | W36: X | X36: 0.0667 | Y36: =ROUND(V36*X36,2) -> 4081.81
A37: Growth Portion (0.54% of Conference Base Funding) | F37: (a) | G37: 281971.68 | H37: X | I37: 0.0054 | J37: =ROUND(G37*I37,2) -> 1522.65 | R37: Growth Portion (0.54% of Conference Base Funding) | V37: 61196.59 | W37: X | X37: 0.0054 | Y37: =ROUND(V37*X37,2) -> 330.46
A38: Total Salary Increase Allocation | J38: =SUM(J36:J37) -> 20330.16 | R38: Total Salary Increase Allocation | Y38: =Y36+Y37 -> 4412.27
A40: 2. ESE Guaranteed Allocation: | C40: Oct 2024 FTE | D40: Feb 2025 FTE | E40: Total FTE | G40: Grade Level | H40: Matrix Level | I40: Guarantee Per Student | R40: 2. ESE Guaranteed Allocation: | T40: FTE | V40: Grade Level | W40: Matrix Level | X40: Guarantee Per Student
A41: Additional Funding from the ESE Guaranteed Allocation. Enter the FTE from 111,112 and 113 by grade and matrix level. Students who do not have a matrix level should be considered 251. This total should equal all FTE from programs 111, 112 and 113 above, less any 113 gifted FTE. | C41: 0 | D41: 0 | E41: =IF($D$50=0,C41*2,C41+D41) -> 0 | G41: PK-3 | H41: 251 | I41: =INDEX('[1]111-112-113 ADDITIONAL FUND'!D$1:D$65536,MATCH($A$1,'[1]111-112-113 ADDITIONAL FUND'!A$1:A$65536)) -> 1047 | J41: =ROUND(E41*I41,2) -> 0 | R41: Additional Funding from the ESE Guaranteed Allocation. Enter the FTE from 111,112, & 113 by grade and matrix level. Students who do not have a matrix level should be considered 251. This total should equal all FTE from programs 111, 112 & 113 above. | V41: PK-3 | W41: 251 | X41: =I41 -> 1047 | Y41: =ROUND(T41*X41,2) -> 0
C42: 0 | D42: 0 | E42: =IF($D$50=0,C42*2,C42+D42) -> 0 | G42: PK-3 | H42: 252 | I42: =INDEX('[1]111-112-113 ADDITIONAL FUND'!E$1:E$65536,MATCH($A$1,'[1]111-112-113 ADDITIONAL FUND'!A$1:A$65536)) -> 3380 | J42: =ROUND(E42*I42,2) -> 0 | V42: PK-3 | W42: 252 | X42: =I42 -> 3380 | Y42: =ROUND(T42*X42,2) -> 0
C43: 0 | D43: 0 | E43: =IF($D$50=0,C43*2,C43+D43) -> 0 | G43: PK-3 | H43: 253 | I43: =INDEX('[1]111-112-113 ADDITIONAL FUND'!F$1:F$65536,MATCH($A$1,'[1]111-112-113 ADDITIONAL FUND'!A$1:A$65536)) -> 6896 | J43: =ROUND(E43*I43,2) -> 0 | V43: PK-3 | W43: 253 | X43: =I43 -> 6896 | Y43: =ROUND(T43*X43,2) -> 0
C44: 0 | D44: 0 | E44: =IF($D$50=0,C44*2,C44+D44) -> 0 | G44: 4-8 | H44: 251 | I44: =INDEX('[1]111-112-113 ADDITIONAL FUND'!G$1:G$65536,MATCH($A$1,'[1]111-112-113 ADDITIONAL FUND'!A$1:A$65536)) -> 1173 | J44: =ROUND(E44*I44,2) -> 0 | V44: 4-8 | W44: 251 | X44: =I44 -> 1173 | Y44: =ROUND(T44*X44,2) -> 0
C45: 0 | D45: 0 | E45: =IF($D$50=0,C45*2,C45+D45) -> 0 | G45: 4-8 | H45: 252 | I45: =INDEX('[1]111-112-113 ADDITIONAL FUND'!H$1:H$65536,MATCH($A$1,'[1]111-112-113 ADDITIONAL FUND'!A$1:A$65536)) -> 3506 | J45: =ROUND(E45*I45,2) -> 0 | V45: 4-8 | W45: 252 | X45: =I45 -> 3506 | Y45: =ROUND(T45*X45,2) -> 0
C46: 0 | D46: 0 | E46: =IF($D$50=0,C46*2,C46+D46) -> 0 | G46: 4-8 | H46: 253 | I46: =INDEX('[1]111-112-113 ADDITIONAL FUND'!I$1:I$65536,MATCH($A$1,'[1]111-112-113 ADDITIONAL FUND'!A$1:A$65536)) -> 7023 | J46: =ROUND(E46*I46,2) -> 0 | V46: 4-8 | W46: 253 | X46: =I46 -> 7023 | Y46: =ROUND(T46*X46,2) -> 0
C47: 0 | D47: 0 | E47: =IF($D$50=0,C47*2,C47+D47) -> 0 | G47: 9-12 | H47: 251 | I47: =INDEX('[1]111-112-113 ADDITIONAL FUND'!J$1:J$65536,MATCH($A$1,'[1]111-112-113 ADDITIONAL FUND'!A$1:A$65536)) -> 835 | J47: =ROUND(E47*I47,2) -> 0 | V47: 9-12 | W47: 251 | X47: =I47 -> 835 | Y47: =ROUND(T47*X47,2) -> 0
C48: 0 | D48: 0 | E48: =IF($D$50=0,C48*2,C48+D48) -> 0 | G48: 9-12 | H48: 252 | I48: =INDEX('[1]111-112-113 ADDITIONAL FUND'!K$1:K$65536,MATCH($A$1,'[1]111-112-113 ADDITIONAL FUND'!A$1:A$65536)) -> 3168 | J48: =ROUND(E48*I48,2) -> 0 | V48: 9-12 | W48: 252 | X48: =I48 -> 3168 | Y48: =ROUND(T48*X48,2) -> 0
C49: 0 | D49: 0 | E49: =IF($D$50=0,C49*2,C49+D49) -> 0 | G49: 9-12 | H49: 253 | I49: =INDEX('[1]111-112-113 ADDITIONAL FUND'!L$1:L$65536,MATCH($A$1,'[1]111-112-113 ADDITIONAL FUND'!A$1:A$65536)) -> 6685 | J49: =ROUND(E49*I49,2) -> 0 | V49: 9-12 | W49: 253 | X49: =I49 -> 6685 | Y49: =ROUND(T49*X49,2) -> 0
A50: Total FTE with ESE Services | C50: =SUM(C41:C49) -> 0 | D50: =SUM(D41:D49) -> 0 | E50: =SUM(E41:E49) -> 0 | G50: Total ESE Guarantee | J50: =SUM(J41:J49) -> 0 | R50: Total FTE with ESE Services | T50: =SUM(T42:T49) -> 0 | V50: Total ESE Guarantee | Y50: =SUM(Y41:Y49) -> 0
R51: 3A. Divide school's Unweighted FTE (UFTE) total computed in Section 1, cell C28 above by the district's total UFTE to obtain school's
A52: 3A. Divide school's Unweighted FTE (UFTE) total computed in Section 1, cell C28 above by the district's total UFTE to obtain school's | R52: UFTE share. Charter School UFTE: | T52: =T28 -> 0 | U52: ÷ | W52: District's Total UFTE: | X52: =I53 -> 215320.92
A53: UFTE share. Charter School UFTE: | C53: =E28 -> 52 | D53: ÷ | H53: District's Total UFTE: | I53: =INDEX('[1]Detail 2025-26 FEFP Second'!E$1:E$65536,MATCH(A1,'[1]Detail 2025-26 FEFP Second'!A$1:A$65536)) -> 215320.92 | W53: = | X53: =ROUND(T52/X52,6) -> 0
H54: = | I54: =IFERROR(ROUND(C53/I53,6),0) -> 0.000241 | R54: 3B. Divide school's Weighted FTE (WFTE) total computed in Section 1, cell E39 above by the district's total WFTE to obtain school's
A55: 3B. Divide school's Weighted FTE (WFTE) total computed in Section 1, cell E33 above by the district's total WFTE to obtain school's | R55: WFTE share. Charter School WFTE: | T55: =C56 -> 50.684 | U55: ÷ | W55: District's Total WFTE: | X55: =I56 -> 229051.25
A56: WFTE share. Charter School WFTE: | C56: =G33 -> 50.684 | D56: ÷ | H56: District's Total WFTE: | I56: =INDEX('[1]Detail 2025-26 FEFP Second'!F$1:F$65536,MATCH(A1,'[1]Detail 2025-26 FEFP Second'!A$1:A$65536)) -> 229051.25 | W56: = | X56: =ROUND(T55/X55,6) -> 0.000221
H57: = | I57: =IFERROR(ROUND(C56/I56,6),0) -> 0.000221 | R57: 3C. Divide school's Unweighted FTE (UFTE) total computed in Section 1, cell C28 above by the district's total non-scholarship UFTE to obtain school's
A58: 3C. Divide school's Unweighted FTE (UFTE) total computed in Section 1, cell C28 above by the district's total non-scholarship UFTE to obtain school's | R58: UFTE share. Charter School UFTE: | T58: =T28 -> 0 | U58: ÷ | V58: District's Total Non-Scholarship UFTE: | X58: =I59 -> 186156.17
A59: UFTE share. Charter School UFTE: | C59: =E28 -> 52 | D59: ÷ | F59: District's Total Non-Scholarship UFTE: | I59: =INDEX('[1]Detail 2025-26 FEFP Second'!H$1:H$65536,MATCH(A1,'[1]Detail 2025-26 FEFP Second'!A$1:A$65536)) -> 186156.17 | W59: = | X59: =ROUND(T58/X58,6) -> 0
H60: = | I60: =IFERROR(ROUND(C59/I59,6),0) -> 0.000279 | R60: 3D. Divide school's Unweighted FTE (UFTE) total computed in Section 1, cell C28 above by the district's total non-virtual UFTE to obtain school's
A61: 3D. Divide school's Unweighted FTE (UFTE) total computed in Section 1, cell C28 above by the district's total non-virtual UFTE to obtain school's | R61: UFTE share. Charter School UFTE: | T61: =T28 -> 0 | U61: ÷ | V61: District's Total Non-Virtual UFTE: | X61: =I62 -> 215016.58
A62: UFTE share. Charter School UFTE: | C62: =E28 -> 52 | D62: ÷ | F62: District's Total Non-Virtual UFTE: | I62: =INDEX('[1]Detail 2025-26 FEFP Second'!G$1:G$65536,MATCH(A1,'[1]Detail 2025-26 FEFP Second'!A$1:A$65536)) -> 215016.58 | W62: = | X62: =ROUND(T61/X61,6) -> 0
H63: = | I63: =IFERROR(ROUND(C62/I62,6),0) -> 0.000242 | R63: 3E. Divide school's Unweighted FTE (UFTE) total computed in Section 1, cell C28 above by the district's total non-scholarship and non-virtual UFTE to obtain school's
A64: 3E. Divide school's Unweighted FTE (UFTE) total computed in Section 1, cell C28 above by the district's total non-scholarship and non-virtual UFTE to obtain school's | R64: UFTE share. Charter School UFTE: | T64: =T28 -> 0 | U64: ÷ | V64: District's Total Non-Virtual and Non-Scholarship UFTE: | X64: =I65 -> 185851.83
A65: UFTE share. Charter School UFTE: | C65: =E28 -> 52 | D65: ÷ District's Total Non-Scholarship Non-Virtual UFTE: | I65: =INDEX('[1]Detail 2025-26 FEFP Second'!I$1:I$65536,MATCH(A1,'[1]Detail 2025-26 FEFP Second'!A$1:A$65536)) -> 185851.83 | W65: = | X65: =ROUND(T64/X64,6) -> 0
H66: = | I66: =IFERROR(ROUND(C65/I65,6),0) -> 0.00028
R67: 4. Educational Enrichment Share (Non-Virtual UFTE share) | V67: =G68 -> 47290747 | W67: x | X67: =X62 -> 0 | Y67: =ROUND(V67*X67,2) -> 0
A68: 4. Educational Enrichment Share (Non-Virtual UFTE share) | F68: (e) | G68: =INDEX('[1]Detail 2025-26 FEFP Second'!N$1:N$65536,MATCH(A1,'[1]Detail 2025-26 FEFP Second'!A$1:A$65536)) -> 47290747 | H68: x | I68: =I63 -> 0.000242 | J68: =ROUND(G68*I68,2) -> 11444.36 | R68: 5. Discretionary Millage Compression Allocation
A69: 5. Discretionary Millage Compression Allocation | R69: .748 Mills | V69: =G70 -> 0 | W69: x | X69: =X53 -> 0 | Y69: =ROUND(V69*X69,2) -> 0
A70: .748 Mills (UFTE share) | F70: (b) | G70: =INDEX('[1]Detail 2025-26 FEFP Second'!L$1:L$65536,MATCH(A1,'[1]Detail 2025-26 FEFP Second'!A$1:A$65536)) -> 0 | H70: x | I70: =I54 -> 0.000241 | J70: =ROUND(G70*I70,2) -> 0 | R70: 6. Safe Schools Allocation (Non-Virtual and Scholarship UFTE share) | V70: =G71 -> 19167881 | W70: x | X70: =X65 -> 0 | Y70: =ROUND(V70*X70,2) -> 0
A71: 6. Safe Schools Allocation (Non-Virtual and Non-Scholarship UFTE share) | F71: (f) | G71: =INDEX('[1]Detail 2025-26 FEFP Second'!M$1:M$65536,MATCH(A1,'[1]Detail 2025-26 FEFP Second'!A$1:A$65536)) -> 19167881 | H71: x | I71: =I66 -> 0.00028 | J71: =ROUND(G71*I71,2) -> 5367.01 | R71: 7. Mental Health Assistance Allocation (Non-Scholarship UFTE share) | V71: =G72 -> 11546889 | W71: x | X71: =X59 -> 0 | Y71: =ROUND(V71*X71,2) -> 0
A72: 7. Mental Health Assistance Allocation (Non-Scholarship UFTE share) | F72: (d) | G72: =INDEX('[1]Detail 2025-26 FEFP Second'!T$1:T$65536,MATCH(A1,'[1]Detail 2025-26 FEFP Second'!A$1:A$65536)) -> 11546889 | H72: x | I72: =I60 -> 0.000279 | J72: =ROUND(G72*I72,2) -> 3221.58 | R72: 8. Academic Acceleration Options Supplement (Value share)
A73: 8. Academic Acceleration Options Supplement (Value share) | F73: (g) | R73: Acceleration Value | T73: Acceleration Value Charter schools should contact their school district sponsor regarding eligible value. Please note that “Acceleration Value” is NOT equivalent to number of students enrolled in these courses or programs. Please refer to footnote (a) below.
A74: Acceleration Value | E74: Acceleration Value Charter schools should contact their school district sponsor regarding eligible value. Please note that “Acceleration Value” is NOT equivalent to number of students enrolled in these courses or programs. Please refer to footnote (g) below. | R74: Advanced Placement
A75: Advanced Placement | R75: International Baccalaureate
A76: International Baccalaureate | R76: Advanced International Certificate
A77: Advanced International Certificate | R77: Industry Certified Career Education
A78: Industry Certified Career Education | R78: Early High School Graduation
A79: Early High School Graduation | R79: Dual Enrollment
A80: Dual Enrollment | X80: School total value | Y80: =SUM(Y74:Y79) -> 0
I81: School total value | J81: =SUM(J75:J80) -> 0 | X81: District total value | Y81: =J82 -> 11461.43
I82: District total value | J82: =INDEX('[1]Detail 2025-26 FEFP Second'!J$1:J$65536,MATCH(A1,'[1]Detail 2025-26 FEFP Second'!A$1:A$65536)) -> 11461.43
R83: School Academic Acceleration Option Supplement | V83: =G84 -> 63269727 | W83: x | X83: =IFERROR(ROUND(Y80/Y81,6),0) -> 0 | Y83: =ROUND(V83*X83,2) -> 0
A84: School Academic Acceleration Option Supplement | G84: =INDEX('[1]Detail 2025-26 FEFP Second'!O$1:O$65536,MATCH(A1,'[1]Detail 2025-26 FEFP Second'!A$1:A$65536)) -> 63269727 | H84: x | I84: =IFERROR(ROUND(J81/J82,6),0) -> 0 | J84: =ROUND(G84*I84,2) -> 0 | R84: 9. ESE Guaranteed Allocation
A85: 9. Discretionary Local Effort (WFTE share) | F85: (c) | G85: =INDEX('[1]Detail 2025-26 FEFP Second'!Q$1:Q$65536,MATCH(A1,'[1]Detail 2025-26 FEFP Second'!A$1:A$65536)) -> 268816278 | H85: x | I85: =I57 -> 0.000221 | J85: =ROUND(G85*I85,2) -> 59408.4 | R85: 10. Discretionary Local Effort (WFTE share) | V85: =G85 -> 268816278 | W85: x | X85: =X56 -> 0.000221 | Y85: =ROUND(V85*X85,2) -> 59408.4
A86: 10. Proration to Funds Available (WFTE share) | F86: (c) | G86: 0 | H86: x | I86: =I57 -> 0.000221 | J86: =ROUND(G86*I86,2) -> 0 | R86: 11. Proration to Funds Available (WFTE share) | V86: =G86 -> 0 | W86: x | X86: =X56 -> 0.000221 | Y86: =ROUND(V86*X86,2) -> 0
A87: 11. Educational Enrollment Stabilization Program (UFTE share) | F87: (b) | G87: 0 | H87: x | I87: =I54 -> 0.000241 | J87: =ROUND(G87*I87,2) -> 0 | R87: 12. Educational Enrollment Stabilization Program (UFTE share) | V87: =G87 -> 0 | W87: x | X87: =X53 -> 0 | Y87: =ROUND(V87*X87,2) -> 0
A88: 12. Class Size Reduction Funds: | R88: 13. Class Size Reduction Funds:
B89: Weighted FTE (not including Add-On) | D89: X CWF X | G89: Allocation factors | R89: Weighted FTE (not including Add-On) | T89: X CWF X | V89: Allocation factors
A90: PK - 3 | B90: =I12+I13+I18+I21+I24 -> 0 | D90: =I6 -> 1.0355 | G90: ='[1]Detail 2025-26 FEFP Second'!AB3 -> 958.42 | H90: = | I90: =ROUND(B90*D90*G90,2) -> 0 | R90: PK - 3 | S90: =X12+X13+X18+X21+X24 -> 0 | T90: =X6 -> 1.0355 | V90: =G90 -> 958.42 | W90: = | X90: =ROUND(S90*T90*V90,2) -> 0
A91: 4-8 | B91: =I14+I15+I19+I22+I25 -> 5 | D91: =I6 -> 1.0355 | G91: ='[1]Detail 2025-26 FEFP Second'!AC3 -> 915.09 | H91: = | I91: =ROUND(B91*D91*G91,2) -> 4737.88 | R91: 4-8 | S91: =X14+X15+X19+X22+X25 -> 0 | T91: =X6 -> 1.0355 | V91: =G91 -> 915.09 | W91: = | X91: =ROUND(S91*T91*V91,2) -> 0
A92: 9-12 | B92: =I16+I17+I20+I23+I26+I27 -> 45.684 | D92: =I6 -> 1.0355 | G92: ='[1]Detail 2025-26 FEFP Second'!AD3 -> 917.3 | H92: = | I92: =ROUND(B92*D92*G92,2) -> 43393.59 | R92: 9-12 | S92: =X16+X17+X20+X23+X26+X27 -> 0 | T92: =X6 -> 1.0355 | V92: =G92 -> 917.3 | W92: = | X92: =ROUND(S92*T92*V92,2) -> 0
A93: Total * | B93: =SUM(B90:B92) -> 50.684 | E93: Total Class Size Reduction Funds | J93: =IF(A1=75,0,I92+I91+I90) -> 48131.47 | R93: Total * | S93: =SUM(S90:S92) -> 0 | T93: Total Class Size Reduction Funds | Y93: =IF(R1=75,0,X92+X91+X90) -> 0
A94: (*Total FTE should equal total in Section 1, column (4) and should not include any additional FTE from Section 1.) | R94: (*Total FTE should equal total in Section 1, column (4) and should not include any additional FTE from Section 1.)
A95: 13. Student Transportation | F95: (h) | R95: 14. Student Transportation
C96: Oct 2024 FTE | D96: Feb 2025 FTE | E96: Average FTE | R96: Enter All Adjusted Fundable Riders | T96: =IF(I111=1,E97,0) -> 0 | W96: x | X96: =I97 -> 617 | Y96: =ROUND(X96*T96,2) -> 0
A97: Enter All Adjusted Fundable Riders | C97: 0 | D97: 0 | E97: =(C97+D97)/2 -> 0 | H97: x | I97: =IF(A1>67,0,INDEX('[1]Transportation Per Student'!F$1:F$65536,MATCH(A1,'[1]Transportation Per Student'!B$1:B$65536))) -> 617 | J97: =ROUND(I97*E97,2) -> 0 | R97: Enter All Adjusted ESE Riders | T97: =IF(I112=1,E98,0) -> 0 | W97: x | X97: =I98 -> 1870 | Y97: =ROUND(X97*T97,2) -> 0
A98: Enter All Adjusted ESE Riders | C98: 0 | E98: =(C98+D98)/2 -> 0 | H98: x | I98: =IF(A1>67,0,INDEX('[1]Transportation Per Student'!J$1:J$65536,MATCH(A1,'[1]Transportation Per Student'!B$1:B$65536))) -> 1870 | J98: =ROUND(I98*E98,2) -> 0
A100: 14. Federally Connected Student Supplement | F100: (i) | R100: 15. Federally Connected Student Supplement
A101: Impact Aid Student Type | D101: Number of Students | G101: Exempt Property Allocation | I101: Impact Aid Student Allocation | J101: Total | R101: Impact Aid Student Type | T101: Number of Students | V101: Exempt Property Allocation | X101: Impact Aid Student Allocation | Y101: Total
A102: Military and Indian Lands | G102: =IF(E102=0,0,INDEX('[1]Detail 2025-26 FEFP Second'!V$1:V$65536,MATCH(A1,'[1]Detail 2025-26 FEFP Second'!A$1:A$65536))) -> 0 | I102: =IF(E102=0,0,'[1]Detail 2025-26 FEFP Second'!AL3) -> 0 | J102: =ROUND((I102+G102)*E102,0) -> 0 | R102: Military and Indian Lands | T102: 0 | V102: =IF(T102=0,0,INDEX('[1]Detail 2025-26 FEFP Second'!AM$1:AM$65536,MATCH(R1,'[1]Detail 2025-26 FEFP Second'!R$1:R$65536))) -> 0 | X102: =IF(T102=0,0,'[1]Detail 2025-26 FEFP Second'!BC3) -> 0 | Y102: =ROUND((X102+V102)*T102,0) -> 0
A103: Civilians on Federal Lands | G103: =ROUND(G102/2,2) -> 0 | I103: =IF(E103=0,0,ROUND('[1]Detail 2025-26 FEFP Second'!AL3/2,2)) -> 0 | J103: =ROUND((I103+G103)*E103,0) -> 0 | R103: Civilians on Federal Lands | T103: 0 | V103: =ROUND(V102/2,2) -> 0 | X103: =IF(T103=0,0,ROUND('[1]Detail 2025-26 FEFP Second'!BC3/2,2)) -> 0 | Y103: =ROUND((X103+V103)*T103,0) -> 0
A104: Students with Disabilities | I104: =IF(I102>0,'[1]Detail 2025-26 FEFP Second'!AM3,0) -> 0 | J104: =ROUND(I104*E104,0) -> 0 | R104: Students with Disabilities | T104: 0 | X104: =IF(X102>0,'[1]Detail 2025-26 FEFP Second'!BD3,0) -> 0 | Y104: =ROUND(X104*T104,0) -> 0
A105: Total | J105: =SUM(J102:J104) -> 0 | R105: Total | Y105: =SUM(Y102:Y104) -> 0
A106: 15. Food Service Allocation | F106: (j) | R106: 16. Food Service Allocation | Y106: 0
...

Sheet 0100
A1: 50 | B1: (Insert district number in cell A1, enter, then strike F9. Your district data then pulls from Calculation Detail Sheets) | R1: 50 | S1: (Insert district number in cell A1, enter, then strike F9. Your district data then pulls from Calculation Detail Sheets)
A2: Revenue Estimate Worksheet: The Learning Center Highschool 0100 | R2: =Revenue_Estimate_Worksheet_for___________Charter_School -> Revenue Estimate Worksheet: The Learning Center Highschool 0100
A3: Based on the 2025-26 Second Calculation Worksheet | R3: Based on the 2025-26 FEFP Second Calculation
A4: School District: | D4: Palm Beach | H4: ='0040'!H4 -> 46023 | R4: School District: | T4: Palm Beach
A5: 1A. 2025-26 FEFP State and Local Funding | R5: 1A. 2025-26 FEFP State and Local Funding
A6: Base Student Allocation | E6: 5372.6 | G6: Comparable Wage Factor: | I6: =INDEX('[1]Detail 2025-26 FEFP Second'!$C$1:$C$65536,MATCH('0100'!$A$1,'[1]Detail 2025-26 FEFP Second'!$A$1:$A$65536,0)) -> 1.0355 | R6: Base Student Allocation | T6: =E6 -> 5372.6 | V6: Comparable Wage Factor: | X6: 1.0355
G7: Small District Factor | I7: =INDEX('[1]Detail 2025-26 FEFP Second'!$D$1:$D$65536,MATCH('0100'!$A$1,'[1]Detail 2025-26 FEFP Second'!$A$1:$A$65536,0)) -> 1 | V7: Small District Factor | X7: 1
J8: 2025-26 | Y8: 2025-26
C9: Oct 2024 | D9: Feb 2025 | G9: Program | I9: Weighted FTE | J9: Base Funding | V9: Program | X9: Weighted FTE | Y9: Base Funding
A10: Program | C10: FTE | D10: FTE | E10: Total FTE | G10: Cost Factor | I10: (2) x (3) | J10: (WFTE x BSA x CWF x SDF) | R10: Program | T10: Number of FTE | V10: Cost Factor | X10: (2) x (3) | Y10: (WFTE x BSA x CWF x SDF)
A11: (1) | E11: (2) | G11: (3) | I11: (4) | J11: (5) | R11: (1) | T11: (2) | V11: (3) | X11: (4) | Y11: (5)
A12: 101 Basic K-3 | E12: =IF($D$28=0,C12*2,C12+D12) -> 0 | G12: 1.108 | I12: =ROUND(E12*G12,4) -> 0 | J12: =ROUND(ROUND(ROUND(I12*$E$6,4)*($I$6),2)*(MAX($I$7,1)),2) -> 0 | R12: 101 Basic K-3 | T12: =IF($I$111=1,E12,0) -> 0 | V12: 1 | X12: =ROUND(T12*V12,4) -> 0 | Y12: =ROUND(ROUND(ROUND(X12*$E$6,4)*($I$6),2)*(MAX($I$7,1)),2) -> 0
A13: 111 Basic K-3 with ESE Services | E13: =IF($D$28=0,C13*2,C13+D13) -> 0 | G13: 1.108 | I13: =ROUND(E13*G13,4) -> 0 | J13: =ROUND(ROUND(ROUND(I13*$E$6,4)*($I$6),2)*(MAX($I$7,1)),2) -> 0 | R13: 111 Basic K-3 with ESE Services | T13: =IF($I$111=1,E13,0) -> 0 | V13: 1 | X13: =ROUND(T13*V13,4) -> 0 | Y13: =ROUND(ROUND(ROUND(X13*$E$6,4)*($I$6),2)*(MAX($I$7,1)),2) -> 0
A14: 102 Basic 4-8 | E14: =IF($D$28=0,C14*2,C14+D14) -> 0 | G14: 1 | I14: =ROUND(E14*G14,4) -> 0 | J14: =ROUND(ROUND(ROUND(I14*$E$6,4)*($I$6),2)*(MAX($I$7,1)),2) -> 0 | R14: 102 Basic 4-8 | T14: =IF($I$111=1,E14,0) -> 0 | V14: 1 | X14: =ROUND(T14*V14,4) -> 0 | Y14: =ROUND(ROUND(ROUND(X14*$E$6,4)*($I$6),2)*(MAX($I$7,1)),2) -> 0
A15: 112 Basic 4-8 with ESE Services | E15: =IF($D$28=0,C15*2,C15+D15) -> 0 | G15: 1 | I15: =ROUND(E15*G15,4) -> 0 | J15: =ROUND(ROUND(ROUND(I15*$E$6,4)*($I$6),2)*(MAX($I$7,1)),2) -> 0 | R15: 112 Basic 4-8 with ESE Services | T15: =IF($I$111=1,E15,0) -> 0 | V15: 1 | X15: =ROUND(T15*V15,4) -> 0 | Y15: =ROUND(ROUND(ROUND(X15*$E$6,4)*($I$6),2)*(MAX($I$7,1)),2) -> 0
A16: 103 Basic 9-12 | E16: =IF($D$28=0,C16*2,C16+D16) -> 0 | G16: 0.972 | I16: =ROUND(E16*G16,4) -> 0 | J16: =ROUND(ROUND(ROUND(I16*$E$6,4)*($I$6),2)*(MAX($I$7,1)),2) -> 0 | R16: 103 Basic 9-12 | T16: =IF($I$111=1,E16,0) -> 0 | V16: 1 | X16: =ROUND(T16*V16,4) -> 0 | Y16: =ROUND(ROUND(ROUND(X16*$E$6,4)*($I$6),2)*(MAX($I$7,1)),2) -> 0
A17: 113 Basic 9-12 with ESE Services | C17: 1 | D17: 1.02 | E17: =IF($D$28=0,C17*2,C17+D17) -> 2.02 | G17: 0.972 | I17: =ROUND(E17*G17,4) -> 1.9634 | J17: =ROUND(ROUND(ROUND(I17*$E$6,4)*($I$6),2)*(MAX($I$7,1)),2) -> 10923.04 | R17: 113 Basic 9-12 with ESE Services | T17: =IF($I$111=1,E17,0) -> 2.02 | V17: 1 | X17: =ROUND(T17*V17,4) -> 2.02 | Y17: =ROUND(ROUND(ROUND(X17*$E$6,4)*($I$6),2)*(MAX($I$7,1)),2) -> 11237.92
A18: 254 ESE Level 4 (Grade Level PK-3) | E18: =IF($D$28=0,C18*2,C18+D18) -> 0 | G18: 3.609 | I18: =ROUND(E18*G18,4) -> 0 | J18: =ROUND(ROUND(ROUND(I18*$E$6,4)*($I$6),2)*(MAX($I$7,1)),2) -> 0 | R18: 254 ESE Level 4 (Grade Level PK-3) | T18: =IF($I$111=1,E18,0) -> 0 | V18: 1 | X18: =ROUND(T18*V18,4) -> 0 | Y18: =ROUND(ROUND(ROUND(X18*$E$6,4)*($I$6),2)*(MAX($I$7,1)),2) -> 0
A19: 254 ESE Level 4 (Grade Level 4-8) | E19: =IF($D$28=0,C19*2,C19+D19) -> 0 | G19: 3.609 | I19: =ROUND(E19*G19,4) -> 0 | J19: =ROUND(ROUND(ROUND(I19*$E$6,4)*($I$6),2)*(MAX($I$7,1)),2) -> 0 | R19: 254 ESE Level 4 (Grade Level 4-8) | T19: =IF($I$111=1,E19,0) -> 0 | V19: 1 | X19: =ROUND(T19*V19,4) -> 0 | Y19: =ROUND(ROUND(ROUND(X19*$E$6,4)*($I$6),2)*(MAX($I$7,1)),2) -> 0
A20: 254 ESE Level 4 (Grade Level 9-12) | C20: 3.47 | D20: 4.47 | E20: =IF($D$28=0,C20*2,C20+D20) -> 7.94 | G20: 3.609 | I20: =ROUND(E20*G20,4) -> 28.6555 | J20: =ROUND(ROUND(ROUND(I20*$E$6,4)*($I$6),2)*(MAX($I$7,1)),2) -> 159419.93 | R20: 254 ESE Level 4 (Grade Level 9-12) | T20: =IF($I$111=1,E20,0) -> 7.94 | V20: 1 | X20: =ROUND(T20*V20,4) -> 7.94 | Y20: =ROUND(ROUND(ROUND(X20*$E$6,4)*($I$6),2)*(MAX($I$7,1)),2) -> 44172.82
A21: 255 ESE Level 5 (Grade Level PK-3) | E21: =IF($D$28=0,C21*2,C21+D21) -> 0 | G21: 6.064 | I21: =ROUND(E21*G21,4) -> 0 | J21: =ROUND(ROUND(ROUND(I21*$E$6,4)*($I$6),2)*(MAX($I$7,1)),2) -> 0 | R21: 255 ESE Level 5 (Grade Level PK-3) | T21: =IF($I$111=1,E21,0) -> 0 | V21: 1 | X21: =ROUND(T21*V21,4) -> 0 | Y21: =ROUND(ROUND(ROUND(X21*$E$6,4)*($I$6),2)*(MAX($I$7,1)),2) -> 0
A22: 255 ESE Level 5 (Grade Level 4-8) | E22: =IF($D$28=0,C22*2,C22+D22) -> 0 | G22: 6.064 | I22: =ROUND(E22*G22,4) -> 0 | J22: =ROUND(ROUND(ROUND(I22*$E$6,4)*($I$6),2)*(MAX($I$7,1)),2) -> 0 | R22: 255 ESE Level 5 (Grade Level 4-8) | T22: =IF($I$111=1,E22,0) -> 0 | V22: 1 | X22: =ROUND(T22*V22,4) -> 0 | Y22: =ROUND(ROUND(ROUND(X22*$E$6,4)*($I$6),2)*(MAX($I$7,1)),2) -> 0
A23: 255 ESE Level 5 (Grade Level 9-12) | C23: 1 | D23: 0.5 | E23: =IF($D$28=0,C23*2,C23+D23) -> 1.5 | G23: 6.064 | I23: =ROUND(E23*G23,4) -> 9.096 | J23: =ROUND(ROUND(ROUND(I23*$E$6,4)*($I$6),2)*(MAX($I$7,1)),2) -> 50604.03 | R23: 255 ESE Level 5 (Grade Level 9-12) | T23: =IF($I$111=1,E23,0) -> 1.5 | V23: 1 | X23: =ROUND(T23*V23,4) -> 1.5 | Y23: =ROUND(ROUND(ROUND(X23*$E$6,4)*($I$6),2)*(MAX($I$7,1)),2) -> 8344.99
A24: 130 ESOL (Grade Level PK-3) | E24: =IF($D$28=0,C24*2,C24+D24) -> 0 | G24: 1.165 | I24: =ROUND(E24*G24,4) -> 0 | J24: =ROUND(ROUND(ROUND(I24*$E$6,4)*($I$6),2)*(MAX($I$7,1)),2) -> 0 | R24: 130 ESOL (Grade Level PK-3) | T24: =IF($I$111=1,E24,0) -> 0 | V24: 1 | X24: =ROUND(T24*V24,4) -> 0 | Y24: =ROUND(ROUND(ROUND(X24*$E$6,4)*($I$6),2)*(MAX($I$7,1)),2) -> 0
A25: 130 ESOL (Grade Level 4-8) | E25: =IF($D$28=0,C25*2,C25+D25) -> 0 | G25: 1.165 | I25: =ROUND(E25*G25,4) -> 0 | J25: =ROUND(ROUND(ROUND(I25*$E$6,4)*($I$6),2)*(MAX($I$7,1)),2) -> 0 | R25: 130 ESOL (Grade Level 4-8) | T25: =IF($I$111=1,E25,0) -> 0 | V25: 1 | X25: =ROUND(T25*V25,4) -> 0 | Y25: =ROUND(ROUND(ROUND(X25*$E$6,4)*($I$6),2)*(MAX($I$7,1)),2) -> 0
A26: 130 ESOL (Grade Level 9-12) | E26: =IF($D$28=0,C26*2,C26+D26) -> 0 | G26: 1.165 | I26: =ROUND(E26*G26,4) -> 0 | J26: =ROUND(ROUND(ROUND(I26*$E$6,4)*($I$6),2)*(MAX($I$7,1)),2) -> 0 | R26: 130 ESOL (Grade Level 9-12) | T26: =IF($I$111=1,E26,0) -> 0 | V26: 1 | X26: =ROUND(T26*V26,4) -> 0 | Y26: =ROUND(ROUND(ROUND(X26*$E$6,4)*($I$6),2)*(MAX($I$7,1)),2) -> 0
A27: 300 Career Education (Grades 9-12) | E27: =IF($D$28=0,C27*2,C27+D27) -> 0 | G27: 1.081 | I27: =ROUND(E27*G27,4) -> 0 | J27: =ROUND(ROUND(ROUND(I27*$E$6,4)*($I$6),2)*(MAX($I$7,1)),2) -> 0 | R27: 300 Career Education (Grades 9-12) | T27: =IF($I$111=1,E27,0) -> 0 | V27: 1 | X27: =ROUND(T27*V27,4) -> 0 | Y27: =ROUND(ROUND(ROUND(X27*$E$6,4)*($I$6),2)*(MAX($I$7,1)),2) -> 0
A28: Totals | C28: =SUM(C12:C27) -> 5.47 | D28: =SUM(D12:D27) -> 5.99 | E28: =SUM(E12:E27) -> 11.46 | I28: =SUM(I12:I27) -> 39.7149 | J28: =SUM(J12:J27) -> 220947 | R28: Totals | T28: =SUM(T12:T27) -> 11.46 | X28: =SUM(X12:X27) -> 11.46 | Y28: =SUM(Y12:Y27) -> 63755.73
A29: Letters in Parentheses Refer to Notes at Bottom of Worksheet: | R29: Letters in Parentheses Refer to Notes at Bottom of Worksheet:
A30: Additional FTE | E30: Number of FTE Charter schools should contact their school district sponsor regarding eligible FTE. Please note that “Number of FTE” is NOT equivalent to number of students enrolled in these courses or programs. | J30: 2025-26 Base Funding (WFTE x BSA x CWF x SDF) | R30: Additional FTE | T30: Number of FTE Charter schools should contact their school district sponsor regarding eligible FTE. Please note that “Number of FTE” is NOT equivalent to number of students enrolled in these courses or programs. Please refer to footnote (a) below. | Y30: 2025-26 Base Funding (WFTE x BSA x CWF x SDF)
A31: Small District ESE Supplement | J31: =ROUND(ROUND(ROUND(I31*$E$6,4)*($I$6),0)*(MAX($I$7,1)),0) -> 0 | R31: Small District ESE Supplement | T31: =IF('[1]All charter school calculator'!X109=1,'[1]All charter school calculator'!X31,0) -> #REF! | Y31: =J31 -> 0
A32: Total Additional FTE | G32: =SUM(I31:I31) -> 0 | H32: Additional Base Funds | J32: =SUM(J31:J31) -> 0 | R32: Total Additional FTE | V32: =SUM(T31:V31) -> #REF! | W32: Additional Base Funds | Y32: =SUM(Y31:Y31) -> 0
A33: Total Funded Weighted FTE | G33: =G32+I28 -> 39.7149 | H33: Total Base Funding | J33: =SUM(J32,J28) -> 220947 | R33: Total Funded Weighted FTE | V33: =V32+X28 -> #REF! | W33: Total Base Funding | Y33: =SUM(Y32,Y28) -> 63755.73
A35: 1B. Classroom Teacher and Other Instructional Personnel Salary Increase Maintenance and Growth Portions of the Salary Increase funds are part of the total Conference Base Funding and are not treated as a separate allocation. Amounts are split out here for informative purposes and for the purposes of providing a total that may be used for calculating the adminstrative fee. | R35: 1B. Classroom Teacher and Other Instructional Personnel Salary Increase Maintenance and Growth Portions of the Salary Increase funds are part of the total Conference Base Funding and are not treated as a separate allocation. Amounts are split out here for informative purposes and for the purposes of providing a total that may be used for calculating the adminstrative fee.
A36: Maintenance Portion (6.67% of Conference Base Funding) | F36: (a) | G36: 191517.55 | H36: X | I36: 0.0667 | J36: =ROUND(G36*I36,2) -> 12774.22 | R36: Maintenance Portion (6.67% of Conference Base Funding) | V36: 61196.59 | W36: X | X36: 0.0667 | Y36: =J36 -> 12774.22
A37: Growth Portion (0.54% of Conference Base Funding) | F37: (a) | G37: 191517.55 | H37: X | I37: 0.0054 | J37: =ROUND(G37*I37,2) -> 1034.19 | R37: Growth Portion (0.54% of Conference Base Funding) | V37: 61196.59 | W37: X | X37: 0.0054 | Y37: =J37 -> 1034.19
A38: Total Salary Increase Allocation | J38: =SUM(J36:J37) -> 13808.41 | R38: Total Salary Increase Allocation | Y38: =Y36+Y37 -> 13808.41
A40: 2. ESE Guaranteed Allocation: | C40: Oct 2024 FTE | D40: Feb 2025 FTE | E40: Total FTE | G40: Grade Level | H40: Matrix Level | I40: Guarantee Per Student | R40: 2. ESE Guaranteed Allocation: | T40: FTE | V40: Grade Level | W40: Matrix Level | X40: Guarantee Per Student
A41: Additional Funding from the ESE Guaranteed Allocation. Enter the FTE from 111,112 and 113 by grade and matrix level. Students who do not have a matrix level should be considered 251. This total should equal all FTE from programs 111, 112 and 113 above, less any 113 gifted FTE. | C41: 0 | D41: 0 | E41: =IF($D$50=0,C41*2,C41+D41) -> 0 | G41: PK-3 | H41: 251 | I41: =INDEX('[1]111-112-113 ADDITIONAL FUND'!D$1:D$65536,MATCH($A$1,'[1]111-112-113 ADDITIONAL FUND'!A$1:A$65536)) -> 1047 | J41: =ROUND(E41*I41,2) -> 0 | R41: Additional Funding from the ESE Guaranteed Allocation. Enter the FTE from 111,112, & 113 by grade and matrix level. Students who do not have a matrix level should be considered 251. This total should equal all FTE from programs 111, 112 & 113 above. | V41: PK-3 | W41: 251 | X41: =I41 -> 1047 | Y41: =ROUND(T41*X41,2) -> 0
C42: 0 | D42: 0 | E42: =IF($D$50=0,C42*2,C42+D42) -> 0 | G42: PK-3 | H42: 252 | I42: =INDEX('[1]111-112-113 ADDITIONAL FUND'!E$1:E$65536,MATCH($A$1,'[1]111-112-113 ADDITIONAL FUND'!A$1:A$65536)) -> 3380 | J42: =ROUND(E42*I42,2) -> 0 | V42: PK-3 | W42: 252 | X42: =I42 -> 3380 | Y42: =ROUND(T42*X42,2) -> 0
C43: 0 | D43: 0 | E43: =IF($D$50=0,C43*2,C43+D43) -> 0 | G43: PK-3 | H43: 253 | I43: =INDEX('[1]111-112-113 ADDITIONAL FUND'!F$1:F$65536,MATCH($A$1,'[1]111-112-113 ADDITIONAL FUND'!A$1:A$65536)) -> 6896 | J43: =ROUND(E43*I43,2) -> 0 | V43: PK-3 | W43: 253 | X43: =I43 -> 6896 | Y43: =ROUND(T43*X43,2) -> 0
C44: 0 | D44: 0 | E44: =IF($D$50=0,C44*2,C44+D44) -> 0 | G44: 4-8 | H44: 251 | I44: =INDEX('[1]111-112-113 ADDITIONAL FUND'!G$1:G$65536,MATCH($A$1,'[1]111-112-113 ADDITIONAL FUND'!A$1:A$65536)) -> 1173 | J44: =ROUND(E44*I44,2) -> 0 | V44: 4-8 | W44: 251 | X44: =I44 -> 1173 | Y44: =ROUND(T44*X44,2) -> 0
C45: 0 | D45: 0 | E45: =IF($D$50=0,C45*2,C45+D45) -> 0 | G45: 4-8 | H45: 252 | I45: =INDEX('[1]111-112-113 ADDITIONAL FUND'!H$1:H$65536,MATCH($A$1,'[1]111-112-113 ADDITIONAL FUND'!A$1:A$65536)) -> 3506 | J45: =ROUND(E45*I45,2) -> 0 | V45: 4-8 | W45: 252 | X45: =I45 -> 3506 | Y45: =ROUND(T45*X45,2) -> 0
C46: 0 | D46: 0 | E46: =IF($D$50=0,C46*2,C46+D46) -> 0 | G46: 4-8 | H46: 253 | I46: =INDEX('[1]111-112-113 ADDITIONAL FUND'!I$1:I$65536,MATCH($A$1,'[1]111-112-113 ADDITIONAL FUND'!A$1:A$65536)) -> 7023 | J46: =ROUND(E46*I46,2) -> 0 | V46: 4-8 | W46: 253 | X46: =I46 -> 7023 | Y46: =ROUND(T46*X46,2) -> 0
C47: 0 | D47: 0 | E47: =IF($D$50=0,C47*2,C47+D47) -> 0 | G47: 9-12 | H47: 251 | I47: =INDEX('[1]111-112-113 ADDITIONAL FUND'!J$1:J$65536,MATCH($A$1,'[1]111-112-113 ADDITIONAL FUND'!A$1:A$65536)) -> 835 | J47: =ROUND(E47*I47,2) -> 0 | V47: 9-12 | W47: 251 | X47: =I47 -> 835 | Y47: =ROUND(T47*X47,2) -> 0
C48: 0 | D48: 0 | E48: =IF($D$50=0,C48*2,C48+D48) -> 0 | G48: 9-12 | H48: 252 | I48: =INDEX('[1]111-112-113 ADDITIONAL FUND'!K$1:K$65536,MATCH($A$1,'[1]111-112-113 ADDITIONAL FUND'!A$1:A$65536)) -> 3168 | J48: =ROUND(E48*I48,2) -> 0 | V48: 9-12 | W48: 252 | X48: =I48 -> 3168 | Y48: =ROUND(T48*X48,2) -> 0
C49: 1 | D49: 1.02 | E49: =IF($D$50=0,C49*2,C49+D49) -> 2.02 | G49: 9-12 | H49: 253 | I49: =INDEX('[1]111-112-113 ADDITIONAL FUND'!L$1:L$65536,MATCH($A$1,'[1]111-112-113 ADDITIONAL FUND'!A$1:A$65536)) -> 6685 | J49: =ROUND(E49*I49,2) -> 13503.7 | V49: 9-12 | W49: 253 | X49: =I49 -> 6685 | Y49: =ROUND(T49*X49,2) -> 0
A50: Total FTE with ESE Services | C50: =SUM(C41:C49) -> 1 | D50: =SUM(D41:D49) -> 1.02 | E50: =SUM(E41:E49) -> 2.02 | G50: Total ESE Guarantee | J50: =SUM(J41:J49) -> 13503.7 | R50: Total FTE with ESE Services | T50: =SUM(T42:T49) -> 0 | V50: Total ESE Guarantee | Y50: =SUM(Y41:Y49) -> 0
R51: 3A. Divide school's Unweighted FTE (UFTE) total computed in Section 1, cell C28 above by the district's total UFTE to obtain school's
A52: 3A. Divide school's Unweighted FTE (UFTE) total computed in Section 1, cell C28 above by the district's total UFTE to obtain school's | R52: UFTE share. Charter School UFTE: | T52: =T28 -> 11.46 | U52: ÷ | W52: District's Total UFTE: | X52: =I53 -> 215320.92
A53: UFTE share. Charter School UFTE: | C53: =E28 -> 11.46 | D53: ÷ | H53: District's Total UFTE: | I53: =INDEX('[1]Detail 2025-26 FEFP Second'!E$1:E$65536,MATCH(A1,'[1]Detail 2025-26 FEFP Second'!A$1:A$65536)) -> 215320.92 | W53: = | X53: =ROUND(T52/X52,6) -> 5.3e-05
H54: = | I54: =IFERROR(ROUND(C53/I53,6),0) -> 5.3e-05 | R54: 3B. Divide school's Weighted FTE (WFTE) total computed in Section 1, cell E39 above by the district's total WFTE to obtain school's
A55: 3B. Divide school's Weighted FTE (WFTE) total computed in Section 1, cell E33 above by the district's total WFTE to obtain school's | R55: WFTE share. Charter School WFTE: | T55: 11.46 | U55: ÷ | W55: District's Total WFTE: | X55: =I56 -> 229051.25
A56: WFTE share. Charter School WFTE: | C56: =G33 -> 39.7149 | D56: ÷ | H56: District's Total WFTE: | I56: =INDEX('[1]Detail 2025-26 FEFP Second'!F$1:F$65536,MATCH(A1,'[1]Detail 2025-26 FEFP Second'!A$1:A$65536)) -> 229051.25 | W56: = | X56: =ROUND(T55/X55,6) -> 5e-05
H57: = | I57: =IFERROR(ROUND(C56/I56,6),0) -> 0.000173 | R57: 3C. Divide school's Unweighted FTE (UFTE) total computed in Section 1, cell C28 above by the district's total non-scholarship UFTE to obtain school's
A58: 3C. Divide school's Unweighted FTE (UFTE) total computed in Section 1, cell C28 above by the district's total non-scholarship UFTE to obtain school's | R58: UFTE share. Charter School UFTE: | T58: =T28 -> 11.46 | U58: ÷ | V58: District's Total Non-Scholarship UFTE: | X58: =I59 -> 186156.17
A59: UFTE share. Charter School UFTE: | C59: =E28 -> 11.46 | D59: ÷ | F59: District's Total Non-Scholarship UFTE: | I59: =INDEX('[1]Detail 2025-26 FEFP Second'!H$1:H$65536,MATCH(A1,'[1]Detail 2025-26 FEFP Second'!A$1:A$65536)) -> 186156.17 | W59: = | X59: =ROUND(T58/X58,6) -> 6.2e-05
H60: = | I60: =IFERROR(ROUND(C59/I59,6),0) -> 6.2e-05 | R60: 3D. Divide school's Unweighted FTE (UFTE) total computed in Section 1, cell C28 above by the district's total non-virtual UFTE to obtain school's
A61: 3D. Divide school's Unweighted FTE (UFTE) total computed in Section 1, cell C28 above by the district's total non-virtual UFTE to obtain school's | R61: UFTE share. Charter School UFTE: | T61: =T28 -> 11.46 | U61: ÷ | V61: District's Total Non-Virtual UFTE: | X61: =I62 -> 215016.58
A62: UFTE share. Charter School UFTE: | C62: =E28 -> 11.46 | D62: ÷ | F62: District's Total Non-Virtual UFTE: | I62: =INDEX('[1]Detail 2025-26 FEFP Second'!G$1:G$65536,MATCH(A1,'[1]Detail 2025-26 FEFP Second'!A$1:A$65536)) -> 215016.58 | W62: = | X62: =ROUND(T61/X61,6) -> 5.3e-05
H63: = | I63: =IFERROR(ROUND(C62/I62,6),0) -> 5.3e-05 | R63: 3E. Divide school's Unweighted FTE (UFTE) total computed in Section 1, cell C28 above by the district's total non-scholarship and non-virtual UFTE to obtain school's
A64: 3E. Divide school's Unweighted FTE (UFTE) total computed in Section 1, cell C28 above by the district's total non-scholarship and non-virtual UFTE to obtain school's | R64: UFTE share. Charter School UFTE: | T64: =T28 -> 11.46 | U64: ÷ | V64: District's Total Non-Virtual and Non-Scholarship UFTE: | X64: =I65 -> 185851.83
A65: UFTE share. Charter School UFTE: | C65: =E28 -> 11.46 | D65: ÷ District's Total Non-Scholarship Non-Virtual UFTE: | I65: =INDEX('[1]Detail 2025-26 FEFP Second'!I$1:I$65536,MATCH(A1,'[1]Detail 2025-26 FEFP Second'!A$1:A$65536)) -> 185851.83 | W65: = | X65: =ROUND(T64/X64,6) -> 6.2e-05
H66: = | I66: =IFERROR(ROUND(C65/I65,6),0) -> 6.2e-05
R67: 4. Educational Enrichment Share (Non-Virtual UFTE share) | V67: =G68 -> 47290747 | W67: x | X67: =X62 -> 5.3e-05 | Y67: =ROUND(V67*X67,2) -> 2506.41
A68: 4. Educational Enrichment Share (Non-Virtual UFTE share) | F68: (e) | G68: =INDEX('[1]Detail 2025-26 FEFP Second'!N$1:N$65536,MATCH(A1,'[1]Detail 2025-26 FEFP Second'!A$1:A$65536)) -> 47290747 | H68: x | I68: =I63 -> 5.3e-05 | J68: =ROUND(G68*I68,2) -> 2506.41 | R68: 5. Discretionary Millage Compression Allocation
A69: 5. Discretionary Millage Compression Allocation | R69: .748 Mills | V69: =G70 -> 0 | W69: x | X69: =X53 -> 5.3e-05 | Y69: =ROUND(V69*X69,2) -> 0
A70: .748 Mills (UFTE share) | F70: (b) | G70: =INDEX('[1]Detail 2025-26 FEFP Second'!L$1:L$65536,MATCH(A1,'[1]Detail 2025-26 FEFP Second'!A$1:A$65536)) -> 0 | H70: x | I70: =I54 -> 5.3e-05 | J70: =ROUND(G70*I70,2) -> 0 | R70: 6. Safe Schools Allocation (Non-Virtual and Scholarship UFTE share) | V70: =G71 -> 19167881 | W70: x | X70: =X65 -> 6.2e-05 | Y70: =ROUND(V70*X70,2) -> 1188.41
A71: 6. Safe Schools Allocation (Non-Virtual and Non-Scholarship UFTE share) | F71: (f) | G71: =INDEX('[1]Detail 2025-26 FEFP Second'!M$1:M$65536,MATCH(A1,'[1]Detail 2025-26 FEFP Second'!A$1:A$65536)) -> 19167881 | H71: x | I71: =I66 -> 6.2e-05 | J71: =ROUND(G71*I71,2) -> 1188.41 | R71: 7. Mental Health Assistance Allocation (Non-Scholarship UFTE share) | V71: =G72 -> 11546889 | W71: x | X71: =X59 -> 6.2e-05 | Y71: =ROUND(V71*X71,2) -> 715.91
A72: 7. Mental Health Assistance Allocation (Non-Scholarship UFTE share) | F72: (d) | G72: =INDEX('[1]Detail 2025-26 FEFP Second'!T$1:T$65536,MATCH(A1,'[1]Detail 2025-26 FEFP Second'!A$1:A$65536)) -> 11546889 | H72: x | I72: =I60 -> 6.2e-05 | J72: =ROUND(G72*I72,2) -> 715.91 | R72: 8. Academic Acceleration Options Supplement (Value share)
A73: 8. Academic Acceleration Options Supplement (Value share) | F73: (g) | R73: Acceleration Value | T73: Acceleration Value Charter schools should contact their school district sponsor regarding eligible value. Please note that “Acceleration Value” is NOT equivalent to number of students enrolled in these courses or programs. Please refer to footnote (a) below.
A74: Acceleration Value | E74: Acceleration Value Charter schools should contact their school district sponsor regarding eligible value. Please note that “Acceleration Value” is NOT equivalent to number of students enrolled in these courses or programs. Please refer to footnote (g) below. | R74: Advanced Placement
A75: Advanced Placement | R75: International Baccalaureate
A76: International Baccalaureate | R76: Advanced International Certificate
A77: Advanced International Certificate | R77: Industry Certified Career Education
A78: Industry Certified Career Education | R78: Early High School Graduation
A79: Early High School Graduation | R79: Dual Enrollment
A80: Dual Enrollment | X80: School total value | Y80: =SUM(Y74:Y79) -> 0
I81: School total value | J81: =SUM(J75:J80) -> 0 | X81: District total value | Y81: =J82 -> 11461.43
I82: District total value | J82: =INDEX('[1]Detail 2025-26 FEFP Second'!J$1:J$65536,MATCH(A1,'[1]Detail 2025-26 FEFP Second'!A$1:A$65536)) -> 11461.43
R83: School Academic Acceleration Option Supplement | V83: =G84 -> 63269727 | W83: x | X83: =IFERROR(ROUND(Y80/Y81,6),0) -> 0 | Y83: =ROUND(V83*X83,2) -> 0
A84: School Academic Acceleration Option Supplement | G84: =INDEX('[1]Detail 2025-26 FEFP Second'!O$1:O$65536,MATCH(A1,'[1]Detail 2025-26 FEFP Second'!A$1:A$65536)) -> 63269727 | H84: x | I84: =IFERROR(ROUND(J81/J82,6),0) -> 0 | J84: =ROUND(G84*I84,2) -> 0 | R84: 9. ESE Guaranteed Allocation
A85: 9. Discretionary Local Effort (WFTE share) | F85: (c) | G85: =INDEX('[1]Detail 2025-26 FEFP Second'!Q$1:Q$65536,MATCH(A1,'[1]Detail 2025-26 FEFP Second'!A$1:A$65536)) -> 268816278 | H85: x | I85: =I57 -> 0.000173 | J85: =ROUND(G85*I85,2) -> 46505.22 | R85: 10. Discretionary Local Effort (WFTE share) | V85: =G85 -> 268816278 | W85: x | X85: =X56 -> 5e-05 | Y85: =ROUND(V85*X85,2) -> 13440.81
A86: 10. Proration to Funds Available (WFTE share) | F86: (c) | G86: 0 | H86: x | I86: =I57 -> 0.000173 | J86: =ROUND(G86*I86,2) -> 0 | R86: 11. Proration to Funds Available (WFTE share) | V86: =G86 -> 0 | W86: x | X86: =X56 -> 5e-05 | Y86: =ROUND(V86*X86,2) -> 0
A87: 11. Educational Enrollment Stabilization Program (UFTE share) | F87: (b) | G87: 0 | H87: x | I87: =I54 -> 5.3e-05 | J87: =ROUND(G87*I87,2) -> 0 | R87: 12. Educational Enrollment Stabilization Program (UFTE share) | V87: =G87 -> 0 | W87: x | X87: =X53 -> 5.3e-05 | Y87: =ROUND(V87*X87,2) -> 0
A88: 12. Class Size Reduction Funds: | R88: 13. Class Size Reduction Funds:
B89: Weighted FTE (not including Add-On) | D89: X CWF X | G89: Allocation factors | R89: Weighted FTE (not including Add-On) | T89: X CWF X | V89: Allocation factors
A90: PK - 3 | B90: =I12+I13+I18+I21+I24 -> 0 | D90: =I6 -> 1.0355 | G90: ='[1]Detail 2025-26 FEFP Second'!AB3 -> 958.42 | H90: = | I90: =ROUND(B90*D90*G90,2) -> 0 | R90: PK - 3 | S90: =X12+X13+X18+X21+X24 -> 0 | T90: =X6 -> 1.0355 | V90: =G90 -> 958.42 | W90: = | X90: =ROUND(S90*T90*V90,2) -> 0
A91: 4-8 | B91: =I14+I15+I19+I22+I25 -> 0 | D91: =I6 -> 1.0355 | G91: ='[1]Detail 2025-26 FEFP Second'!AC3 -> 915.09 | H91: = | I91: =ROUND(B91*D91*G91,2) -> 0 | R91: 4-8 | S91: =X14+X15+X19+X22+X25 -> 0 | T91: =X6 -> 1.0355 | V91: =G91 -> 915.09 | W91: = | X91: =ROUND(S91*T91*V91,2) -> 0
A92: 9-12 | B92: =I16+I17+I20+I23+I26+I27 -> 39.7149 | D92: =I6 -> 1.0355 | G92: ='[1]Detail 2025-26 FEFP Second'!AD3 -> 917.3 | H92: = | I92: =ROUND(B92*D92*G92,2) -> 37723.76 | R92: 9-12 | S92: =X16+X17+X20+X23+X26+X27 -> 11.46 | T92: =X6 -> 1.0355 | V92: =G92 -> 917.3 | W92: = | X92: =ROUND(S92*T92*V92,2) -> 10885.44
A93: Total * | B93: =SUM(B90:B92) -> 39.7149 | E93: Total Class Size Reduction Funds | J93: =IF(A1=75,0,I92+I91+I90) -> 37723.76 | R93: Total * | S93: =SUM(S90:S92) -> 11.46 | T93: Total Class Size Reduction Funds | Y93: =IF(R1=75,0,X92+X91+X90) -> 10885.44
A94: (*Total FTE should equal total in Section 1, column (4) and should not include any additional FTE from Section 1.) | R94: (*Total FTE should equal total in Section 1, column (4) and should not include any additional FTE from Section 1.)
A95: 13. Student Transportation | F95: (h) | R95: 14. Student Transportation
C96: Oct 2024 FTE | D96: Feb 2025 FTE | E96: Average FTE | R96: Enter All Adjusted Fundable Riders | T96: =IF(I111=1,E97,0) -> 0 | W96: x | X96: =I97 -> 617 | Y96: =ROUND(X96*T96,2) -> 0
A97: Enter All Adjusted Fundable Riders | C97: 0 | D97: 0 | E97: =(C97+D97)/2 -> 0 | H97: x | I97: =IF(A1>67,0,INDEX('[1]Transportation Per Student'!F$1:F$65536,MATCH(A1,'[1]Transportation Per Student'!B$1:B$65536))) -> 617 | J97: =ROUND(I97*E97,2) -> 0 | R97: Enter All Adjusted ESE Riders | T97: =IF(I112=1,E98,0) -> 0 | W97: x | X97: =I98 -> 1870 | Y97: =ROUND(X97*T97,2) -> 0
A98: Enter All Adjusted ESE Riders | C98: 0 | E98: =(C98+D98)/2 -> 0 | H98: x | I98: =IF(A1>67,0,INDEX('[1]Transportation Per Student'!J$1:J$65536,MATCH(A1,'[1]Transportation Per Student'!B$1:B$65536))) -> 1870 | J98: =ROUND(I98*E98,2) -> 0
A100: 14. Federally Connected Student Supplement | F100: (i) | R100: 15. Federally Connected Student Supplement
A101: Impact Aid Student Type | D101: Number of Students | G101: Exempt Property Allocation | I101: Impact Aid Student Allocation | J101: Total | R101: Impact Aid Student Type | T101: Number of Students | V101: Exempt Property Allocation | X101: Impact Aid Student Allocation | Y101: Total
A102: Military and Indian Lands | G102: =IF(E102=0,0,INDEX('[1]Detail 2025-26 FEFP Second'!V$1:V$65536,MATCH(A1,'[1]Detail 2025-26 FEFP Second'!A$1:A$65536))) -> 0 | I102: =IF(E102=0,0,'[1]Detail 2025-26 FEFP Second'!AL3) -> 0 | J102: =ROUND((I102+G102)*E102,0) -> 0 | R102: Military and Indian Lands | T102: 0 | V102: =IF(T102=0,0,INDEX('[1]Detail 2025-26 FEFP Second'!AM$1:AM$65536,MATCH(R1,'[1]Detail 2025-26 FEFP Second'!R$1:R$65536))) -> 0 | X102: =IF(T102=0,0,'[1]Detail 2025-26 FEFP Second'!BC3) -> 0 | Y102: =ROUND((X102+V102)*T102,0) -> 0
A103: Civilians on Federal Lands | G103: =ROUND(G102/2,2) -> 0 | I103: =IF(E103=0,0,ROUND('[1]Detail 2025-26 FEFP Second'!AL3/2,2)) -> 0 | J103: =ROUND((I103+G103)*E103,0) -> 0 | R103: Civilians on Federal Lands | T103: 0 | V103: =ROUND(V102/2,2) -> 0 | X103: =IF(T103=0,0,ROUND('[1]Detail 2025-26 FEFP Second'!BC3/2,2)) -> 0 | Y103: =ROUND((X103+V103)*T103,0) -> 0
...

Sheet 1461
A1: 50 | B1: (Insert district number in cell A1, enter, then strike F9. Your district data then pulls from Calculation Detail Sheets) | R1: 50 | S1: (Insert district number in cell A1, enter, then strike F9. Your district data then pulls from Calculation Detail Sheets)
A2: Revenue Estimate Worksheet: Inlet Grove Community High School - 1461 | R2: =Revenue_Estimate_Worksheet_for___________Charter_School -> Revenue Estimate Worksheet: Inlet Grove Community High School - 1461
A3: Based on the 2025-26 Second Calculation Worksheet | R3: Based on the 2025-26 FEFP Second Calculation
A4: School District: | D4: Palm Beach | H4: ='0040'!H4 -> 46023 | R4: School District: | T4: Palm Beach
A5: 1A. 2025-26 FEFP State and Local Funding | R5: 1A. 2025-26 FEFP State and Local Funding
A6: Base Student Allocation | E6: 5372.6 | G6: Comparable Wage Factor: | I6: =INDEX('[1]Detail 2025-26 FEFP Second'!$C$1:$C$65536,MATCH('1461'!$A$1,'[1]Detail 2025-26 FEFP Second'!$A$1:$A$65536,0)) -> 1.0355 | R6: Base Student Allocation | T6: =E6 -> 5372.6 | V6: Comparable Wage Factor: | X6: 1.0355
G7: Small District Factor | I7: =INDEX('[1]Detail 2025-26 FEFP Second'!$D$1:$D$65536,MATCH('1461'!$A$1,'[1]Detail 2025-26 FEFP Second'!$A$1:$A$65536,0)) -> 1 | V7: Small District Factor | X7: 1
J8: 2025-26 | Y8: 2025-26
C9: Oct 2024 | D9: Feb 2025 | G9: Program | I9: Weighted FTE | J9: Base Funding | V9: Program | X9: Weighted FTE | Y9: Base Funding
A10: Program | C10: FTE | D10: FTE | E10: Total FTE | G10: Cost Factor | I10: (2) x (3) | J10: (WFTE x BSA x CWF x SDF) | R10: Program | T10: Number of FTE | V10: Cost Factor | X10: (2) x (3) | Y10: (WFTE x BSA x CWF x SDF)
A11: (1) | E11: (2) | G11: (3) | I11: (4) | J11: (5) | R11: (1) | T11: (2) | V11: (3) | X11: (4) | Y11: (5)
A12: 101 Basic K-3 | E12: =IF($D$28=0,C12*2,C12+D12) -> 0 | G12: 1.108 | I12: =ROUND(E12*G12,4) -> 0 | J12: =ROUND(ROUND(ROUND(I12*$E$6,4)*($I$6),2)*(MAX($I$7,1)),2) -> 0 | R12: 101 Basic K-3 | T12: =IF($I$111=1,E12,0) -> 0 | V12: 1 | X12: =ROUND(T12*V12,4) -> 0 | Y12: =ROUND(ROUND(ROUND(X12*$E$6,4)*($I$6),2)*(MAX($I$7,1)),2) -> 0
A13: 111 Basic K-3 with ESE Services | E13: =IF($D$28=0,C13*2,C13+D13) -> 0 | G13: 1.108 | I13: =ROUND(E13*G13,4) -> 0 | J13: =ROUND(ROUND(ROUND(I13*$E$6,4)*($I$6),2)*(MAX($I$7,1)),2) -> 0 | R13: 111 Basic K-3 with ESE Services | T13: =IF($I$111=1,E13,0) -> 0 | V13: 1 | X13: =ROUND(T13*V13,4) -> 0 | Y13: =ROUND(ROUND(ROUND(X13*$E$6,4)*($I$6),2)*(MAX($I$7,1)),2) -> 0
A14: 102 Basic 4-8 | C14: 81.5 | D14: 81.5 | E14: =IF($D$28=0,C14*2,C14+D14) -> 163 | G14: 1 | I14: =ROUND(E14*G14,4) -> 163 | J14: =ROUND(ROUND(ROUND(I14*$E$6,4)*($I$6),2)*(MAX($I$7,1)),2) -> 906822.35 | R14: 102 Basic 4-8 | T14: =IF($I$111=1,E14,0) -> 0 | V14: 1 | X14: =ROUND(T14*V14,4) -> 0 | Y14: =ROUND(ROUND(ROUND(X14*$E$6,4)*($I$6),2)*(MAX($I$7,1)),2) -> 0
A15: 112 Basic 4-8 with ESE Services | E15: =IF($D$28=0,C15*2,C15+D15) -> 0 | G15: 1 | I15: =ROUND(E15*G15,4) -> 0 | J15: =ROUND(ROUND(ROUND(I15*$E$6,4)*($I$6),2)*(MAX($I$7,1)),2) -> 0 | R15: 112 Basic 4-8 with ESE Services | T15: =IF($I$111=1,E15,0) -> 0 | V15: 1 | X15: =ROUND(T15*V15,4) -> 0 | Y15: =ROUND(ROUND(ROUND(X15*$E$6,4)*($I$6),2)*(MAX($I$7,1)),2) -> 0
A16: 103 Basic 9-12 | C16: 227.2 | D16: 228.67 | E16: =IF($D$28=0,C16*2,C16+D16) -> 455.87 | G16: 0.972 | I16: =ROUND(E16*G16,4) -> 443.1056 | J16: =ROUND(ROUND(ROUND(I16*$E$6,4)*($I$6),2)*(MAX($I$7,1)),2) -> 2465141.5 | R16: 103 Basic 9-12 | T16: =IF($I$111=1,E16,0) -> 0 | V16: 1 | X16: =ROUND(T16*V16,4) -> 0 | Y16: =ROUND(ROUND(ROUND(X16*$E$6,4)*($I$6),2)*(MAX($I$7,1)),2) -> 0
A17: 113 Basic 9-12 with ESE Services | C17: 40.72 | D17: 40.69 | E17: =IF($D$28=0,C17*2,C17+D17) -> 81.41 | G17: 0.972 | I17: =ROUND(E17*G17,4) -> 79.1305 | J17: =ROUND(ROUND(ROUND(I17*$E$6,4)*($I$6),2)*(MAX($I$7,1)),2) -> 440228.87 | R17: 113 Basic 9-12 with ESE Services | T17: =IF($I$111=1,E17,0) -> 0 | V17: 1 | X17: =ROUND(T17*V17,4) -> 0 | Y17: =ROUND(ROUND(ROUND(X17*$E$6,4)*($I$6),2)*(MAX($I$7,1)),2) -> 0
A18: 254 ESE Level 4 (Grade Level PK-3) | E18: =IF($D$28=0,C18*2,C18+D18) -> 0 | G18: 3.609 | I18: =ROUND(E18*G18,4) -> 0 | J18: =ROUND(ROUND(ROUND(I18*$E$6,4)*($I$6),2)*(MAX($I$7,1)),2) -> 0 | R18: 254 ESE Level 4 (Grade Level PK-3) | T18: =IF($I$111=1,E18,0) -> 0 | V18: 1 | X18: =ROUND(T18*V18,4) -> 0 | Y18: =ROUND(ROUND(ROUND(X18*$E$6,4)*($I$6),2)*(MAX($I$7,1)),2) -> 0
A19: 254 ESE Level 4 (Grade Level 4-8) | E19: =IF($D$28=0,C19*2,C19+D19) -> 0 | G19: 3.609 | I19: =ROUND(E19*G19,4) -> 0 | J19: =ROUND(ROUND(ROUND(I19*$E$6,4)*($I$6),2)*(MAX($I$7,1)),2) -> 0 | R19: 254 ESE Level 4 (Grade Level 4-8) | T19: =IF($I$111=1,E19,0) -> 0 | V19: 1 | X19: =ROUND(T19*V19,4) -> 0 | Y19: =ROUND(ROUND(ROUND(X19*$E$6,4)*($I$6),2)*(MAX($I$7,1)),2) -> 0
A20: 254 ESE Level 4 (Grade Level 9-12) | E20: =IF($D$28=0,C20*2,C20+D20) -> 0 | G20: 3.609 | I20: =ROUND(E20*G20,4) -> 0 | J20: =ROUND(ROUND(ROUND(I20*$E$6,4)*($I$6),2)*(MAX($I$7,1)),2) -> 0 | R20: 254 ESE Level 4 (Grade Level 9-12) | T20: =IF($I$111=1,E20,0) -> 0 | V20: 1 | X20: =ROUND(T20*V20,4) -> 0 | Y20: =ROUND(ROUND(ROUND(X20*$E$6,4)*($I$6),2)*(MAX($I$7,1)),2) -> 0
A21: 255 ESE Level 5 (Grade Level PK-3) | E21: =IF($D$28=0,C21*2,C21+D21) -> 0 | G21: 6.064 | I21: =ROUND(E21*G21,4) -> 0 | J21: =ROUND(ROUND(ROUND(I21*$E$6,4)*($I$6),2)*(MAX($I$7,1)),2) -> 0 | R21: 255 ESE Level 5 (Grade Level PK-3) | T21: =IF($I$111=1,E21,0) -> 0 | V21: 1 | X21: =ROUND(T21*V21,4) -> 0 | Y21: =ROUND(ROUND(ROUND(X21*$E$6,4)*($I$6),2)*(MAX($I$7,1)),2) -> 0
A22: 255 ESE Level 5 (Grade Level 4-8) | E22: =IF($D$28=0,C22*2,C22+D22) -> 0 | G22: 6.064 | I22: =ROUND(E22*G22,4) -> 0 | J22: =ROUND(ROUND(ROUND(I22*$E$6,4)*($I$6),2)*(MAX($I$7,1)),2) -> 0 | R22: 255 ESE Level 5 (Grade Level 4-8) | T22: =IF($I$111=1,E22,0) -> 0 | V22: 1 | X22: =ROUND(T22*V22,4) -> 0 | Y22: =ROUND(ROUND(ROUND(X22*$E$6,4)*($I$6),2)*(MAX($I$7,1)),2) -> 0
A23: 255 ESE Level 5 (Grade Level 9-12) | E23: =IF($D$28=0,C23*2,C23+D23) -> 0 | G23: 6.064 | I23: =ROUND(E23*G23,4) -> 0 | J23: =ROUND(ROUND(ROUND(I23*$E$6,4)*($I$6),2)*(MAX($I$7,1)),2) -> 0 | R23: 255 ESE Level 5 (Grade Level 9-12) | T23: =IF($I$111=1,E23,0) -> 0 | V23: 1 | X23: =ROUND(T23*V23,4) -> 0 | Y23: =ROUND(ROUND(ROUND(X23*$E$6,4)*($I$6),2)*(MAX($I$7,1)),2) -> 0
A24: 130 ESOL (Grade Level PK-3) | E24: =IF($D$28=0,C24*2,C24+D24) -> 0 | G24: 1.165 | I24: =ROUND(E24*G24,4) -> 0 | J24: =ROUND(ROUND(ROUND(I24*$E$6,4)*($I$6),2)*(MAX($I$7,1)),2) -> 0 | R24: 130 ESOL (Grade Level PK-3) | T24: =IF($I$111=1,E24,0) -> 0 | V24: 1 | X24: =ROUND(T24*V24,4) -> 0 | Y24: =ROUND(ROUND(ROUND(X24*$E$6,4)*($I$6),2)*(MAX($I$7,1)),2) -> 0
A25: 130 ESOL (Grade Level 4-8) | E25: =IF($D$28=0,C25*2,C25+D25) -> 0 | G25: 1.165 | I25: =ROUND(E25*G25,4) -> 0 | J25: =ROUND(ROUND(ROUND(I25*$E$6,4)*($I$6),2)*(MAX($I$7,1)),2) -> 0 | R25: 130 ESOL (Grade Level 4-8) | T25: =IF($I$111=1,E25,0) -> 0 | V25: 1 | X25: =ROUND(T25*V25,4) -> 0 | Y25: =ROUND(ROUND(ROUND(X25*$E$6,4)*($I$6),2)*(MAX($I$7,1)),2) -> 0
A26: 130 ESOL (Grade Level 9-12) | C26: 3.47 | D26: 2.61 | E26: =IF($D$28=0,C26*2,C26+D26) -> 6.08 | G26: 1.165 | I26: =ROUND(E26*G26,4) -> 7.0832 | J26: =ROUND(ROUND(ROUND(I26*$E$6,4)*($I$6),2)*(MAX($I$7,1)),2) -> 39406.16 | R26: 130 ESOL (Grade Level 9-12) | T26: =IF($I$111=1,E26,0) -> 0 | V26: 1 | X26: =ROUND(T26*V26,4) -> 0 | Y26: =ROUND(ROUND(ROUND(X26*$E$6,4)*($I$6),2)*(MAX($I$7,1)),2) -> 0
A27: 300 Career Education (Grades 9-12) | C27: 78.71 | D27: 76.48 | E27: =IF($D$28=0,C27*2,C27+D27) -> 155.19 | G27: 1.081 | I27: =ROUND(E27*G27,4) -> 167.7604 | J27: =ROUND(ROUND(ROUND(I27*$E$6,4)*($I$6),2)*(MAX($I$7,1)),2) -> 933306.01 | R27: 300 Career Education (Grades 9-12) | T27: =IF($I$111=1,E27,0) -> 0 | V27: 1 | X27: =ROUND(T27*V27,4) -> 0 | Y27: =ROUND(ROUND(ROUND(X27*$E$6,4)*($I$6),2)*(MAX($I$7,1)),2) -> 0
A28: Totals | C28: =SUM(C12:C27) -> 431.6 | D28: =SUM(D12:D27) -> 429.95 | E28: =SUM(E12:E27) -> 861.55 | I28: =SUM(I12:I27) -> 860.0797 | J28: =SUM(J12:J27) -> 4784904.9 | R28: Totals | T28: =SUM(T12:T27) -> 0 | X28: =SUM(X12:X27) -> 0 | Y28: =SUM(Y12:Y27) -> 0
A29: Letters in Parentheses Refer to Notes at Bottom of Worksheet: | R29: Letters in Parentheses Refer to Notes at Bottom of Worksheet:
A30: Additional FTE | E30: Number of FTE Charter schools should contact their school district sponsor regarding eligible FTE. Please note that “Number of FTE” is NOT equivalent to number of students enrolled in these courses or programs. | J30: 2025-26 Base Funding (WFTE x BSA x CWF x SDF) | R30: Additional FTE | T30: Number of FTE Charter schools should contact their school district sponsor regarding eligible FTE. Please note that “Number of FTE” is NOT equivalent to number of students enrolled in these courses or programs. Please refer to footnote (a) below. | Y30: 2025-26 Base Funding (WFTE x BSA x CWF x SDF)
A31: Small District ESE Supplement | J31: =ROUND(ROUND(ROUND(I31*$E$6,4)*($I$6),0)*(MAX($I$7,1)),0) -> 0 | R31: Small District ESE Supplement | T31: =IF('[1]All charter school calculator'!X109=1,'[1]All charter school calculator'!X31,0) -> #REF! | Y31: =J31 -> 0
A32: Total Additional FTE | G32: =SUM(I31:I31) -> 0 | H32: Additional Base Funds | J32: =SUM(J31:J31) -> 0 | R32: Total Additional FTE | V32: =SUM(T31:V31) -> #REF! | W32: Additional Base Funds | Y32: =SUM(Y31:Y31) -> 0
A33: Total Funded Weighted FTE | G33: =G32+I28 -> 860.0797 | H33: Total Base Funding | J33: =SUM(J32,J28) -> 4784904.9 | R33: Total Funded Weighted FTE | V33: =V32+X28 -> #REF! | W33: Total Base Funding | Y33: =SUM(Y32,Y28) -> 0
A35: 1B. Classroom Teacher and Other Instructional Personnel Salary Increase Maintenance and Growth Portions of the Salary Increase funds are part of the total Conference Base Funding and are not treated as a separate allocation. Amounts are split out here for informative purposes and for the purposes of providing a total that may be used for calculating the adminstrative fee. | R35: 1B. Classroom Teacher and Other Instructional Personnel Salary Increase Maintenance and Growth Portions of the Salary Increase funds are part of the total Conference Base Funding and are not treated as a separate allocation. Amounts are split out here for informative purposes and for the purposes of providing a total that may be used for calculating the adminstrative fee.
A36: Maintenance Portion (6.67% of Conference Base Funding) | F36: (a) | G36: 3884600.5 | H36: X | I36: 0.0667 | J36: =ROUND(G36*I36,2) -> 259102.85 | R36: Maintenance Portion (6.67% of Conference Base Funding) | V36: 0 | W36: X | X36: 0.0667 | Y36: =ROUND(V36*X36,2) -> 0
A37: Growth Portion (0.54% of Conference Base Funding) | F37: (a) | G37: 3884600.5 | H37: X | I37: 0.0054 | J37: =ROUND(G37*I37,2) -> 20976.84 | R37: Growth Portion (0.54% of Conference Base Funding) | V37: 0 | W37: X | X37: 0.0054 | Y37: =ROUND(V37*X37,2) -> 0
A38: Total Salary Increase Allocation | J38: =SUM(J36:J37) -> 280079.69 | R38: Total Salary Increase Allocation | Y38: =Y36+Y37 -> 0
A40: 2. ESE Guaranteed Allocation: | C40: Oct 2024 FTE | D40: Feb 2025 FTE | E40: Total FTE | G40: Grade Level | H40: Matrix Level | I40: Guarantee Per Student | R40: 2. ESE Guaranteed Allocation: | T40: FTE | V40: Grade Level | W40: Matrix Level | X40: Guarantee Per Student
A41: Additional Funding from the ESE Guaranteed Allocation. Enter the FTE from 111,112 and 113 by grade and matrix level. Students who do not have a matrix level should be considered 251. This total should equal all FTE from programs 111, 112 and 113 above, less any 113 gifted FTE. | C41: 0 | D41: 0 | E41: =IF($D$50=0,C41*2,C41+D41) -> 0 | G41: PK-3 | H41: 251 | I41: =INDEX('[1]111-112-113 ADDITIONAL FUND'!D$1:D$65536,MATCH($A$1,'[1]111-112-113 ADDITIONAL FUND'!A$1:A$65536)) -> 1047 | J41: =ROUND(E41*I41,2) -> 0 | R41: Additional Funding from the ESE Guaranteed Allocation. Enter the FTE from 111,112, & 113 by grade and matrix level. Students who do not have a matrix level should be considered 251. This total should equal all FTE from programs 111, 112 & 113 above. | V41: PK-3 | W41: 251 | X41: =I41 -> 1047 | Y41: =ROUND(T41*X41,2) -> 0
C42: 0 | D42: 0 | E42: =IF($D$50=0,C42*2,C42+D42) -> 0 | G42: PK-3 | H42: 252 | I42: =INDEX('[1]111-112-113 ADDITIONAL FUND'!E$1:E$65536,MATCH($A$1,'[1]111-112-113 ADDITIONAL FUND'!A$1:A$65536)) -> 3380 | J42: =ROUND(E42*I42,2) -> 0 | V42: PK-3 | W42: 252 | X42: =I42 -> 3380 | Y42: =ROUND(T42*X42,2) -> 0
C43: 0 | D43: 0 | E43: =IF($D$50=0,C43*2,C43+D43) -> 0 | G43: PK-3 | H43: 253 | I43: =INDEX('[1]111-112-113 ADDITIONAL FUND'!F$1:F$65536,MATCH($A$1,'[1]111-112-113 ADDITIONAL FUND'!A$1:A$65536)) -> 6896 | J43: =ROUND(E43*I43,2) -> 0 | V43: PK-3 | W43: 253 | X43: =I43 -> 6896 | Y43: =ROUND(T43*X43,2) -> 0
C44: 0 | D44: 0 | E44: =IF($D$50=0,C44*2,C44+D44) -> 0 | G44: 4-8 | H44: 251 | I44: =INDEX('[1]111-112-113 ADDITIONAL FUND'!G$1:G$65536,MATCH($A$1,'[1]111-112-113 ADDITIONAL FUND'!A$1:A$65536)) -> 1173 | J44: =ROUND(E44*I44,2) -> 0 | V44: 4-8 | W44: 251 | X44: =I44 -> 1173 | Y44: =ROUND(T44*X44,2) -> 0
C45: 0 | D45: 0 | E45: =IF($D$50=0,C45*2,C45+D45) -> 0 | G45: 4-8 | H45: 252 | I45: =INDEX('[1]111-112-113 ADDITIONAL FUND'!H$1:H$65536,MATCH($A$1,'[1]111-112-113 ADDITIONAL FUND'!A$1:A$65536)) -> 3506 | J45: =ROUND(E45*I45,2) -> 0 | V45: 4-8 | W45: 252 | X45: =I45 -> 3506 | Y45: =ROUND(T45*X45,2) -> 0
C46: 0 | D46: 0 | E46: =IF($D$50=0,C46*2,C46+D46) -> 0 | G46: 4-8 | H46: 253 | I46: =INDEX('[1]111-112-113 ADDITIONAL FUND'!I$1:I$65536,MATCH($A$1,'[1]111-112-113 ADDITIONAL FUND'!A$1:A$65536)) -> 7023 | J46: =ROUND(E46*I46,2) -> 0 | V46: 4-8 | W46: 253 | X46: =I46 -> 7023 | Y46: =ROUND(T46*X46,2) -> 0
C47: 37.82 | D47: 37.79 | E47: =IF($D$50=0,C47*2,C47+D47) -> 75.61 | G47: 9-12 | H47: 251 | I47: =INDEX('[1]111-112-113 ADDITIONAL FUND'!J$1:J$65536,MATCH($A$1,'[1]111-112-113 ADDITIONAL FUND'!A$1:A$65536)) -> 835 | J47: =ROUND(E47*I47,2) -> 63134.35 | V47: 9-12 | W47: 251 | X47: =I47 -> 835 | Y47: =ROUND(T47*X47,2) -> 0
C48: 2.9 | D48: 2.9 | E48: =IF($D$50=0,C48*2,C48+D48) -> 5.8 | G48: 9-12 | H48: 252 | I48: =INDEX('[1]111-112-113 ADDITIONAL FUND'!K$1:K$65536,MATCH($A$1,'[1]111-112-113 ADDITIONAL FUND'!A$1:A$65536)) -> 3168 | J48: =ROUND(E48*I48,2) -> 18374.4 | V48: 9-12 | W48: 252 | X48: =I48 -> 3168 | Y48: =ROUND(T48*X48,2) -> 0
C49: 0 | D49: 0 | E49: =IF($D$50=0,C49*2,C49+D49) -> 0 | G49: 9-12 | H49: 253 | I49: =INDEX('[1]111-112-113 ADDITIONAL FUND'!L$1:L$65536,MATCH($A$1,'[1]111-112-113 ADDITIONAL FUND'!A$1:A$65536)) -> 6685 | J49: =ROUND(E49*I49,2) -> 0 | V49: 9-12 | W49: 253 | X49: =I49 -> 6685 | Y49: =ROUND(T49*X49,2) -> 0
A50: Total FTE with ESE Services | C50: =SUM(C41:C49) -> 40.72 | D50: =SUM(D41:D49) -> 40.69 | E50: =SUM(E41:E49) -> 81.41 | G50: Total ESE Guarantee | J50: =SUM(J41:J49) -> 81508.75 | R50: Total FTE with ESE Services | T50: =SUM(T42:T49) -> 0 | V50: Total ESE Guarantee | Y50: =SUM(Y41:Y49) -> 0
R51: 3A. Divide school's Unweighted FTE (UFTE) total computed in Section 1, cell C28 above by the district's total UFTE to obtain school's
A52: 3A. Divide school's Unweighted FTE (UFTE) total computed in Section 1, cell C28 above by the district's total UFTE to obtain school's | R52: UFTE share. Charter School UFTE: | T52: =T28 -> 0 | U52: ÷ | W52: District's Total UFTE: | X52: =I53 -> 215320.92
A53: UFTE share. Charter School UFTE: | C53: =E28 -> 861.55 | D53: ÷ | H53: District's Total UFTE: | I53: =INDEX('[1]Detail 2025-26 FEFP Second'!E$1:E$65536,MATCH(A1,'[1]Detail 2025-26 FEFP Second'!A$1:A$65536)) -> 215320.92 | W53: = | X53: =ROUND(T52/X52,6) -> 0
H54: = | I54: =IFERROR(ROUND(C53/I53,6),0) -> 0.004001 | R54: 3B. Divide school's Weighted FTE (WFTE) total computed in Section 1, cell E39 above by the district's total WFTE to obtain school's
A55: 3B. Divide school's Weighted FTE (WFTE) total computed in Section 1, cell E33 above by the district's total WFTE to obtain school's | R55: WFTE share. Charter School WFTE: | T55: =C56 -> 860.0797 | U55: ÷ | W55: District's Total WFTE: | X55: =I56 -> 229051.25
A56: WFTE share. Charter School WFTE: | C56: =G33 -> 860.0797 | D56: ÷ | H56: District's Total WFTE: | I56: =INDEX('[1]Detail 2025-26 FEFP Second'!F$1:F$65536,MATCH(A1,'[1]Detail 2025-26 FEFP Second'!A$1:A$65536)) -> 229051.25 | W56: = | X56: =ROUND(T55/X55,6) -> 0.003755
H57: = | I57: =IFERROR(ROUND(C56/I56,6),0) -> 0.003755 | R57: 3C. Divide school's Unweighted FTE (UFTE) total computed in Section 1, cell C28 above by the district's total non-scholarship UFTE to obtain school's
A58: 3C. Divide school's Unweighted FTE (UFTE) total computed in Section 1, cell C28 above by the district's total non-scholarship UFTE to obtain school's | R58: UFTE share. Charter School UFTE: | T58: =T28 -> 0 | U58: ÷ | V58: District's Total Non-Scholarship UFTE: | X58: =I59 -> 186156.17
A59: UFTE share. Charter School UFTE: | C59: =E28 -> 861.55 | D59: ÷ | F59: District's Total Non-Scholarship UFTE: | I59: =INDEX('[1]Detail 2025-26 FEFP Second'!H$1:H$65536,MATCH(A1,'[1]Detail 2025-26 FEFP Second'!A$1:A$65536)) -> 186156.17 | W59: = | X59: =ROUND(T58/X58,6) -> 0
H60: = | I60: =IFERROR(ROUND(C59/I59,6),0) -> 0.004628 | R60: 3D. Divide school's Unweighted FTE (UFTE) total computed in Section 1, cell C28 above by the district's total non-virtual UFTE to obtain school's
A61: 3D. Divide school's Unweighted FTE (UFTE) total computed in Section 1, cell C28 above by the district's total non-virtual UFTE to obtain school's | R61: UFTE share. Charter School UFTE: | T61: =T28 -> 0 | U61: ÷ | V61: District's Total Non-Virtual UFTE: | X61: =I62 -> 215016.58
A62: UFTE share. Charter School UFTE: | C62: =E28 -> 861.55 | D62: ÷ | F62: District's Total Non-Virtual UFTE: | I62: =INDEX('[1]Detail 2025-26 FEFP Second'!G$1:G$65536,MATCH(A1,'[1]Detail 2025-26 FEFP Second'!A$1:A$65536)) -> 215016.58 | W62: = | X62: =ROUND(T61/X61,6) -> 0
H63: = | I63: =IFERROR(ROUND(C62/I62,6),0) -> 0.004007 | R63: 3E. Divide school's Unweighted FTE (UFTE) total computed in Section 1, cell C28 above by the district's total non-scholarship and non-virtual UFTE to obtain school's
A64: 3E. Divide school's Unweighted FTE (UFTE) total computed in Section 1, cell C28 above by the district's total non-scholarship and non-virtual UFTE to obtain school's | R64: UFTE share. Charter School UFTE: | T64: =T28 -> 0 | U64: ÷ | V64: District's Total Non-Virtual and Non-Scholarship UFTE: | X64: =I65 -> 185851.83
A65: UFTE share. Charter School UFTE: | C65: =E28 -> 861.55 | D65: ÷ District's Total Non-Scholarship Non-Virtual UFTE: | I65: =INDEX('[1]Detail 2025-26 FEFP Second'!I$1:I$65536,MATCH(A1,'[1]Detail 2025-26 FEFP Second'!A$1:A$65536)) -> 185851.83 | W65: = | X65: =ROUND(T64/X64,6) -> 0
H66: = | I66: =IFERROR(ROUND(C65/I65,6),0) -> 0.004636
R67: 4. Educational Enrichment Share (Non-Virtual UFTE share) | V67: =G68 -> 47290747 | W67: x | X67: =X62 -> 0 | Y67: =ROUND(V67*X67,2) -> 0
A68: 4. Educational Enrichment Share (Non-Virtual UFTE share) | F68: (e) | G68: =INDEX('[1]Detail 2025-26 FEFP Second'!N$1:N$65536,MATCH(A1,'[1]Detail 2025-26 FEFP Second'!A$1:A$65536)) -> 47290747 | H68: x | I68: =I63 -> 0.004007 | J68: =ROUND(G68*I68,2) -> 189494.02 | R68: 5. Discretionary Millage Compression Allocation
A69: 5. Discretionary Millage Compression Allocation | R69: .748 Mills | V69: =G70 -> 0 | W69: x | X69: =X53 -> 0 | Y69: =ROUND(V69*X69,2) -> 0
A70: .748 Mills (UFTE share) | F70: (b) | G70: =INDEX('[1]Detail 2025-26 FEFP Second'!L$1:L$65536,MATCH(A1,'[1]Detail 2025-26 FEFP Second'!A$1:A$65536)) -> 0 | H70: x | I70: =I54 -> 0.004001 | J70: =ROUND(G70*I70,2) -> 0 | R70: 6. Safe Schools Allocation (Non-Virtual and Scholarship UFTE share) | V70: =G71 -> 19167881 | W70: x | X70: =X65 -> 0 | Y70: =ROUND(V70*X70,2) -> 0
A71: 6. Safe Schools Allocation (Non-Virtual and Non-Scholarship UFTE share) | F71: (f) | G71: =INDEX('[1]Detail 2025-26 FEFP Second'!M$1:M$65536,MATCH(A1,'[1]Detail 2025-26 FEFP Second'!A$1:A$65536)) -> 19167881 | H71: x | I71: =I66 -> 0.004636 | J71: =ROUND(G71*I71,2) -> 88862.3 | R71: 7. Mental Health Assistance Allocation (Non-Scholarship UFTE share) | V71: =G72 -> 11546889 | W71: x | X71: =X59 -> 0 | Y71: =ROUND(V71*X71,2) -> 0
A72: 7. Mental Health Assistance Allocation (Non-Scholarship UFTE share) | F72: (d) | G72: =INDEX('[1]Detail 2025-26 FEFP Second'!T$1:T$65536,MATCH(A1,'[1]Detail 2025-26 FEFP Second'!A$1:A$65536)) -> 11546889 | H72: x | I72: =I60 -> 0.004628 | J72: =ROUND(G72*I72,2) -> 53439 | R72: 8. Academic Acceleration Options Supplement (Value share)
A73: 8. Academic Acceleration Options Supplement (Value share) | F73: (g) | R73: Acceleration Value | T73: Acceleration Value Charter schools should contact their school district sponsor regarding eligible value. Please note that “Acceleration Value” is NOT equivalent to number of students enrolled in these courses or programs. Please refer to footnote (a) below.
A74: Acceleration Value | E74: Acceleration Value Charter schools should contact their school district sponsor regarding eligible value. Please note that “Acceleration Value” is NOT equivalent to number of students enrolled in these courses or programs. Please refer to footnote (g) below. | R74: Advanced Placement
A75: Advanced Placement | J75: 10.72 | R75: International Baccalaureate
A76: International Baccalaureate | R76: Advanced International Certificate
A77: Advanced International Certificate | R77: Industry Certified Career Education
A78: Industry Certified Career Education | J78: 48.9 | R78: Early High School Graduation
A79: Early High School Graduation | J79: 0.25 | R79: Dual Enrollment
A80: Dual Enrollment | J80: 9.28 | X80: School total value | Y80: =SUM(Y74:Y79) -> 0
I81: School total value | J81: =SUM(J75:J80) -> 69.15 | X81: District total value | Y81: =J82 -> 11461.43
I82: District total value | J82: =INDEX('[1]Detail 2025-26 FEFP Second'!J$1:J$65536,MATCH(A1,'[1]Detail 2025-26 FEFP Second'!A$1:A$65536)) -> 11461.43
R83: School Academic Acceleration Option Supplement | V83: =G84 -> 63269727 | W83: x | X83: =IFERROR(ROUND(Y80/Y81,6),0) -> 0 | Y83: =ROUND(V83*X83,2) -> 0
A84: School Academic Acceleration Option Supplement | G84: =INDEX('[1]Detail 2025-26 FEFP Second'!O$1:O$65536,MATCH(A1,'[1]Detail 2025-26 FEFP Second'!A$1:A$65536)) -> 63269727 | H84: x | I84: =IFERROR(ROUND(J81/J82,6),0) -> 0.006033 | J84: =ROUND(G84*I84,2) -> 381706.26 | R84: 9. ESE Guaranteed Allocation
A85: 9. Discretionary Local Effort (WFTE share) | F85: (c) | G85: =INDEX('[1]Detail 2025-26 FEFP Second'!Q$1:Q$65536,MATCH(A1,'[1]Detail 2025-26 FEFP Second'!A$1:A$65536)) -> 268816278 | H85: x | I85: =I57 -> 0.003755 | J85: =ROUND(G85*I85,2) -> 1009405.1 | R85: 10. Discretionary Local Effort (WFTE share) | V85: =G85 -> 268816278 | W85: x | X85: =X56 -> 0.003755 | Y85: =ROUND(V85*X85,2) -> 1009405.1
A86: 10. Proration to Funds Available (WFTE share) | F86: (c) | G86: 0 | H86: x | I86: =I57 -> 0.003755 | J86: =ROUND(G86*I86,2) -> 0 | R86: 11. Proration to Funds Available (WFTE share) | V86: =G86 -> 0 | W86: x | X86: =X56 -> 0.003755 | Y86: =ROUND(V86*X86,2) -> 0
A87: 11. Educational Enrollment Stabilization Program (UFTE share) | F87: (b) | G87: 0 | H87: x | I87: =I54 -> 0.004001 | J87: =ROUND(G87*I87,2) -> 0 | R87: 12. Educational Enrollment Stabilization Program (UFTE share) | V87: =G87 -> 0 | W87: x | X87: =X53 -> 0 | Y87: =ROUND(V87*X87,2) -> 0
A88: 12. Class Size Reduction Funds: | R88: 13. Class Size Reduction Funds:
B89: Weighted FTE (not including Add-On) | D89: X CWF X | G89: Allocation factors | R89: Weighted FTE (not including Add-On) | T89: X CWF X | V89: Allocation factors
A90: PK - 3 | B90: =I12+I13+I18+I21+I24 -> 0 | D90: =I6 -> 1.0355 | G90: ='[1]Detail 2025-26 FEFP Second'!AB3 -> 958.42 | H90: = | I90: =ROUND(B90*D90*G90,2) -> 0 | R90: PK - 3 | S90: =X12+X13+X18+X21+X24 -> 0 | T90: =X6 -> 1.0355 | V90: =G90 -> 958.42 | W90: = | X90: =ROUND(S90*T90*V90,2) -> 0
A91: 4-8 | B91: =I14+I15+I19+I22+I25 -> 163 | D91: =I6 -> 1.0355 | G91: ='[1]Detail 2025-26 FEFP Second'!AC3 -> 915.09 | H91: = | I91: =ROUND(B91*D91*G91,2) -> 154454.84 | R91: 4-8 | S91: =X14+X15+X19+X22+X25 -> 0 | T91: =X6 -> 1.0355 | V91: =G91 -> 915.09 | W91: = | X91: =ROUND(S91*T91*V91,2) -> 0
A92: 9-12 | B92: =I16+I17+I20+I23+I26+I27 -> 697.0797 | D92: =I6 -> 1.0355 | G92: ='[1]Detail 2025-26 FEFP Second'!AD3 -> 917.3 | H92: = | I92: =ROUND(B92*D92*G92,2) -> 662131.02 | R92: 9-12 | S92: =X16+X17+X20+X23+X26+X27 -> 0 | T92: =X6 -> 1.0355 | V92: =G92 -> 917.3 | W92: = | X92: =ROUND(S92*T92*V92,2) -> 0
A93: Total * | B93: =SUM(B90:B92) -> 860.0797 | E93: Total Class Size Reduction Funds | J93: =IF(A1=75,0,I92+I91+I90) -> 816585.86 | R93: Total * | S93: =SUM(S90:S92) -> 0 | T93: Total Class Size Reduction Funds | Y93: =IF(R1=75,0,X92+X91+X90) -> 0
A94: (*Total FTE should equal total in Section 1, column (4) and should not include any additional FTE from Section 1.) | R94: (*Total FTE should equal total in Section 1, column (4) and should not include any additional FTE from Section 1.)
A95: 13. Student Transportation | F95: (h) | R95: 14. Student Transportation
C96: Oct 2024 FTE | D96: Feb 2025 FTE | E96: Average FTE | R96: Enter All Adjusted Fundable Riders | T96: =IF(I111=1,E97,0) -> 0 | W96: x | X96: =I97 -> 617 | Y96: =ROUND(X96*T96,2) -> 0
A97: Enter All Adjusted Fundable Riders | C97: 380 | D97: 359 | E97: =(C97+D97)/2 -> 369.5 | H97: x | I97: =IF(A1>67,0,INDEX('[1]Transportation Per Student'!F$1:F$65536,MATCH(A1,'[1]Transportation Per Student'!B$1:B$65536))) -> 617 | J97: =ROUND(I97*E97,2) -> 227981.5 | R97: Enter All Adjusted ESE Riders | T97: =IF(I112=1,E98,0) -> 0 | W97: x | X97: =I98 -> 1870 | Y97: =ROUND(X97*T97,2) -> 0
A98: Enter All Adjusted ESE Riders | C98: 0 | E98: =(C98+D98)/2 -> 0 | H98: x | I98: =IF(A1>67,0,INDEX('[1]Transportation Per Student'!J$1:J$65536,MATCH(A1,'[1]Transportation Per Student'!B$1:B$65536))) -> 1870 | J98: =ROUND(I98*E98,2) -> 0
A100: 14. Federally Connected Student Supplement | F100: (i) | R100: 15. Federally Connected Student Supplement
A101: Impact Aid Student Type | D101: Number of Students | G101: Exempt Property Allocation | I101: Impact Aid Student Allocation | J101: Total | R101: Impact Aid Student Type | T101: Number of Students | V101: Exempt Property Allocation | X101: Impact Aid Student Allocation | Y101: Total
A102: Military and Indian Lands | G102: =IF(E102=0,0,INDEX('[1]Detail 2025-26 FEFP Second'!V$1:V$65536,MATCH(A1,'[1]Detail 2025-26 FEFP Second'!A$1:A$65536))) -> 0 | I102: =IF(E102=0,0,'[1]Detail 2025-26 FEFP Second'!AL3) -> 0 | J102: =ROUND((I102+G102)*E102,0) -> 0 | R102: Military and Indian Lands | T102: 0 | V102: =IF(T102=0,0,INDEX('[1]Detail 2025-26 FEFP Second'!AM$1:AM$65536,MATCH(R1,'[1]Detail 2025-26 FEFP Second'!R$1:R$65536))) -> 0 | X102: =IF(T102=0,0,'[1]Detail 2025-26 FEFP Second'!BC3) -> 0 | Y102: =ROUND((X102+V102)*T102,0) -> 0
A103: Civilians on Federal Lands | G103: =ROUND(G102/2,2) -> 0 | I103: =IF(E103=0,0,ROUND('[1]Detail 2025-26 FEFP Second'!AL3/2,2)) -> 0 | J103: =ROUND((I103+G103)*E103,0) -> 0 | R103: Civilians on Federal Lands | T103: 0 | V103: =ROUND(V102/2,2) -> 0 | X103: =IF(T103=0,0,ROUND('[1]Detail 2025-26 FEFP Second'!BC3/2,2)) -> 0 | Y103: =ROUND((X103+V103)*T103,0) -> 0
...

Sheet 1571
A1: 50 | B1: (Insert district number in cell A1, enter, then strike F9. Your district data then pulls from Calculation Detail Sheets) | R1: 50 | S1: (Insert district number in cell A1, enter, then strike F9. Your district data then pulls from Calculation Detail Sheets)
A2: Revenue Estimate Worksheet: South Tech Charter Academy - 1571 | R2: =Revenue_Estimate_Worksheet_for___________Charter_School -> Revenue Estimate Worksheet: South Tech Charter Academy - 1571
A3: Based on the 2025-26 Second Calculation Worksheet | R3: Based on the 2025-26 FEFP Second Calculation
A4: School District: | D4: Palm Beach | H4: ='0040'!H4 -> 46023 | R4: School District: | T4: Palm Beach
A5: 1A. 2025-26 FEFP State and Local Funding | R5: 1A. 2025-26 FEFP State and Local Funding
A6: Base Student Allocation | E6: 5372.6 | G6: Comparable Wage Factor: | I6: =INDEX('[1]Detail 2025-26 FEFP Second'!$C$1:$C$65536,MATCH('1571'!$A$1,'[1]Detail 2025-26 FEFP Second'!$A$1:$A$65536,0)) -> 1.0355 | R6: Base Student Allocation | T6: =E6 -> 5372.6 | V6: Comparable Wage Factor: | X6: 1.0355
G7: Small District Factor | I7: =INDEX('[1]Detail 2025-26 FEFP Second'!$D$1:$D$65536,MATCH('1571'!$A$1,'[1]Detail 2025-26 FEFP Second'!$A$1:$A$65536,0)) -> 1 | V7: Small District Factor | X7: 1
J8: 2025-26 | Y8: 2025-26
C9: Oct 2024 | D9: Feb 2025 | G9: Program | I9: Weighted FTE | J9: Base Funding | V9: Program | X9: Weighted FTE | Y9: Base Funding
A10: Program | C10: FTE | D10: FTE | E10: Total FTE | G10: Cost Factor | I10: (2) x (3) | J10: (WFTE x BSA x CWF x SDF) | R10: Program | T10: Number of FTE | V10: Cost Factor | X10: (2) x (3) | Y10: (WFTE x BSA x CWF x SDF)
A11: (1) | E11: (2) | G11: (3) | I11: (4) | J11: (5) | R11: (1) | T11: (2) | V11: (3) | X11: (4) | Y11: (5)
A12: 101 Basic K-3 | E12: =IF($D$28=0,C12*2,C12+D12) -> 0 | G12: 1.108 | I12: =ROUND(E12*G12,4) -> 0 | J12: =ROUND(ROUND(ROUND(I12*$E$6,4)*($I$6),2)*(MAX($I$7,1)),2) -> 0 | R12: 101 Basic K-3 | T12: =IF($I$111=1,E12,0) -> 0 | V12: 1 | X12: =ROUND(T12*V12,4) -> 0 | Y12: =ROUND(ROUND(ROUND(X12*$E$6,4)*($I$6),2)*(MAX($I$7,1)),2) -> 0
A13: 111 Basic K-3 with ESE Services | E13: =IF($D$28=0,C13*2,C13+D13) -> 0 | G13: 1.108 | I13: =ROUND(E13*G13,4) -> 0 | J13: =ROUND(ROUND(ROUND(I13*$E$6,4)*($I$6),2)*(MAX($I$7,1)),2) -> 0 | R13: 111 Basic K-3 with ESE Services | T13: =IF($I$111=1,E13,0) -> 0 | V13: 1 | X13: =ROUND(T13*V13,4) -> 0 | Y13: =ROUND(ROUND(ROUND(X13*$E$6,4)*($I$6),2)*(MAX($I$7,1)),2) -> 0
A14: 102 Basic 4-8 | E14: =IF($D$28=0,C14*2,C14+D14) -> 0 | G14: 1 | I14: =ROUND(E14*G14,4) -> 0 | J14: =ROUND(ROUND(ROUND(I14*$E$6,4)*($I$6),2)*(MAX($I$7,1)),2) -> 0 | R14: 102 Basic 4-8 | T14: =IF($I$111=1,E14,0) -> 0 | V14: 1 | X14: =ROUND(T14*V14,4) -> 0 | Y14: =ROUND(ROUND(ROUND(X14*$E$6,4)*($I$6),2)*(MAX($I$7,1)),2) -> 0
A15: 112 Basic 4-8 with ESE Services | E15: =IF($D$28=0,C15*2,C15+D15) -> 0 | G15: 1 | I15: =ROUND(E15*G15,4) -> 0 | J15: =ROUND(ROUND(ROUND(I15*$E$6,4)*($I$6),2)*(MAX($I$7,1)),2) -> 0 | R15: 112 Basic 4-8 with ESE Services | T15: =IF($I$111=1,E15,0) -> 0 | V15: 1 | X15: =ROUND(T15*V15,4) -> 0 | Y15: =ROUND(ROUND(ROUND(X15*$E$6,4)*($I$6),2)*(MAX($I$7,1)),2) -> 0
A16: 103 Basic 9-12 | C16: 301.42 | D16: 287.95 | E16: =IF($D$28=0,C16*2,C16+D16) -> 589.37 | G16: 0.972 | I16: =ROUND(E16*G16,4) -> 572.8676 | J16: =ROUND(ROUND(ROUND(I16*$E$6,4)*($I$6),2)*(MAX($I$7,1)),2) -> 3187050 | R16: 103 Basic 9-12 | T16: =IF($I$111=1,E16,0) -> 0 | V16: 1 | X16: =ROUND(T16*V16,4) -> 0 | Y16: =ROUND(ROUND(ROUND(X16*$E$6,4)*($I$6),2)*(MAX($I$7,1)),2) -> 0
A17: 113 Basic 9-12 with ESE Services | C17: 131.08 | D17: 126.49 | E17: =IF($D$28=0,C17*2,C17+D17) -> 257.57 | G17: 0.972 | I17: =ROUND(E17*G17,4) -> 250.358 | J17: =ROUND(ROUND(ROUND(I17*$E$6,4)*($I$6),2)*(MAX($I$7,1)),2) -> 1392823.5 | R17: 113 Basic 9-12 with ESE Services | T17: =IF($I$111=1,E17,0) -> 0 | V17: 1 | X17: =ROUND(T17*V17,4) -> 0 | Y17: =ROUND(ROUND(ROUND(X17*$E$6,4)*($I$6),2)*(MAX($I$7,1)),2) -> 0
A18: 254 ESE Level 4 (Grade Level PK-3) | E18: =IF($D$28=0,C18*2,C18+D18) -> 0 | G18: 3.609 | I18: =ROUND(E18*G18,4) -> 0 | J18: =ROUND(ROUND(ROUND(I18*$E$6,4)*($I$6),2)*(MAX($I$7,1)),2) -> 0 | R18: 254 ESE Level 4 (Grade Level PK-3) | T18: =IF($I$111=1,E18,0) -> 0 | V18: 1 | X18: =ROUND(T18*V18,4) -> 0 | Y18: =ROUND(ROUND(ROUND(X18*$E$6,4)*($I$6),2)*(MAX($I$7,1)),2) -> 0
A19: 254 ESE Level 4 (Grade Level 4-8) | E19: =IF($D$28=0,C19*2,C19+D19) -> 0 | G19: 3.609 | I19: =ROUND(E19*G19,4) -> 0 | J19: =ROUND(ROUND(ROUND(I19*$E$6,4)*($I$6),2)*(MAX($I$7,1)),2) -> 0 | R19: 254 ESE Level 4 (Grade Level 4-8) | T19: =IF($I$111=1,E19,0) -> 0 | V19: 1 | X19: =ROUND(T19*V19,4) -> 0 | Y19: =ROUND(ROUND(ROUND(X19*$E$6,4)*($I$6),2)*(MAX($I$7,1)),2) -> 0
A20: 254 ESE Level 4 (Grade Level 9-12) | E20: =IF($D$28=0,C20*2,C20+D20) -> 0 | G20: 3.609 | I20: =ROUND(E20*G20,4) -> 0 | J20: =ROUND(ROUND(ROUND(I20*$E$6,4)*($I$6),2)*(MAX($I$7,1)),2) -> 0 | R20: 254 ESE Level 4 (Grade Level 9-12) | T20: =IF($I$111=1,E20,0) -> 0 | V20: 1 | X20: =ROUND(T20*V20,4) -> 0 | Y20: =ROUND(ROUND(ROUND(X20*$E$6,4)*($I$6),2)*(MAX($I$7,1)),2) -> 0
A21: 255 ESE Level 5 (Grade Level PK-3) | E21: =IF($D$28=0,C21*2,C21+D21) -> 0 | G21: 6.064 | I21: =ROUND(E21*G21,4) -> 0 | J21: =ROUND(ROUND(ROUND(I21*$E$6,4)*($I$6),2)*(MAX($I$7,1)),2) -> 0 | R21: 255 ESE Level 5 (Grade Level PK-3) | T21: =IF($I$111=1,E21,0) -> 0 | V21: 1 | X21: =ROUND(T21*V21,4) -> 0 | Y21: =ROUND(ROUND(ROUND(X21*$E$6,4)*($I$6),2)*(MAX($I$7,1)),2) -> 0
A22: 255 ESE Level 5 (Grade Level 4-8) | E22: =IF($D$28=0,C22*2,C22+D22) -> 0 | G22: 6.064 | I22: =ROUND(E22*G22,4) -> 0 | J22: =ROUND(ROUND(ROUND(I22*$E$6,4)*($I$6),2)*(MAX($I$7,1)),2) -> 0 | R22: 255 ESE Level 5 (Grade Level 4-8) | T22: =IF($I$111=1,E22,0) -> 0 | V22: 1 | X22: =ROUND(T22*V22,4) -> 0 | Y22: =ROUND(ROUND(ROUND(X22*$E$6,4)*($I$6),2)*(MAX($I$7,1)),2) -> 0
A23: 255 ESE Level 5 (Grade Level 9-12) | E23: =IF($D$28=0,C23*2,C23+D23) -> 0 | G23: 6.064 | I23: =ROUND(E23*G23,4) -> 0 | J23: =ROUND(ROUND(ROUND(I23*$E$6,4)*($I$6),2)*(MAX($I$7,1)),2) -> 0 | R23: 255 ESE Level 5 (Grade Level 9-12) | T23: =IF($I$111=1,E23,0) -> 0 | V23: 1 | X23: =ROUND(T23*V23,4) -> 0 | Y23: =ROUND(ROUND(ROUND(X23*$E$6,4)*($I$6),2)*(MAX($I$7,1)),2) -> 0
A24: 130 ESOL (Grade Level PK-3) | E24: =IF($D$28=0,C24*2,C24+D24) -> 0 | G24: 1.165 | I24: =ROUND(E24*G24,4) -> 0 | J24: =ROUND(ROUND(ROUND(I24*$E$6,4)*($I$6),2)*(MAX($I$7,1)),2) -> 0 | R24: 130 ESOL (Grade Level PK-3) | T24: =IF($I$111=1,E24,0) -> 0 | V24: 1 | X24: =ROUND(T24*V24,4) -> 0 | Y24: =ROUND(ROUND(ROUND(X24*$E$6,4)*($I$6),2)*(MAX($I$7,1)),2) -> 0
A25: 130 ESOL (Grade Level 4-8) | E25: =IF($D$28=0,C25*2,C25+D25) -> 0 | G25: 1.165 | I25: =ROUND(E25*G25,4) -> 0 | J25: =ROUND(ROUND(ROUND(I25*$E$6,4)*($I$6),2)*(MAX($I$7,1)),2) -> 0 | R25: 130 ESOL (Grade Level 4-8) | T25: =IF($I$111=1,E25,0) -> 0 | V25: 1 | X25: =ROUND(T25*V25,4) -> 0 | Y25: =ROUND(ROUND(ROUND(X25*$E$6,4)*($I$6),2)*(MAX($I$7,1)),2) -> 0
A26: 130 ESOL (Grade Level 9-12) | C26: 2.36 | D26: 1.34 | E26: =IF($D$28=0,C26*2,C26+D26) -> 3.7 | G26: 1.165 | I26: =ROUND(E26*G26,4) -> 4.3105 | J26: =ROUND(ROUND(ROUND(I26*$E$6,4)*($I$6),2)*(MAX($I$7,1)),2) -> 23980.72 | R26: 130 ESOL (Grade Level 9-12) | T26: =IF($I$111=1,E26,0) -> 0 | V26: 1 | X26: =ROUND(T26*V26,4) -> 0 | Y26: =ROUND(ROUND(ROUND(X26*$E$6,4)*($I$6),2)*(MAX($I$7,1)),2) -> 0
A27: 300 Career Education (Grades 9-12) | C27: 120.66 | D27: 125.93 | E27: =IF($D$28=0,C27*2,C27+D27) -> 246.59 | G27: 1.081 | I27: =ROUND(E27*G27,4) -> 266.5638 | J27: =ROUND(ROUND(ROUND(I27*$E$6,4)*($I$6),2)*(MAX($I$7,1)),2) -> 1482981.7 | R27: 300 Career Education (Grades 9-12) | T27: =IF($I$111=1,E27,0) -> 0 | V27: 1 | X27: =ROUND(T27*V27,4) -> 0 | Y27: =ROUND(ROUND(ROUND(X27*$E$6,4)*($I$6),2)*(MAX($I$7,1)),2) -> 0
A28: Totals | C28: =SUM(C12:C27) -> 555.52 | D28: =SUM(D12:D27) -> 541.71 | E28: =SUM(E12:E27) -> 1097.23 | I28: =SUM(I12:I27) -> 1094.0999 | J28: =SUM(J12:J27) -> 6086835.8 | R28: Totals | T28: =SUM(T12:T27) -> 0 | X28: =SUM(X12:X27) -> 0 | Y28: =SUM(Y12:Y27) -> 0
A29: Letters in Parentheses Refer to Notes at Bottom of Worksheet: | R29: Letters in Parentheses Refer to Notes at Bottom of Worksheet:
A30: Additional FTE | E30: Number of FTE Charter schools should contact their school district sponsor regarding eligible FTE. Please note that “Number of FTE” is NOT equivalent to number of students enrolled in these courses or programs. | J30: 2025-26 Base Funding (WFTE x BSA x CWF x SDF) | R30: Additional FTE | T30: Number of FTE Charter schools should contact their school district sponsor regarding eligible FTE. Please note that “Number of FTE” is NOT equivalent to number of students enrolled in these courses or programs. Please refer to footnote (a) below. | Y30: 2025-26 Base Funding (WFTE x BSA x CWF x SDF)
A31: Small District ESE Supplement | J31: =ROUND(ROUND(ROUND(I31*$E$6,4)*($I$6),0)*(MAX($I$7,1)),0) -> 0 | R31: Small District ESE Supplement | T31: =IF('[1]All charter school calculator'!X109=1,'[1]All charter school calculator'!X31,0) -> #REF! | Y31: =J31 -> 0
A32: Total Additional FTE | G32: =SUM(I31:I31) -> 0 | H32: Additional Base Funds | J32: =SUM(J31:J31) -> 0 | R32: Total Additional FTE | V32: =SUM(T31:V31) -> #REF! | W32: Additional Base Funds | Y32: =SUM(Y31:Y31) -> 0
A33: Total Funded Weighted FTE | G33: =G32+I28 -> 1094.0999 | H33: Total Base Funding | J33: =SUM(J32,J28) -> 6086835.8 | R33: Total Funded Weighted FTE | V33: =V32+X28 -> #REF! | W33: Total Base Funding | Y33: =SUM(Y32,Y28) -> 0
A35: 1B. Classroom Teacher and Other Instructional Personnel Salary Increase Maintenance and Growth Portions of the Salary Increase funds are part of the total Conference Base Funding and are not treated as a separate allocation. Amounts are split out here for informative purposes and for the purposes of providing a total that may be used for calculating the adminstrative fee. | R35: 1B. Classroom Teacher and Other Instructional Personnel Salary Increase Maintenance and Growth Portions of the Salary Increase funds are part of the total Conference Base Funding and are not treated as a separate allocation. Amounts are split out here for informative purposes and for the purposes of providing a total that may be used for calculating the adminstrative fee.
A36: Maintenance Portion (6.67% of Conference Base Funding) | F36: (a) | G36: 6179477.5 | H36: X | I36: 0.0667 | J36: =ROUND(G36*I36,2) -> 412171.15 | R36: Maintenance Portion (6.67% of Conference Base Funding) | V36: 0 | W36: X | X36: 0.0667 | Y36: =ROUND(V36*X36,2) -> 0
A37: Growth Portion (0.54% of Conference Base Funding) | F37: (a) | G37: 6179477.5 | H37: X | I37: 0.0054 | J37: =ROUND(G37*I37,2) -> 33369.18 | R37: Growth Portion (0.54% of Conference Base Funding) | V37: 0 | W37: X | X37: 0.0054 | Y37: =ROUND(V37*X37,2) -> 0
A38: Total Salary Increase Allocation | J38: =SUM(J36:J37) -> 445540.33 | R38: Total Salary Increase Allocation | Y38: =Y36+Y37 -> 0
A40: 2. ESE Guaranteed Allocation: | C40: Oct 2024 FTE | D40: Feb 2025 FTE | E40: Total FTE | G40: Grade Level | H40: Matrix Level | I40: Guarantee Per Student | R40: 2. ESE Guaranteed Allocation: | T40: FTE | V40: Grade Level | W40: Matrix Level | X40: Guarantee Per Student
A41: Additional Funding from the ESE Guaranteed Allocation. Enter the FTE from 111,112 and 113 by grade and matrix level. Students who do not have a matrix level should be considered 251. This total should equal all FTE from programs 111, 112 and 113 above, less any 113 gifted FTE. | C41: 0 | D41: 0 | E41: =IF($D$50=0,C41*2,C41+D41) -> 0 | G41: PK-3 | H41: 251 | I41: =INDEX('[1]111-112-113 ADDITIONAL FUND'!D$1:D$65536,MATCH($A$1,'[1]111-112-113 ADDITIONAL FUND'!A$1:A$65536)) -> 1047 | J41: =ROUND(E41*I41,2) -> 0 | R41: Additional Funding from the ESE Guaranteed Allocation. Enter the FTE from 111,112, & 113 by grade and matrix level. Students who do not have a matrix level should be considered 251. This total should equal all FTE from programs 111, 112 & 113 above. | V41: PK-3 | W41: 251 | X41: =I41 -> 1047 | Y41: =ROUND(T41*X41,2) -> 0
C42: 0 | D42: 0 | E42: =IF($D$50=0,C42*2,C42+D42) -> 0 | G42: PK-3 | H42: 252 | I42: =INDEX('[1]111-112-113 ADDITIONAL FUND'!E$1:E$65536,MATCH($A$1,'[1]111-112-113 ADDITIONAL FUND'!A$1:A$65536)) -> 3380 | J42: =ROUND(E42*I42,2) -> 0 | V42: PK-3 | W42: 252 | X42: =I42 -> 3380 | Y42: =ROUND(T42*X42,2) -> 0
C43: 0 | D43: 0 | E43: =IF($D$50=0,C43*2,C43+D43) -> 0 | G43: PK-3 | H43: 253 | I43: =INDEX('[1]111-112-113 ADDITIONAL FUND'!F$1:F$65536,MATCH($A$1,'[1]111-112-113 ADDITIONAL FUND'!A$1:A$65536)) -> 6896 | J43: =ROUND(E43*I43,2) -> 0 | V43: PK-3 | W43: 253 | X43: =I43 -> 6896 | Y43: =ROUND(T43*X43,2) -> 0
C44: 0 | D44: 0 | E44: =IF($D$50=0,C44*2,C44+D44) -> 0 | G44: 4-8 | H44: 251 | I44: =INDEX('[1]111-112-113 ADDITIONAL FUND'!G$1:G$65536,MATCH($A$1,'[1]111-112-113 ADDITIONAL FUND'!A$1:A$65536)) -> 1173 | J44: =ROUND(E44*I44,2) -> 0 | V44: 4-8 | W44: 251 | X44: =I44 -> 1173 | Y44: =ROUND(T44*X44,2) -> 0
C45: 0 | D45: 0 | E45: =IF($D$50=0,C45*2,C45+D45) -> 0 | G45: 4-8 | H45: 252 | I45: =INDEX('[1]111-112-113 ADDITIONAL FUND'!H$1:H$65536,MATCH($A$1,'[1]111-112-113 ADDITIONAL FUND'!A$1:A$65536)) -> 3506 | J45: =ROUND(E45*I45,2) -> 0 | V45: 4-8 | W45: 252 | X45: =I45 -> 3506 | Y45: =ROUND(T45*X45,2) -> 0
